Workbook

Sheet Equity
A1: Dashboard as on 31/12/2023
A2: Scheme Name | B2: LIC MF Flexi Cap Fund | H2: LIC MF Large Cap Fund | N2: LIC MF Large & Mid Cap Fund | T2: LIC MF Banking and Financial Services Fund | Z2: LIC MF Infrastructure Fund | AF2: LIC MF ELSS Tax Saver (ERSTWHILE LIC MF ELSS) | AL2: LIC MF Multi Cap Fund | AR2: LIC MF Dividend Yield Fund (ERSTWHILE IDBI DIVIDEND YIELD FUND) | AX2: LIC MF Focused 30 Equity Fund (ERSTWHILE IDBI FOCUSED 30 EQUITY FUND) | BD2: LIC MF Mid cap Fund (ERSTWHILE IDBI MIDCAP FUND) | BJ2: LIC MF Healthcare Fund (ERSTWHILE IDBI HEALTHCARE FUND) | BP2: LIC MF Small Cap Fund (ERSTWHILE IDBI SMALL CAP FUND) | BV2: LIC MF Long Term Value Fund (ERSTWHILE IDBI LONG TERM VALUE FUND)
A4: Date of Allotment - Regular | B4: 15.04.1993 | H4: 01.09.1994 | N4: 25.02.2015 | T4: 27.03.2015 | Z4: 24.03.2008 | AF4: 31.03.1997 | AL4: 31.10.2022 | AR4: 21.12.2018 | AX4: 17.11.2017 | BD4: 25.01.2017 | BJ4: 28.02.2019 | BP4: 21.06.2017 | BV4: 20.08.2018
A5: Date of Allotment - Direct | B5: 01.01.2013 | H5: 01.01.2013 | N5: 25.02.2015 | T5: 27.03.2015 | Z5: 01.01.2013 | AF5: 01.01.2013 | AL5: 31.10.2022 | AR5: 21.12.2018 | AX5: 17.11.2017 | BD5: 25.01.2017 | BJ5: 28.02.2019 | BP5: 21.06.2017 | BV5: 20.08.2018
A7: AUM (in Rs. crore) | B7: 938.15 | H7: 1379.66 | N7: 2471.88 | T7: 308.02 | Z7: 157.39 | AF7: 1021.2 | AL7: 811.91 | AR7: 103.88 | AX7: 133.31 | BD7: 236.04 | BJ7: 54.86 | BP7: 193.61 | BV7: 102.72
A10: Investment Objective | B10: The main investment objective of the scheme is to provide capital growth by investing across Large, Mid & Small Cap stocks. The investment portfolio of the scheme will be constantly monitored and reviewed to optimise capital growth. However, there is no assurance that the investment objective of the Schemes will be realized. | H10: To achieve long term capital appreciation by investing in diversified portfolio predominantly consisting of equity and equity related securities of Large Cap companies including derivatives. However thee can be no assurance that the investment objective of the scheme will be achieved. | N10: To generate long term capital appreciation by investing substantially in a portfolio of equity and equity linked instruments of large cap and midcap companies. | T10: The investment objective of the scheme is to generate long-term capital appreciation for unit holders from a portfolio that in invested substantially in equity and equity related securities of companies engaged in banking and financial services sector. However there can be no assurance that the investment objective of the scheme will be achieved. | Z10: The investment objective of the scheme is to generate long-term growth from a portfolio of equity / equity related instruments of companies engaged either directly or indirectly in the infrastructure sector. However, there is no assurance that the investment objective of the Schemes will be realized. | AF10: To provide capital growth along with tax rebate and tax relief to our investors through prudent investments in the stock markets. An open ended equity linked tax saving Scheme which offers investors the opportunity to seek Tax rebate u/s 80C of the Income Tax Act 1961. However, there is no assurance that the investment objective of the Schemes will be realized. | AL10: The investment objective of the scheme is to generate long term capital appreciation by investing in a diversified portfolio of equity & equity related instruments across large cap, mid cap and small cap stocks. However, there is no assurance that the investment objective of the Scheme will be realized. | AR10: The Investment objective of the Scheme is to provide long term capital appreciation and/or Income Distribution cum capital withdrawal (IDCW) distribution by investing predominantly in dividend yielding equity and equity related instruments. However there can be no assurance that the investment objective under the scheme will be realized. | AX10: The investment objective of the Scheme is to provide long term capital appreciation by investing in concentrated portfolio of large cap focused equity and equity related instruments of up to 30 companies and balance in debt and money market instruments. However there can be no assurance that the investment objective of the Scheme will be realized. | BD10: The objective of the scheme is to provide investors with the opportunities for long-term capital appreciation by investing predominantly in Equity and Equity related instruments of Midcap Companies. However, there can be no assurance that the investment objective under the scheme will be realized. | BJ10: The objective of the Scheme is to achieve long term capital appreciation by predominantly investing in equity and equity related instruments of companies engaged in Healthcare and Allied sectors. However there can be no assurance that the investment objective under the Scheme will be realized. | BP10: The Investment objective of the scheme is to provide investors with the opportunities for long-term capital appreciation by investing predominantly in Equity and Equity related instruments of Small Cap Companies. However, there can be no assurance that the investment objective under the Scheme will be realized. | BV10: The Investment Objective of the Scheme is to generate long-term capital appreciation along with regular income by investing predominantly in equity and equity related instruments by following value investing strategy. However, there can be no assurance that the investment objective of the Scheme will be realized.
A12: Fund Manager | B12: Mr. Jaiprakash Toshniwal (managing since 31/07/23) | H12: Mr. Yogesh Patil (managing since 18/09/20) & Mr. Sumit Bhatnagar (Co- fund manager, managing since 03/10/23) | N12: Mr. Yogesh Patil (managing since 18/09/20) & Mr. Dikshit Mittal (Co Fund Manager, managing since 01/06/23) | T12: Mr. Jaiprakash Toshniwal (managing since 06/09/21) | Z12: Mr. Yogesh Patil (managing since 18/09/20) | AF12: Mr. Dikshit Mittal (managing since 31/07/23) / Mr. Karan Doshi (Co Fund Manager, managing since 31/07/23) | AL12: Mr. Yogesh Patil (managing since 31/10/22) & Mr. Dikshit Mittal (Co Fund Manager, managing since 01/12/22 ) | AR12: Mr.Dikshit Mittal (managing since 31/07/23) | AX12: Mr. Jaiprakash Toshniwal (managing since 31/07/23) | BD12: Mr. Karan Doshi (managing since 31/07/23) | BJ12: Mr. Karan Doshi (managing since 31/07/23) | BP12: Mr. Yogesh Patil (managing since 31/07/23) & Mr. Dikhshit Mittal (managing since 31/07/23) | BV12: Mr. Karan Doshi (managing since 31/07/23) & Mr. Jaiprakash Toshniwal (managing since 31/07/23)
A14: Annual Portfolio Turnover Ratio (in times) | B14: 1.4143874 | H14: 0.72691387 | N14: 0.9802401 | T14: 0.50581381 | Z14: 0.63118274 | AF14: 0.45745864 | AL14: 0.54273999 | AR14: 0.22628399 | AX14: 0.94121848 | BD14: 0.36845873 | BJ14: 0.23201257 | BP14: 0.59543672 | BV14: 0.2082658
A16: Total Expense Ratio (Weighted Average for the month) Excluding Goods and Service Tax on Management Fees
B17: Regular | E17: Direct | H17: Regular | K17: Direct | N17: Regular | Q17: Direct | T17: Regular | W17: Direct | Z17: Regular | AC17: Direct | AF17: Regular | AI17: Direct | AL17: Regular | AO17: Direct | AR17: Regular | AU17: Direct | AX17: Regular | BA17: Direct | BD17: Regular | BG17: Direct | BJ17: Regular | BM17: Direct | BP17: Regular | BS17: Direct | BV17: Regular | BY17: Direct
A18: Base TER (%)@ | B18: 2.08 | E18: 1.31 | H18: 1.98 | K18: 0.93 | N18: 1.85 | Q18: 0.64 | T18: 2.25 | W18: 0.95 | Z18: 2.25 | AC18: 1.23 | AF18: 2.06 | AI18: 1.06 | AL18: 2.13 | AO18: 0.48 | AR18: 2.24 | AU18: 1.2 | AX18: 2.24 | BA18: 1.3 | BD18: 2.23 | BG18: 1.31 | BJ18: 2.24 | BM18: 1.01 | BP18: 2.24 | BS18: 1.27 | BV18: 2.24 | BY18: 1.34
A19: Additional expense as per Regulation 52(6A)(b) (%)# | B19: 0 | E19: 0 | H19: 0 | K19: 0 | N19: 0 | Q19: 0 | T19: 0 | W19: 0 | Z19: 0 | AC19: 0 | AF19: 0 | AI19: 0 | AL19: 0 | AO19: 0 | AR19: 0 | AU19: 0 | AX19: 0 | BA19: 0 | BD19: 0 | BG19: 0 | BJ19: 0 | BM19: 0 | BP19: 0 | BS19: 0 | BV19: 0 | BY19: 0
A20: Additional expense as per Regulation 52(6A)(c) (%)$ | B20: 0.05 | E20: 0.05 | H20: 0.05 | K20: 0.05 | N20: 0.05 | Q20: 0.05 | T20: 0.05 | W20: 0.05 | Z20: 0.05 | AC20: 0.05 | AF20: 0 | AI20: 0 | AL20: 0.05 | AO20: 0.05 | AR20: 0.05 | AU20: 0.05 | AX20: 0.05 | BA20: 0.05 | BD20: 0.05 | BG20: 0.05 | BJ20: 0.05 | BM20: 0.05 | BP20: 0.05 | BS20: 0.05 | BV20: 0.05 | BY20: 0.05
A21: GST (%)^ | B21: 0.21 | E21: 0.2 | H21: 0.14 | K21: 0.13 | N21: 0.08 | Q21: 0.08 | T21: 0.21 | W21: 0.2 | Z21: 0.22 | AC21: 0.21 | AF21: 0.16 | AI21: 0.16 | AL21: 0.07 | AO21: 0.07 | AR21: 0.2 | AU21: 0.19 | AX21: 0.22 | BA21: 0.21 | BD21: 0.22 | BG21: 0.21 | BJ21: 0.15 | BM21: 0.15 | BP21: 0.21 | BS21: 0.21 | BV21: 0.22 | BY21: 0.21
A22: Total TER (%) | B22: =SUM(B18:D21) -> 2.34 | E22: =SUM(E18:G21) -> 1.56 | H22: =SUM(H18:J21) -> 2.17 | K22: =SUM(K18:M21) -> 1.11 | N22: =SUM(N18:P21) -> 1.98 | Q22: =SUM(Q18:S21) -> 0.77 | T22: =SUM(T18:V21) -> 2.51 | W22: =SUM(W18:Y21) -> 1.2 | Z22: =SUM(Z18:AB21) -> 2.52 | AC22: =SUM(AC18:AE21) -> 1.49 | AF22: =SUM(AF18:AH21) -> 2.22 | AI22: =SUM(AI18:AK21) -> 1.22 | AL22: =SUM(AL18:AN21) -> 2.25 | AO22: =SUM(AO18:AQ21) -> 0.6 | AR22: =SUM(AR18:AT21) -> 2.49 | AU22: =SUM(AU18:AW21) -> 1.44 | AX22: =SUM(AX18:AZ21) -> 2.51 | BA22: =SUM(BA18:BC21) -> 1.56 | BD22: =SUM(BD18:BF21) -> 2.5 | BG22: =SUM(BG18:BI21) -> 1.57 | BJ22: =SUM(BJ18:BL21) -> 2.44 | BM22: =SUM(BM18:BO21) -> 1.21 | BP22: =SUM(BP18:BR21) -> 2.5 | BS22: =SUM(BS18:BU21) -> 1.53 | BV22: =SUM(BV18:BX21) -> 2.51 | BY22: =SUM(BY18:CA21) -> 1.6
A24: Portfolio (Top 10 Holdings) | B24: Name of the issuer | E24: % of Scheme | H24: Name of the issuer | K24: % of Scheme | N24: Name of the issuer | Q24: % of Scheme | T24: Name of the issuer | W24: % of Scheme | Z24: Name of the issuer | AC24: % of Scheme | AF24: Name of the issuer | AI24: % of Scheme | AL24: Name of the issuer | AO24: % of Scheme | AR24: Name of the issuer | AU24: % of Scheme | AX24: Name of the issuer | BA24: % of Scheme | BD24: Name of the issuer | BG24: % of Scheme | BJ24: Name of the issuer | BM24: % of Scheme | BP24: Name of the issuer | BS24: % of Scheme | BV24: Name of the issuer | BY24: % of Scheme
B25: HDFC Bank Ltd. | E25: 8.9257 | H25: HDFC Bank Ltd. | I25: HDFC Bank Ltd. | J25: HDFC Bank Ltd. | K25: 9.9593 | N25: HDFC Bank Ltd. | O25: HDFC Bank Ltd. | P25: HDFC Bank Ltd. | Q25: 5.8843 | T25: HDFC Bank Ltd. | U25: HDFC Bank Ltd. | V25: HDFC Bank Ltd. | W25: 24.2038 | Z25: Bharat Bijlee Ltd. | AA25: Transport Corporation Of India Ltd. | AB25: Transport Corporation Of India Ltd. | AC25: 4.828 | AF25: HDFC Bank Ltd. | AG25: HDFC Bank Ltd. | AH25: HDFC Bank Ltd. | AI25: 7.7486 | AL25: HDFC Bank Ltd. | AM25: HDFC Bank Ltd. | AN25: HDFC Bank Ltd. | AO25: 4.4398 | AR25: Infosys Ltd. | AS25: Infosys Ltd. | AT25: Infosys Ltd. | AU25: 6.8277 | AX25: HDFC Bank Ltd. | AY25: HDFC Bank Ltd. | AZ25: HDFC Bank Ltd. | BA25: 9.3758 | BD25: UNO Minda Ltd. | BE25: UNO Minda Ltd. | BF25: UNO Minda Ltd. | BG25: 4.2551 | BJ25: Sun Pharmaceutical Industries Ltd. | BK25: Sun Pharmaceutical Industries Ltd. | BL25: Sun Pharmaceutical Industries Ltd. | BM25: 14.3271 | BP25: Garware Hi-Tech Films Ltd. | BQ25: Garware Hi-Tech Films Ltd. | BR25: Garware Hi-Tech Films Ltd. | BS25: 4.4712 | BV25: State Bank of India | BW25: HDFC Bank Ltd. | BX25: HDFC Bank Ltd. | BY25: 8.215
B26: ICICI Bank Ltd. | E26: 7.8078 | H26: ICICI Bank Ltd. | I26: ICICI Bank Ltd. | J26: ICICI Bank Ltd. | K26: 8.9492 | N26: ICICI Bank Ltd. | O26: ICICI Bank Ltd. | P26: ICICI Bank Ltd. | Q26: 5.0221 | T26: ICICI Bank Ltd. | U26: ICICI Bank Ltd. | V26: ICICI Bank Ltd. | W26: 15.4522 | Z26: Transport Corporation Of India Ltd. | AA26: Kennametal India Ltd. | AB26: Kennametal India Ltd. | AC26: 4.7889 | AF26: ICICI Bank Ltd. | AG26: ICICI Bank Ltd. | AH26: ICICI Bank Ltd. | AI26: 7.4254 | AL26: Power Finance Corporation Ltd. | AM26: Power Finance Corporation Ltd. | AN26: Power Finance Corporation Ltd. | AO26: 3.7695 | AR26: NTPC Ltd. | AS26: NTPC Ltd. | AT26: NTPC Ltd. | AU26: 5.1454 | AX26: Hindustan Unilever Ltd. | AY26: ICICI Bank Ltd. | AZ26: ICICI Bank Ltd. | BA26: 6.0923 | BD26: Trent Ltd. | BE26: Trent Ltd. | BF26: Trent Ltd. | BG26: 3.8019 | BJ26: Dr. Reddy's Laboratories Ltd. | BK26: Apollo Hospitals Enterprise Ltd. | BL26: Apollo Hospitals Enterprise Ltd. | BM26: 7.7695 | BP26: KEI Industries Ltd. | BQ26: BSE Ltd. | BR26: BSE Ltd. | BS26: 3.5313 | BV26: HDFC Bank Ltd. | BW26: State Bank of India | BX26: State Bank of India | BY26: 7.8648
B27: State Bank of India | E27: 5.6302 | H27: Reliance Industries Ltd. | I27: Reliance Industries Ltd. | J27: Reliance Industries Ltd. | K27: 6.0297 | N27: REC Ltd. | O27: REC Ltd. | P27: REC Ltd. | Q27: 3.2819 | T27: State Bank of India | U27: State Bank of India | V27: State Bank of India | W27: 9.6448 | Z27: Kennametal India Ltd. | AA27: KSB Ltd. | AB27: KSB Ltd. | AC27: 4.3972 | AF27: Axis Bank Ltd. | AG27: Axis Bank Ltd. | AH27: Axis Bank Ltd. | AI27: 3.953 | AL27: ICICI Bank Ltd. | AM27: ICICI Bank Ltd. | AN27: ICICI Bank Ltd. | AO27: 3.7474 | AR27: ICICI Bank Ltd. | AS27: ICICI Bank Ltd. | AT27: ICICI Bank Ltd. | AU27: 4.9851 | AX27: State Bank of India | AY27: Avenue Supermarts Ltd. | AZ27: Avenue Supermarts Ltd. | BA27: 5.9874 | BD27: ICICI Bank Ltd. | BE27: ICICI Bank Ltd. | BF27: ICICI Bank Ltd. | BG27: 3.1531 | BJ27: Apollo Hospitals Enterprise Ltd. | BK27: Dr. Reddy's Laboratories Ltd. | BL27: Dr. Reddy's Laboratories Ltd. | BM27: 7.6417 | BP27: Kennametal India Ltd. | BQ27: Kennametal India Ltd. | BR27: Kennametal India Ltd. | BS27: 3.4825 | BV27: ICICI Bank Ltd. | BW27: ICICI Bank Ltd. | BX27: ICICI Bank Ltd. | BY27: 6.1838
B28: Hindustan Unilever Ltd. | E28: 4.6054 | H28: State Bank of India | I28: State Bank of India | J28: State Bank of India | K28: 4.9633 | N28: Power Finance Corporation Ltd. | O28: Infosys Ltd. | P28: Infosys Ltd. | Q28: 2.8268 | T28: Axis Bank Ltd. | U28: Axis Bank Ltd. | V28: Axis Bank Ltd. | W28: 7.3055 | Z28: REC Ltd. | AA28: REC Ltd. | AB28: REC Ltd. | AC28: 4.3444 | AF28: State Bank of India | AG28: Infosys Ltd. | AH28: Infosys Ltd. | AI28: 3.3072 | AL28: State Bank of India | AM28: State Bank of India | AN28: State Bank of India | AO28: 2.3875 | AR28: Tata Consultancy Services Ltd. | AS28: Tata Consultancy Services Ltd. | AT28: Tata Consultancy Services Ltd. | AU28: 4.6024 | AX28: ICICI Bank Ltd. | AY28: The Federal Bank Ltd. | AZ28: The Federal Bank Ltd. | BA28: 5.9313 | BD28: Bharat Electronics Ltd. | BE28: Coforge Ltd. | BF28: Coforge Ltd. | BG28: 3.0694 | BJ28: JB Chemicals & Pharmaceuticals Ltd. | BK28: JB Chemicals & Pharmaceuticals Ltd. | BL28: JB Chemicals & Pharmaceuticals Ltd. | BM28: 6.9401 | BP28: BSE Ltd. | BQ28: Grindwell Norton Ltd. | BR28: Grindwell Norton Ltd. | BS28: 3.4489 | BV28: Reliance Industries Ltd. | BW28: Reliance Industries Ltd. | BX28: Reliance Industries Ltd. | BY28: 5.5743
B29: Bajaj Finance Ltd. | E29: 3.3447 | H29: Larsen & Toubro Ltd. | I29: Infosys Ltd. | J29: Infosys Ltd. | K29: 4.4075 | N29: Reliance Industries Ltd. | O29: Power Finance Corporation Ltd. | P29: Power Finance Corporation Ltd. | Q29: 2.2517 | T29: The Federal Bank Ltd. | U29: The Federal Bank Ltd. | V29: The Federal Bank Ltd. | W29: 5.2568 | Z29: Ultratech Cement Ltd. | AA29: Ultratech Cement Ltd. | AB29: Ultratech Cement Ltd. | AC29: 4.1967 | AF29: Infosys Ltd. | AG29: State Bank of India | AH29: State Bank of India | AI29: 3.1332 | AL29: Reliance Industries Ltd. | AO29: 2.0262 | AR29: Power Grid Corporation of India Ltd. | AS29: Power Grid Corporation of India Ltd. | AT29: Power Grid Corporation of India Ltd. | AU29: 4.1376 | AX29: Tech Mahindra Ltd. | AY29: Hindustan Unilever Ltd. | AZ29: Hindustan Unilever Ltd. | BA29: 5.3044 | BD29: Coforge Ltd. | BE29: P I INDUSTRIES LIMITED | BF29: P I INDUSTRIES LIMITED | BG29: 3.0369 | BJ29: Piramal Pharma Ltd. | BK29: Piramal Pharma Ltd. | BL29: Piramal Pharma Ltd. | BM29: 6.3742 | BP29: Kirloskar Oil Engines Ltd. | BQ29: KEI Industries Ltd. | BR29: KEI Industries Ltd. | BS29: 3.0146 | BV29: Infosys Ltd. | BW29: VARUN BEVERAGES LIMITED | BX29: VARUN BEVERAGES LIMITED | BY29: 4.5894
B30: The Federal Bank Ltd. | E30: 2.9134 | H30: ITC Ltd. | I30: ITC Ltd. | J30: ITC Ltd. | K30: 4.1836 | N30: Infosys Ltd. | O30: Shriram Finance Ltd. | P30: Shriram Finance Ltd. | Q30: 2.2511 | T30: Creditaccess Grameen Ltd. | U30: Creditaccess Grameen Ltd. | V30: Creditaccess Grameen Ltd. | W30: 3.764 | Z30: KSB Ltd. | AA30: TD Power Systems Ltd. | AB30: TD Power Systems Ltd. | AC30: 3.9453 | AF30: Cholamandalam Investment & Fin Co Ltd. | AG30: Cholamandalam Investment & Fin Co Ltd. | AH30: Cholamandalam Investment & Fin Co Ltd. | AI30: 3.057 | AL30: Grasim Industries Ltd. | AO30: 1.9302 | AR30: Bharat Electronics Ltd. | AS30: Bharat Electronics Ltd. | AT30: Bharat Electronics Ltd. | AU30: 4.0454 | AX30: ITC Ltd. | AY30: State Bank of India | AZ30: State Bank of India | BA30: 5.2379 | BD30: The Federal Bank Ltd. | BE30: The Federal Bank Ltd. | BF30: The Federal Bank Ltd. | BG30: 2.8669 | BJ30: Divi's Laboratories Ltd. | BK30: Divi's Laboratories Ltd. | BL30: Divi's Laboratories Ltd. | BM30: 5.9097 | BP30: Texmaco Rail & Engineering Ltd. | BQ30: Kirloskar Oil Engines Ltd. | BR30: Kirloskar Oil Engines Ltd. | BS30: 2.8999 | BV30: VARUN BEVERAGES LIMITED | BW30: Infosys Ltd. | BX30: Infosys Ltd. | BY30: 3.9595
B31: Samvardhana Motherson International Ltd. | E31: 2.7795 | H31: Infosys Ltd. | I31: Larsen & Toubro Ltd. | J31: Larsen & Toubro Ltd. | K31: 3.9879 | N31: Shriram Finance Ltd. | O31: Reliance Industries Ltd. | P31: Reliance Industries Ltd. | Q31: 2.2293 | T31: L&T Finance Holdings Ltd. | U31: L&T Finance Holdings Ltd. | V31: L&T Finance Holdings Ltd. | W31: 3.6667 | Z31: Texmaco Rail & Engineering Ltd. | AA31: Pitti Engineering Ltd. | AB31: Pitti Engineering Ltd. | AC31: 3.6502 | AF31: Trent Ltd. | AG31: P I INDUSTRIES LIMITED | AH31: P I INDUSTRIES LIMITED | AI31: 2.516 | AL31: Kotak Mahindra Bank Ltd. | AO31: 1.9083 | AR31: Power Finance Corporation Ltd. | AS31: Power Finance Corporation Ltd. | AT31: Power Finance Corporation Ltd. | AU31: 4.006 | AX31: The Federal Bank Ltd. | AY31: Tech Mahindra Ltd. | AZ31: Tech Mahindra Ltd. | BA31: 4.6858 | BD31: Alkem Laboratories Ltd. | BE31: Alkem Laboratories Ltd. | BF31: Alkem Laboratories Ltd. | BG31: 2.8604 | BJ31: Cipla Ltd. | BK31: Cipla Ltd. | BL31: Cipla Ltd. | BM31: 5.8228 | BP31: Grindwell Norton Ltd. | BQ31: KSB Ltd. | BR31: KSB Ltd. | BS31: 2.6172 | BV31: Bharat Forge Ltd. | BW31: Bharat Forge Ltd. | BX31: Bharat Forge Ltd. | BY31: 3.8864
B32: ITC Ltd. | E32: 2.7668 | H32: Axis Bank Ltd. | I32: Axis Bank Ltd. | J32: Axis Bank Ltd. | K32: 3.5455 | N32: Trent Ltd. | O32: Trent Ltd. | P32: Trent Ltd. | Q32: 2.2278 | T32: DCB Bank Ltd. | U32: 360 One Wam Ltd. | V32: 360 One Wam Ltd. | W32: 3.3645 | Z32: Pitti Engineering Ltd. | AA32: Hitachi Energy India Ltd. | AB32: Hitachi Energy India Ltd. | AC32: 3.6074 | AF32: Larsen & Toubro Ltd. | AG32: Trent Ltd. | AH32: Trent Ltd. | AI32: 2.405 | AL32: Infosys Ltd. | AO32: 1.9079 | AR32: NHPC Ltd. | AS32: Maruti Suzuki India Ltd. | AT32: Maruti Suzuki India Ltd. | AU32: 3.6489 | AX32: Samvardhana Motherson International Ltd. | AY32: ITC Ltd. | AZ32: ITC Ltd. | BA32: 4.6329 | BD32: P I INDUSTRIES LIMITED | BE32: Bharat Electronics Ltd. | BF32: Bharat Electronics Ltd. | BG32: 2.57 | BJ32: Zydus Lifesciences Ltd. | BK32: Zydus Lifesciences Ltd. | BL32: Zydus Lifesciences Ltd. | BM32: 5.7714 | BP32: Lemon Tree Hotels Ltd. | BQ32: Lemon Tree Hotels Ltd. | BR32: Lemon Tree Hotels Ltd. | BS32: 2.5186 | BV32: Bank of Baroda | BW32: Bank of Baroda | BX32: Bank of Baroda | BY32: 3.541
B33: Piramal Pharma Ltd. | E33: 2.7458 | H33: Hindustan Unilever Ltd. | I33: Hindustan Unilever Ltd. | J33: Hindustan Unilever Ltd. | K33: 2.9194 | N33: Kotak Mahindra Bank Ltd. | O33: Aditya Birla Fashion and Retail Ltd. | P33: Aditya Birla Fashion and Retail Ltd. | Q33: 1.9229 | T33: Piramal Enterprises Ltd. | U33: DCB Bank Ltd. | V33: DCB Bank Ltd. | W33: 3.2403 | Z33: TD Power Systems Ltd. | AA33: CIE Automotive India Ltd. | AB33: CIE Automotive India Ltd. | AC33: 3.3686 | AF33: Titan Company Ltd. | AG33: Titan Company Ltd. | AH33: Titan Company Ltd. | AI33: 2.3565 | AL33: The Federal Bank Ltd. | AO33: 1.8516 | AR33: Mahindra & Mahindra Ltd. | AS33: Mahindra & Mahindra Ltd. | AT33: Mahindra & Mahindra Ltd. | AU33: 3.3297 | AX33: Tata Consumer Products Ltd. | AY33: Havells India Ltd. | AZ33: Havells India Ltd. | BA33: 4.3457 | BD33: Power Finance Corporation Ltd. | BE33: Dalmia Bharat Ltd. | BF33: Dalmia Bharat Ltd. | BG33: 2.4279 | BJ33: Torrent Pharmaceuticals Ltd. | BK33: Torrent Pharmaceuticals Ltd. | BL33: Torrent Pharmaceuticals Ltd. | BM33: 5.212 | BP33: Hitachi Energy India Ltd. | BQ33: Blue Star Ltd. | BR33: Blue Star Ltd. | BS33: 2.5139 | BV33: Persistent Systems Ltd. | BW33: Persistent Systems Ltd. | BX33: Persistent Systems Ltd. | BY33: 3.4816
B34: Hindware Home Innovation Ltd. | E34: 2.7279 | H34: Kotak Mahindra Bank Ltd. | I34: Tata Consultancy Services Ltd. | J34: Tata Consultancy Services Ltd. | K34: 2.8599 | N34: Honeywell Automation India Ltd. | O34: Kotak Mahindra Bank Ltd. | P34: Kotak Mahindra Bank Ltd. | Q34: 1.8196 | T34: CSB Bank Ltd. | U34: Five Star Business Finance Ltd. | V34: Five Star Business Finance Ltd. | W34: 2.9274 | Z34: CIE Automotive India Ltd. | AA34: Bharat Bijlee Ltd. | AB34: Bharat Bijlee Ltd. | AC34: 3.0969 | AF34: P I INDUSTRIES LIMITED | AG34: Larsen & Toubro Ltd. | AH34: Larsen & Toubro Ltd. | AI34: 2.2791 | AL34: Texmaco Rail & Engineering Ltd. | AO34: 1.7313 | AR34: Maruti Suzuki India Ltd. | AS34: NHPC Ltd. | AT34: NHPC Ltd. | AU34: 3.2788 | AX34: Pidilite Industries Ltd. | AY34: Maruti Suzuki India Ltd. | AZ34: Maruti Suzuki India Ltd. | BA34: 4.0233 | BD34: Bank of Baroda | BE34: Power Finance Corporation Ltd. | BF34: Power Finance Corporation Ltd. | BG34: 2.2861 | BJ34: Alkem Laboratories Ltd. | BK34: Abbott India Ltd. | BL34: Abbott India Ltd. | BM34: 4.5799 | BP34: KSB Ltd. | BQ34: Hitachi Energy India Ltd. | BR34: Hitachi Energy India Ltd. | BS34: 2.4457 | BV34: Sun Pharmaceutical Industries Ltd. | BW34: Sun Pharmaceutical Industries Ltd. | BX34: Sun Pharmaceutical Industries Ltd. | BY34: 2.9645
B37: Grand Total | E37: =SUM(E25:G36) -> 44.2472 | H37: Grand Total | K37: =SUM(K25:M36) -> 51.8053 | N37: Grand Total | Q37: =SUM(Q25:S36) -> 29.7175 | T37: Grand Total | W37: =SUM(W25:Y36) -> 78.826 | Z37: Grand Total | AC37: =SUM(AC25:AE36) -> 40.2236 | AF37: Grand Total | AI37: =SUM(AI25:AK36) -> 38.181 | AL37: Grand Total | AO37: =SUM(AO25:AQ36) -> 25.6997 | AR37: Grand Total | AU37: =SUM(AU25:AW36) -> 44.007 | AX37: Grand Total | BA37: =SUM(BA25:BC36) -> 55.6168 | BD37: Grand Total | BG37: =SUM(BG25:BI36) -> 30.3277 | BJ37: Grand Total | BM37: =SUM(BM25:BO36) -> 70.3484 | BP37: Grand Total | BS37: =SUM(BS25:BU36) -> 30.9438 | BV37: Grand Total | BY37: =SUM(BY25:CA36) -> 50.2603
A39: Asset Allocation | B39: Asset Allocation | E39: % of Scheme | H39: Asset Allocation | K39: % of Scheme | N39: Asset Allocation | Q39: % of Scheme | T39: Asset Allocation | W39: % of Scheme | Z39: Asset Allocation | AC39: % of Scheme | AF39: Asset Allocation | AI39: % of Scheme | AL39: Asset Allocation | AO39: % of Scheme | AR39: Asset Allocation | AU39: % of Scheme | AX39: Asset Allocation | BA39: % of Scheme | BD39: Asset Allocation | BG39: % of Scheme | BJ39: Asset Allocation | BM39: % of Scheme | BP39: Asset Allocation | BS39: % of Scheme | BV39: Asset Allocation | BY39: % of Scheme
B40: Equity Holdings | C40: 0.95970929 | D40: Equity Holdings | E40: 95.508077 | H40: Equity Holdings | I40: 0.96083851 | J40: Equity Holdings | K40: 94.977135 | N40: Equity Holdings | O40: 0.95947917 | P40: Equity Holdings | Q40: 92.584695 | T40: Equity Holdings | U40: 0.95062595 | V40: Equity Holdings | W40: 97.73351 | Z40: Equity Holdings | AA40: 0.97458926 | AB40: Equity Holdings | AC40: 94.658493 | AF40: Equity Holdings | AG40: 0.96417311 | AH40: Equity Holdings | AI40: 98.071521 | AL40: Equity Holdings | AO40: 95.376113 | AR40: Equity Holdings | AU40: 96.867807 | AX40: Equity Holdings | BA40: 96.17292 | BD40: Equity Holdings | BG40: 95.130408 | BJ40: Equity Holdings | BM40: 97.142549 | BP40: Equity Holdings | BS40: 95.053711 | BV40: Equity Holdings | BY40: 96.137313
B41: Cash & Other Receivables | C41: 0.040290706 | D41: Cash & Other Receivables | E41: 4.4886868 | H41: Cash & Other Receivables | I41: 0.039161485 | J41: Cash & Other Receivables | K41: 5.0228655 | N41: Cash & Other Receivables | O41: 0.04052083 | P41: Cash & Other Receivables | Q41: 7.415305 | T41: Cash & Other Receivables | U41: 0.049374047 | V41: Cash & Other Receivables | W41: 2.26649 | Z41: Cash & Other Receivables | AA41: 0.025410745 | AB41: Cash & Other Receivables | AC41: 5.3415069 | AF41: Cash & Other Receivables | AG41: 0.035826888 | AH41: Cash & Other Receivables | AI41: 1.9284793 | AL41: Cash & Other Receivables | AO41: 4.6238866 | AR41: Cash & Other Receivables | AU41: 3.1321929 | AX41: Cash & Other Receivables | BA41: 3.8270803 | BD41: Cash & Other Receivables | BG41: 4.8695916 | BJ41: Cash & Other Receivables | BM41: 2.8574506 | BP41: Cash & Other Receivables | BS41: 4.9462891 | BV41: Cash & Other Receivables | BY41: 3.8626871
B46: Grand Total | E46: =SUM(E40:G44) -> 99.996764 | H46: Grand Total | K46: =SUM(K40:M44) -> 100 | N46: Grand Total | Q46: =SUM(Q40:S44) -> 100 | T46: Grand Total | W46: =SUM(W40:Y44) -> 100 | Z46: Grand Total | AC46: =SUM(AC40:AE44) -> 100 | AF46: Grand Total | AI46: =SUM(AI40:AK44) -> 100 | AL46: Grand Total | AO46: =SUM(AO40:AQ44) -> 100 | AR46: Grand Total | AU46: =SUM(AU40:AW44) -> 100 | AX46: Grand Total | BA46: =SUM(BA40:BC44) -> 100 | BD46: Grand Total | BG46: =SUM(BG40:BI44) -> 100 | BJ46: Grand Total | BM46: =SUM(BM40:BO44) -> 100 | BP46: Grand Total | BS46: =SUM(BS40:BU44) -> 100 | BV46: Grand Total | BY46: =SUM(BY40:CA44) -> 100
A48: Sectoral Allocation | B48: Sector/Industry | E48: % of Scheme | H48: Sector/Industry | K48: % of Scheme | N48: Sector/Industry | Q48: % of Scheme | T48: Sector/Industry | W48: % of Scheme | Z48: Sector/Industry | AC48: % of Scheme | AF48: Sector/Industry | AI48: % of Scheme | AL48: Sector/Industry | AO48: % of Scheme | AR48: Sector/Industry | AU48: % of Scheme | AX48: Sector/Industry | BA48: % of Scheme | BD48: Sector/Industry | BG48: % of Scheme | BJ48: Sector/Industry | BM48: % of Scheme | BP48: Sector/Industry | BS48: % of Scheme | BV48: Sector/Industry | BY48: % of Scheme
B49: Banks | C49: Banks | D49: Banks | E49: 31.531 | H49: Banks | I49: Banks | J49: Banks | K49: 31.1696 | N49: Banks | O49: Banks | P49: Banks | Q49: 18.4479 | T49: Banks | W49: 72.2387 | Z49: Industrial Products | AA49: Industrial Products | AB49: Industrial Products | AC49: 16.4417 | AF49: Banks | AG49: Banks | AH49: Banks | AI49: 24.4944 | AL49: Banks | AM49: Banks | AN49: Banks | AO49: 17.5691 | AR49: Power | AS49: Power | AT49: Power | AU49: 18.819 | AX49: Banks | AY49: Banks | AZ49: Banks | BA49: 29.4347 | BD49: Auto Components | BE49: Auto Components | BF49: Auto Components | BG49: 11.2343 | BJ49: Pharmaceuticals & Biotechnology | BM49: 74.8475 | BP49: Industrial Products | BQ49: Industrial Products | BR49: Industrial Products | BS49: 26.9922 | BV49: Banks | BW49: Banks | BX49: Banks | BY49: 30.947
B50: Diversified FMCG | C50: Diversified FMCG | D50: Diversified FMCG | E50: 7.3722 | H50: IT - Software | I50: IT - Software | J50: IT - Software | K50: 8.8153 | N50: Finance | O50: Finance | P50: Finance | Q50: 11.8253 | T50: Finance | W50: 25.4939 | Z50: Industrial Manufacturing | AA50: Industrial Manufacturing | AB50: Industrial Manufacturing | AC50: 16.0657 | AF50: IT - Software | AG50: Diversified FMCG | AH50: Diversified FMCG | AI50: 9.8045 | AL50: Consumer Durables | AM50: Consumer Durables | AN50: Consumer Durables | AO50: 7.3146 | AR50: IT - Software | AS50: IT - Software | AT50: IT - Software | AU50: 13.1921 | AX50: Diversified FMCG | AY50: Consumer Durables | AZ50: Consumer Durables | BA50: 11.3302 | BD50: Banks | BE50: Banks | BF50: Banks | BG50: 10.4363 | BJ50: Healthcare Services | BM50: 22.2943 | BP50: Consumer Durables | BQ50: Consumer Durables | BR50: Consumer Durables | BS50: 13.2379 | BV50: IT - Software | BW50: IT - Software | BX50: IT - Software | BY50: 11.9522
B51: Auto Components | C51: Auto Components | D51: Auto Components | E51: 6.1684 | H51: Diversified FMCG | I51: Diversified FMCG | J51: Diversified FMCG | K51: 7.103 | N51: IT - Software | O51: IT - Software | P51: IT - Software | Q51: 6.9906 | Z51: Electrical Equipment | AA51: Electrical Equipment | AB51: Electrical Equipment | AC51: 15.8139 | AF51: Consumer Durables | AG51: Auto Components | AH51: Auto Components | AI51: 8.0442 | AL51: Auto Components | AM51: Auto Components | AN51: Auto Components | AO51: 7.1427 | AR51: Automobiles | AS51: Automobiles | AT51: Automobiles | AU51: 9.1428 | AX51: IT - Software | AY51: Diversified FMCG | AZ51: Diversified FMCG | BA51: 8.8024 | BD51: Finance | BE51: Finance | BF51: Finance | BG51: 9.1994 | BP51: Electrical Equipment | BQ51: Electrical Equipment | BR51: Electrical Equipment | BS51: 9.4705 | BV51: Beverages | BW51: Beverages | BX51: Beverages | BY51: 5.7004
B52: Finance | C52: Finance | D52: Finance | E52: 5.9631 | H52: Petroleum Products | I52: Petroleum Products | J52: Petroleum Products | K52: 6.0297 | N52: Auto Components | O52: Consumer Durables | P52: Consumer Durables | Q52: 6.4641 | Z52: Transport Services | AA52: Transport Services | AB52: Transport Services | AC52: 9.0701 | AF52: Industrial Products | AG52: Finance | AH52: Finance | AI52: 6.7625 | AL52: Finance | AM52: Finance | AN52: Finance | AO52: 6.4068 | AR52: Banks | AS52: Banks | AT52: Banks | AU52: 7.8844 | AX52: Consumer Durables | AY52: Retailing | AZ52: Retailing | BA52: 6.9918 | BD52: Industrial Products | BE52: Industrial Products | BF52: Industrial Products | BG52: 8.4576 | BP52: Industrial Manufacturing | BQ52: Industrial Manufacturing | BR52: Industrial Manufacturing | BS52: 7.2461 | BV52: Petroleum Products | BW52: Petroleum Products | BX52: Petroleum Products | BY52: 5.5743
B53: Consumer Durables | C53: Consumer Durables | D53: Consumer Durables | E53: 5.2532 | H53: Automobiles | I53: Automobiles | J53: Automobiles | K53: 4.9114 | N53: Retailing | O53: Auto Components | P53: Auto Components | Q53: 5.5615 | Z53: Auto Components | AA53: Auto Components | AB53: Auto Components | AC53: 6.8732 | AF53: Finance | AG53: Consumer Durables | AH53: Consumer Durables | AI53: 6.5406 | AL53: IT - Software | AM53: IT - Software | AN53: IT - Software | AO53: 5.8398 | AR53: Finance | AS53: Finance | AT53: Finance | AU53: 6.8277 | AX53: Finance | AY53: IT - Software | AZ53: IT - Software | BA53: 5.1127 | BD53: Retailing | BE53: Retailing | BF53: Retailing | BG53: 8.2579 | BP53: Banks | BQ53: Banks | BR53: Banks | BS53: 5.9746 | BV53: Pharmaceuticals & Biotechnology | BW53: Pharmaceuticals & Biotechnology | BX53: Pharmaceuticals & Biotechnology | BY53: 4.9989
B54: IT - Software | C54: IT - Software | D54: IT - Software | E54: 4.9682 | H54: Finance | I54: Finance | J54: Finance | K54: 4.8359 | N54: Industrial Manufacturing | O54: Retailing | P54: Retailing | Q54: 5.2923 | Z54: Finance | AA54: Finance | AB54: Finance | AC54: 5.7746 | AF54: Automobiles | AG54: IT - Software | AH54: IT - Software | AI54: 4.6781 | AL54: Industrial Products | AM54: Industrial Products | AN54: Industrial Products | AO54: 5.1447 | AR54: Consumer Durables | AS54: Consumer Durables | AT54: Consumer Durables | AU54: 5.5971 | AX54: Auto Components | AY54: Finance | AZ54: Finance | BA54: 4.6329 | BD54: Fertilizers & Agrochemicals | BE54: Fertilizers & Agrochemicals | BF54: Fertilizers & Agrochemicals | BG54: 5.6806 | BP54: Chemicals & Petrochemicals | BQ54: Chemicals & Petrochemicals | BR54: Chemicals & Petrochemicals | BS54: 4.1509 | BV54: Finance | BW54: Finance | BX54: Finance | BY54: 4.8462
B55: Pharmaceuticals & Biotechnology | C55: Pharmaceuticals & Biotechnology | D55: Pharmaceuticals & Biotechnology | E55: 4.0855 | H55: Construction | I55: Consumer Durables | J55: Consumer Durables | K55: 4.4075 | N55: Industrial Products | O55: Industrial Products | P55: Industrial Products | Q55: 5.1661 | Z55: Construction | AA55: Aerospace & Defense | AB55: Aerospace & Defense | AC55: 5.079 | AF55: Retailing | AG55: Automobiles | AH55: Automobiles | AI55: 4.1755 | AL55: Industrial Manufacturing | AM55: Automobiles | AN55: Automobiles | AO55: 5.0129 | AR55: Pharmaceuticals & Biotechnology | AS55: Pharmaceuticals & Biotechnology | AT55: Pharmaceuticals & Biotechnology | AU55: 5.088 | AX55: Agricultural Food & other Products | AY55: Automobiles | AZ55: Automobiles | BA55: 4.3457 | BD55: Consumer Durables | BE55: Consumer Durables | BF55: Consumer Durables | BG55: 5.2828 | BP55: Healthcare Services | BQ55: Healthcare Services | BR55: Healthcare Services | BS55: 3.8464 | BV55: Industrial Products | BW55: Industrial Products | BX55: Industrial Products | BY55: 3.8864
B56: Industrial Products | C56: Industrial Products | D56: Industrial Products | E56: 3.7636 | H56: Consumer Durables | I56: Construction | J56: Construction | K56: 3.4113 | N56: Consumer Durables | O56: Industrial Manufacturing | P56: Industrial Manufacturing | Q56: 4.3837 | Z56: Aerospace & Defense | AA56: Construction | AB56: Construction | AC56: 4.7265 | AF56: Diversified FMCG | AG56: Industrial Products | AH56: Industrial Products | AI56: 3.4925 | AL56: Electrical Equipment | AM56: Industrial Manufacturing | AN56: Industrial Manufacturing | AO56: 4.4853 | AR56: Industrial Products | AS56: Industrial Products | AT56: Industrial Products | AU56: 4.7748 | AX56: Chemicals & Petrochemicals | AY56: Chemicals & Petrochemicals | AZ56: Chemicals & Petrochemicals | BA56: 4.0233 | BD56: Cement & Cement Products | BE56: Cement & Cement Products | BF56: Cement & Cement Products | BG56: 5.1204 | BP56: Capital Markets | BQ56: Capital Markets | BR56: Capital Markets | BS56: 3.4489 | BV56: Automobiles | BW56: Automobiles | BX56: Automobiles | BY56: 3.6583
B57: Leisure Services | C57: Leisure Services | D57: Leisure Services | E57: 3.2756 | H57: Cement & Cement Products | I57: Cement & Cement Products | J57: Cement & Cement Products | K57: 3.1815 | N57: Chemicals & Petrochemicals | O57: Chemicals & Petrochemicals | P57: Chemicals & Petrochemicals | Q57: 3.2875 | Z57: Cement & Cement Products | AA57: Cement & Cement Products | AB57: Cement & Cement Products | AC57: 4.1967 | AF57: Electrical Equipment | AG57: Pharmaceuticals & Biotechnology | AH57: Pharmaceuticals & Biotechnology | AI57: 3.2788 | AL57: Automobiles | AM57: Chemicals & Petrochemicals | AN57: Chemicals & Petrochemicals | AO57: 4.3877 | AR57: Aerospace & Defense | AS57: Aerospace & Defense | AT57: Aerospace & Defense | AU57: 4.0454 | AX57: Automobiles | AY57: Agricultural Food & other Products | AZ57: Agricultural Food & other Products | BA57: 3.7565 | BD57: Leisure Services | BE57: Leisure Services | BF57: Leisure Services | BG57: 4.1096 | BP57: Pharmaceuticals & Biotechnology | BQ57: Pharmaceuticals & Biotechnology | BR57: Pharmaceuticals & Biotechnology | BS57: 2.9953 | BV57: Non - Ferrous Metals | BW57: Non - Ferrous Metals | BX57: Non - Ferrous Metals | BY57: 2.6844
B58: Automobiles | C58: Automobiles | D58: Automobiles | E58: 2.9205 | H58: Pharmaceuticals & Biotechnology | I58: Chemicals & Petrochemicals | J58: Chemicals & Petrochemicals | K58: 2.7201 | N58: Diversified FMCG | O58: Automobiles | P58: Automobiles | Q58: 3.0149 | Z58: Gas | AA58: Gas | AB58: Gas | AC58: 3.932 | AF58: Fertilizers & Agrochemicals | AG58: Transport Services | AH58: Transport Services | AI58: 3.1036 | AL58: Chemicals & Petrochemicals | AM58: Electrical Equipment | AN58: Electrical Equipment | AO58: 3.785 | AR58: Construction | AS58: Personal Products | AT58: Personal Products | AU58: 3.2148 | AX58: Transport Services | AY58: Transport Services | AZ58: Transport Services | BA58: 3.1562 | BD58: IT - Software | BE58: IT - Software | BF58: IT - Software | BG58: 4.1034 | BP58: IT - Services | BQ58: IT - Services | BR58: IT - Services | BS58: 2.9387 | BV58: Consumer Durables | BW58: Consumer Durables | BX58: Consumer Durables | BY58: 2.351
B59: Chemicals & Petrochemicals | C59: Chemicals & Petrochemicals | D59: Chemicals & Petrochemicals | E59: 2.3957 | H59: Chemicals & Petrochemicals | I59: Pharmaceuticals & Biotechnology | J59: Pharmaceuticals & Biotechnology | K59: 2.4816 | N59: Automobiles | O59: Electrical Equipment | P59: Electrical Equipment | Q59: 2.8913 | Z59: Power | AA59: Power | AB59: Power | AC59: 2.3374 | AF59: Cement & Cement Products | AG59: Industrial Manufacturing | AH59: Industrial Manufacturing | AI59: 3.0781 | AL59: Pharmaceuticals & Biotechnology | AM59: Pharmaceuticals & Biotechnology | AN59: Pharmaceuticals & Biotechnology | AO59: 3.3174 | AR59: Gas | AS59: Construction | AT59: Construction | AU59: 3.003 | AX59: Pharmaceuticals & Biotechnology | AY59: Auto Components | AZ59: Auto Components | BA59: 2.6935 | BD59: Pharmaceuticals & Biotechnology | BE59: Pharmaceuticals & Biotechnology | BF59: Pharmaceuticals & Biotechnology | BG59: 3.8808 | BP59: Auto Components | BQ59: Auto Components | BR59: Auto Components | BS59: 2.6822 | BV59: Chemicals & Petrochemicals | BW59: Chemicals & Petrochemicals | BX59: Chemicals & Petrochemicals | BY59: 2.1543
B60: Industrial Manufacturing | C60: Industrial Manufacturing | D60: Industrial Manufacturing | E60: 2.3671 | H60: Aerospace & Defense | I60: Aerospace & Defense | J60: Aerospace & Defense | K60: 2.2532 | N60: Electrical Equipment | O60: Diversified FMCG | P60: Diversified FMCG | Q60: 2.7371 | Z60: Non - Ferrous Metals | AA60: Non - Ferrous Metals | AB60: Non - Ferrous Metals | AC60: 2.0222 | AF60: Chemicals & Petrochemicals | AG60: Chemicals & Petrochemicals | AH60: Chemicals & Petrochemicals | AI60: 2.9696 | AL60: Retailing | AM60: Retailing | AN60: Retailing | AO60: 2.6795 | AR60: Agricultural, Commercial & Construction Vehicles | AS60: Gas | AT60: Gas | AU60: 2.7236 | AX60: Leisure Services | AY60: IT - Services | AZ60: IT - Services | BA60: 2.529 | BD60: Aerospace & Defense | BE60: Aerospace & Defense | BF60: Aerospace & Defense | BG60: 3.0694 | BP60: Leisure Services | BQ60: Leisure Services | BR60: Leisure Services | BS60: 2.5186 | BV60: Cement & Cement Products | BW60: Cement & Cement Products | BX60: Cement & Cement Products | BY60: 2.0449
B61: Transport Services | C61: Transport Services | D61: Transport Services | E61: 2.0835 | H61: Agricultural Food & other Products | I61: Retailing | J61: Retailing | K61: 1.8242 | N61: Leisure Services | O61: Leisure Services | P61: Leisure Services | Q61: 2.6669 | Z61: Telecom - Services | AA61: Telecom - Services | AB61: Telecom - Services | AC61: 1.2677 | AF61: Auto Components | AG61: Retailing | AH61: Retailing | AI61: 2.8586 | AL61: Gas | AM61: Gas | AN61: Gas | AO61: 2.4294 | AR61: Petroleum Products | AS61: Agricultural, Commercial & Construction Vehicles | AT61: Agricultural, Commercial & Construction Vehicles | AU61: 2.4884 | AX61: Retailing | AY61: Personal Products | AZ61: Personal Products | BA61: 2.0645 | BD61: Automobiles | BE61: Automobiles | BF61: Automobiles | BG61: 2.1327 | BP61: Gas | BQ61: Gas | BR61: Gas | BS61: 1.7312 | BV61: Diversified FMCG | BW61: Diversified FMCG | BX61: Diversified FMCG | BY61: 1.9583
B62: IT - Services | C62: IT - Services | D62: IT - Services | E62: 1.8088 | H62: Healthcare Services | I62: Healthcare Services | J62: Healthcare Services | K62: 1.686 | N62: Petroleum Products | O62: Petroleum Products | P62: Petroleum Products | Q62: 2.2517 | Z62: Chemicals & Petrochemicals | AA62: Chemicals & Petrochemicals | AB62: Chemicals & Petrochemicals | AC62: 1.0555 | AF62: Construction | AG62: Leisure Services | AH62: Leisure Services | AI62: 2.405 | AL62: Fertilizers & Agrochemicals | AM62: Petroleum Products | AN62: Petroleum Products | AO62: 2.4076 | AR62: Chemicals & Petrochemicals | AS62: Petroleum Products | AT62: Petroleum Products | AU62: 2.0148 | AX62: Healthcare Services | AY62: Healthcare Services | AZ62: Healthcare Services | BA62: 1.9425 | BD62: Realty | BE62: Realty | BF62: Realty | BG62: 1.9936 | BP62: IT - Software | BQ62: IT - Software | BR62: IT - Software | BS62: 1.7166 | BV62: Auto Components | BW62: Auto Components | BX62: Auto Components | BY62: 1.8687
B63: Retailing | C63: Retailing | D63: Retailing | E63: 1.5484 | H63: Food Products | I63: Agricultural Food & other Products | J63: Agricultural Food & other Products | K63: 1.6475 | N63: Pharmaceuticals & Biotechnology | O63: Aerospace & Defense | P63: Aerospace & Defense | Q63: 1.8243 | AF63: Food Products | AG63: IT - Services | AH63: IT - Services | AI63: 2.3452 | AL63: Petroleum Products | AM63: Healthcare Services | AN63: Healthcare Services | AO63: 2.0262 | AR63: Diversified FMCG | AS63: Chemicals & Petrochemicals | AT63: Chemicals & Petrochemicals | AU63: 1.9149 | AX63: Personal Products | AY63: Pharmaceuticals & Biotechnology | AZ63: Pharmaceuticals & Biotechnology | BA63: 1.8637 | BD63: Agricultural, Commercial & Construction Vehicles | BE63: Agricultural, Commercial & Construction Vehicles | BF63: Agricultural, Commercial & Construction Vehicles | BG63: 1.8459 | BP63: Fertilizers & Agrochemicals | BQ63: Fertilizers & Agrochemicals | BR63: Fertilizers & Agrochemicals | BS63: 1.5928 | BV63: Construction | BW63: Construction | BX63: Construction | BY63: 1.8347
B64: Textiles & Apparels | C64: Textiles & Apparels | D64: Textiles & Apparels | E64: 1.5008 | H64: Retailing | I64: Food Products | J64: Food Products | K64: 1.3604 | N64: Aerospace & Defense | O64: IT - Services | P64: IT - Services | Q64: 1.3771 | AF64: Petroleum Products | AG64: Entertainment | AH64: Entertainment | AI64: 1.9738 | AL64: Cement & Cement Products | AM64: Fertilizers & Agrochemicals | AN64: Fertilizers & Agrochemicals | AO64: 1.9302 | AR64: Personal Products | AS64: Diversified FMCG | AT64: Diversified FMCG | AU64: 1.7552 | AX64: IT - Services | AY64: Industrial Products | AZ64: Industrial Products | BA64: 1.8236 | BD64: Transport Services | BE64: Transport Services | BF64: Transport Services | BG64: 1.7374 | BP64: Construction | BQ64: Construction | BR64: Construction | BS64: 1.0462 | BV64: Telecom - Services | BW64: Telecom - Services | BX64: Telecom - Services | BY64: 1.6881
B65: Food Products | C65: Food Products | D65: Food Products | E65: 1.257 | H65: Auto Components | I65: Fertilizers & Agrochemicals | J65: Fertilizers & Agrochemicals | K65: 1.2016 | N65: Transport Services | O65: Transport Services | P65: Transport Services | Q65: 1.3303 | AF65: Pharmaceuticals & Biotechnology | AG65: Agricultural Food & other Products | AH65: Agricultural Food & other Products | AI65: 1.7481 | AL65: Healthcare Services | AM65: Textiles & Apparels | AN65: Textiles & Apparels | AO65: 1.7103 | AR65: Non - Ferrous Metals | AS65: Non - Ferrous Metals | AT65: Non - Ferrous Metals | AU65: 1.5668 | AX65: Textiles & Apparels | AY65: Textiles & Apparels | AZ65: Textiles & Apparels | BA65: 1.1295 | BD65: Chemicals & Petrochemicals | BE65: Chemicals & Petrochemicals | BF65: Chemicals & Petrochemicals | BG65: 1.6665 | BP65: Cement & Cement Products | BQ65: Cement & Cement Products | BR65: Cement & Cement Products | BS65: 0.8735 | BV65: Realty | BW65: Realty | BX65: Realty | BY65: 1.6158
B66: Other Utilities | C66: Other Utilities | D66: Other Utilities | E66: 1.2195 | H66: Telecom - Services | I66: Auto Components | J66: Auto Components | K66: 1.0651 | N66: Fertilizers & Agrochemicals | O66: Pharmaceuticals & Biotechnology | P66: Pharmaceuticals & Biotechnology | Q66: 1.2875 | AF66: Beverages | AG66: Food Products | AH66: Food Products | AI66: 1.5859 | AL66: Textiles & Apparels | AM66: Cement & Cement Products | AN66: Cement & Cement Products | AO66: 1.6186 | AR66: Auto Components | AS66: Healthcare Services | AT66: Healthcare Services | AU66: 0.9915 | AX66: Industrial Products | AY66: Industrial Products | AZ66: Industrial Products | BA66: 0.5386 | BD66: Power | BE66: Power | BF66: Power | BG66: 1.6099 | BP66: Personal Products | BQ66: Personal Products | BR66: Personal Products | BS66: 0.7221 | BV66: Entertainment | BW66: Entertainment | BX66: Entertainment | BY66: 1.5685
B67: Agricultural Food & other Products | C67: Agricultural Food & other Products | D67: Agricultural Food & other Products | E67: 1.1537 | H67: Power | I67: Telecom - Services | J67: Telecom - Services | K67: 1.0496 | N67: Gas | O67: Gas | P67: Gas | Q67: 1.2652 | AF67: Leisure Services | AG67: Personal Products | AH67: Personal Products | AI67: 1.4191 | AL67: Leisure Services | AM67: Construction | AN67: Construction | AO67: 1.4182 | AR67: Leisure Services | AU67: 0.9566 | BD67: Diversified | BE67: Diversified | BF67: Diversified | BG67: 1.5901 | BP67: Textiles & Apparels | BQ67: Textiles & Apparels | BR67: Textiles & Apparels | BS67: 0.6417 | BV67: Retailing | BW67: Retailing | BX67: Retailing | BY67: 1.4174
B68: Personal Products | C68: Personal Products | D68: Personal Products | E68: 1.0604 | H68: Personal Products | I68: Personal Products | J68: Personal Products | K68: 0.7951 | N68: Cement & Cement Products | O68: Healthcare Services | P68: Healthcare Services | Q68: 1.214 | AF68: Transport Services | AG68: Electrical Equipment | AH68: Electrical Equipment | AI68: 1.1998 | AL68: Personal Products | AM68: Personal Products | AN68: Personal Products | AO68: 1.3592 | AR68: Healthcare Services | AU68: 0.8654 | BD68: Textiles & Apparels | BE68: Textiles & Apparels | BF68: Textiles & Apparels | BG68: 1.517 | BP68: Food Products | BQ68: Food Products | BR68: Food Products | BS68: 0.5595 | BV68: Fertilizers & Agrochemicals | BW68: Fertilizers & Agrochemicals | BX68: Fertilizers & Agrochemicals | BY68: 1.4118
B69: Cigarettes & Tobacco Products | C69: Cigarettes & Tobacco Products | D69: Cigarettes & Tobacco Products | E69: 1.0295 | H69: Insurance | I69: Insurance | J69: Insurance | K69: 0.7569 | N69: IT - Services | O69: Fertilizers & Agrochemicals | P69: Fertilizers & Agrochemicals | Q69: 1.0413 | AF69: Textiles & Apparels | AG69: Construction | AH69: Construction | AI69: 1.1762 | AL69: Construction | AM69: Transport Services | AN69: Transport Services | AO69: 1.322 | BD69: Industrial Manufacturing | BE69: Industrial Manufacturing | BF69: Industrial Manufacturing | BG69: 0.8897 | BP69: Retailing | BQ69: Retailing | BR69: Retailing | BS69: 0.5183 | BV69: Gas | BW69: Gas | BX69: Gas | BY69: 1.0174
B70: Insurance | C70: Insurance | D70: Insurance | E70: 1.0082 | H70: Non - Ferrous Metals | I70: Non - Ferrous Metals | J70: Non - Ferrous Metals | K70: 0.6874 | N70: Insurance | O70: Food Products | P70: Food Products | Q70: 0.9819 | AF70: Agricultural Food & other Products | AG70: Other Utilities | AH70: Other Utilities | AI70: 0.9347 | AL70: Diversified FMCG | AM70: Leisure Services | AN70: Leisure Services | AO70: 1.2239 | BD70: Electrical Equipment | BE70: Electrical Equipment | BF70: Electrical Equipment | BG70: 0.8311 | BP70: Power | BQ70: Power | BR70: Power | BS70: 0.1464 | BV70: Textiles & Apparels | BW70: Textiles & Apparels | BX70: Textiles & Apparels | BY70: 0.9563
B71: Entertainment | C71: Entertainment | D71: Entertainment | E71: 0.9107 | H71: Ferrous Metals | I71: Ferrous Metals | J71: Ferrous Metals | K71: 0.5253 | N71: Healthcare Services | O71: Insurance | P71: Insurance | Q71: 0.9246 | AL71: Transport Services | AM71: Agricultural Food & other Products | AN71: Agricultural Food & other Products | AO71: 1.1414 | BD71: IT - Services | BE71: IT - Services | BF71: IT - Services | BG71: 0.4813
B72: Electrical Equipment | C72: Electrical Equipment | D72: Electrical Equipment | E72: 0.8645 | H72: Consumable Fuels | I72: Agricultural, Commercial & Construction Vehicles | J72: Agricultural, Commercial & Construction Vehicles | K72: 0.5029 | N72: Transport Infrastructure | O72: Cement & Cement Products | P72: Cement & Cement Products | Q72: 0.3541 | AL72: Entertainment | AM72: Diversified FMCG | AN72: Diversified FMCG | AO72: 0.9883
H73: Fertilizers & Agrochemicals | I73: Power | J73: Power | K73: 0.3137 | AL73: Agricultural Food & other Products | AM73: Entertainment | AN73: Entertainment | AO73: 0.9828
H74: Agricultural, Commercial & Construction Vehicles | K74: 0.2387 | AL74: Realty | AM74: Realty | AN74: Realty | AO74: 0.8163
AL75: Food Products | AM75: IT - Services | AN75: IT - Services | AO75: 0.4921
AL76: IT - Services | AM76: Food Products | AN76: Food Products | AO76: 0.3209
AL77: Power | AM77: Power | AN77: Power | AO77: 0.0998
B90: Grand Total | E90: =SUM(E49:G89) -> 95.5091 | H90: Grand Total | K90: =SUM(K49:M89) -> 94.9745 | N90: Grand Total | Q90: =SUM(Q49:S89) -> 92.5812 | T90: Grand Total | W90: =SUM(W49:Y89) -> 97.7326 | Z90: Grand Total | AC90: =SUM(AC49:AE89) -> 94.6562 | AF90: Grand Total | AI90: =SUM(AI49:AK89) -> 98.0688 | AL90: Grand Total | AO90: =SUM(AO49:AQ89) -> 95.3727 | AR90: Grand Total | AU90: =SUM(AU49:AW89) -> 96.8663 | AX90: Grand Total | BA90: =SUM(BA49:BC89) -> 96.1713 | BD90: Grand Total | BG90: =SUM(BG49:BI89) -> 95.1277 | BJ90: Grand Total | BM90: =SUM(BM49:BO89) -> 97.1418 | BP90: Grand Total | BS90: =SUM(BS49:BU89) -> 95.0506 | BV90: Grand Total | BY90: =SUM(BY49:CA89) -> 96.1353
A92: Scheme Past Performance | B92: Regular (Growth) | E92: Direct (Growth) | H92: Regular (Growth) | K92: Direct (Growth) | N92: Regular (Growth) | Q92: Direct (Growth) | T92: Regular (Growth) | W92: Direct (Growth) | Z92: Regular (Growth) | AC92: Direct (Growth) | AF92: Regular (Growth) | AI92: Direct (Growth) | AL92: Regular (Growth) | AO92: Direct (Growth) | AR92: Regular (Growth) | AU92: Direct (Growth) | AX92: Regular (Growth) | BA92: Direct (Growth) | BD92: Regular (Growth) | BG92: Direct (Growth) | BJ92: Regular (Growth) | BM92: Direct (Growth) | BP92: Regular (Growth) | BS92: Direct (Growth) | BV92: Regular (Growth) | BY92: Direct (Growth)
B93: Scheme (%) | C93: Scheme Benchmark (%) | D93: Additional Benchmark (%) | E93: Scheme (%) | F93: Scheme Benchmark (%) | G93: Additional Benchmark (%) | H93: Scheme (%) | I93: Scheme Benchmark (%) | J93: Additional Benchmark (%) | K93: Scheme (%) | L93: Scheme Benchmark (%) | M93: Additional Benchmark (%) | N93: Scheme (%) | O93: Scheme Benchmark (%) | P93: Additional Benchmark (%) | Q93: Scheme (%) | R93: Scheme Benchmark (%) | S93: Additional Benchmark (%) | T93: Scheme (%) | U93: Scheme Benchmark (%) | V93: Additional Benchmark (%) | W93: Scheme (%) | X93: Scheme Benchmark (%) | Y93: Additional Benchmark (%) | Z93: Scheme (%) | AA93: Scheme Benchmark (%) | AB93: Additional Benchmark (%) | AC93: Scheme (%) | AD93: Scheme Benchmark (%) | AE93: Additional Benchmark (%) | AF93: Scheme (%) | AG93: Scheme Benchmark (%) | AH93: Additional Benchmark (%) | AI93: Scheme (%) | AJ93: Scheme Benchmark (%) | AK93: Additional Benchmark (%) | AL93: Scheme (%) | AM93: Scheme Benchmark (%) | AN93: Additional Benchmark (%) | AO93: Scheme (%) | AP93: Scheme Benchmark (%) | AQ93: Additional Benchmark (%) | AR93: Scheme (%) | AS93: Scheme Benchmark (%) | AT93: Additional Benchmark (%) | AU93: Scheme (%) | AV93: Scheme Benchmark (%) | AW93: Additional Benchmark (%) | AX93: Scheme (%) | AY93: Scheme Benchmark (%) | AZ93: Additional Benchmark (%) | BA93: Scheme (%) | BB93: Scheme Benchmark (%) | BC93: Additional Benchmark (%) | BD93: Scheme (%) | BE93: Scheme Benchmark (%) | BF93: Additional Benchmark (%) | BG93: Scheme (%) | BH93: Scheme Benchmark (%) | BI93: Additional Benchmark (%) | BJ93: Scheme (%) | BK93: Scheme Benchmark (%) | BL93: Additional Benchmark (%) | BM93: Scheme (%) | BN93: Scheme Benchmark (%) | BO93: Additional Benchmark (%) | BP93: Scheme (%) | BQ93: Scheme Benchmark (%) | BR93: Additional Benchmark (%) | BS93: Scheme (%) | BT93: Scheme Benchmark (%) | BU93: Additional Benchmark (%) | BV93: Scheme (%) | BW93: Scheme Benchmark (%) | BX93: Additional Benchmark (%) | BY93: Scheme (%) | BZ93: Scheme Benchmark (%) | CA93: Additional Benchmark (%)
A94: 1 year (CAGR %) | B94: 26.0163 | C94: 26.9978 | D94: 21.3645 | E94: 27.2118 | F94: 26.9978 | G94: 21.3645 | H94: 18.2118 | I94: 21.3019 | J94: 21.3645 | K94: 18.9005 | L94: 21.3019 | M94: 21.3645 | N94: 26.7842 | O94: 32.7613 | P94: 21.3645 | Q94: 28.3344 | R94: 32.7613 | S94: 21.3645 | T94: 19.1804 | U94: 14.3501 | V94: 21.3645 | W94: 20.7873 | X94: 14.3501 | Y94: 21.3645 | Z94: 44.566 | AA94: 40.2058 | AB94: 21.3645 | AC94: 46.0511 | AD94: 40.2058 | AE94: 21.3645 | AF94: 25.3502 | AG94: 26.9978 | AH94: 21.3645 | AI94: 26.7988 | AJ94: 26.9978 | AK94: 21.3645 | AL94: 30.8383 | AM94: 33.8452 | AN94: 21.3645 | AO94: 33.0887 | AP94: 33.8452 | AQ94: 21.3645 | AR94: 32.5092 | AS94: 26.9978 | AT94: 21.3645 | AU94: 33.8444 | AV94: 26.9978 | AW94: 21.3645 | AX94: 18.1129 | AY94: 26.9978 | AZ94: 21.3645 | BA94: 19.1619 | BB94: 26.9978 | BC94: 21.3645 | BD94: 35.9716 | BE94: 44.754 | BF94: 21.3645 | BG94: 37.124 | BH94: 44.754 | BI94: 21.3645 | BJ94: 27.924 | BK94: 38.0933 | BL94: 21.3645 | BM94: 29.4978 | BN94: 38.0933 | BO94: 21.3645 | BP94: 33.5095 | BQ94: 49.2573 | BR94: 21.3645 | BS94: 34.7957 | BT94: 49.2573 | BU94: 21.3645 | BV94: 23.2644 | BW94: 26.9978 | BX94: 20.3885 | BY94: 24.3573 | BZ94: 26.9978 | CA94: 20.3885
A95: Current Value of Investment of Rs. 10,000 | B95: 12594 | C95: 12691 | D95: 12130 | E95: 12713 | F95: 12691 | G95: 12130 | H95: 11816 | I95: 12124 | J95: 12130 | K95: 11884 | L95: 12124 | M95: 12130 | N95: 12670 | O95: 13266 | P95: 12130 | Q95: 12825 | R95: 13266 | S95: 12130 | T95: 11912 | U95: 11431 | V95: 12130 | W95: 12072 | X95: 11431 | Y95: 12130 | Z95: 14442 | AA95: 14008 | AB95: 12130 | AC95: 14590 | AD95: 14008 | AE95: 12130 | AF95: 12527 | AG95: 12691 | AH95: 12130 | AI95: 12672 | AJ95: 12691 | AK95: 12130 | AL95: 13074 | AM95: 13374 | AN95: 12130 | AO95: 13298 | AP95: 13374 | AQ95: 12130 | AR95: 13241 | AS95: 12691 | AT95: 12130 | AU95: 13374 | AV95: 12691 | AW95: 12130 | AX95: 11806 | AY95: 12691 | AZ95: 12130 | BA95: 11910 | BB95: 12691 | BC95: 12130 | BD95: 13586 | BE95: 14461 | BF95: 12130 | BG95: 13701 | BH95: 14461 | BI95: 12130 | BJ95: 12784 | BK95: 13797 | BL95: 12130 | BM95: 12941 | BN95: 13797 | BO95: 12130 | BP95: 13340 | BQ95: 14909 | BR95: 12130 | BS95: 13469 | BT95: 14909 | BU95: 12130 | BV95: 12319 | BW95: 12691 | BX95: 12033 | BY95: 12428 | BZ95: 12691 | CA95: 12033
A96: 3 Years (CAGR %) | B96: 16.5662 | C96: 20.3424 | D96: 17.241 | E96: 17.3746 | F96: 20.3424 | G96: 17.241 | H96: 14.9569 | I96: 17.2059 | J96: 17.241 | K96: 14.8681 | L96: 17.2059 | M96: 17.241 | N96: 18.2105 | O96: 23.8927 | P96: 17.241 | Q96: 19.9263 | R96: 23.8927 | S96: 17.241 | T96: 14.7256 | U96: 13.1209 | V96: 17.241 | W96: 16.4299 | X96: 13.1209 | Y96: 17.241 | Z96: 31.7801 | AA96: 27.5917 | AB96: 17.241 | AC96: 33.3271 | AD96: 27.5917 | AE96: 17.241 | AF96: 16.6326 | AG96: 20.3424 | AH96: 17.241 | AI96: 17.9445 | AJ96: 20.3424 | AK96: 17.241 | AL96: NA | AM96: NA | AN96: NA | AO96: NA | AP96: NA | AQ96: NA | AR96: 19.5646 | AS96: 20.3424 | AT96: 17.241 | AU96: 20.7408 | AV96: 20.3424 | AW96: 17.241 | AX96: 14.986 | AY96: 20.3424 | AZ96: 17.241 | BA96: 16.0334 | BB96: 20.3424 | BC96: 17.241 | BD96: 21.2216 | BE96: 30.64 | BF96: 17.241 | BG96: 22.281 | BH96: 30.64 | BI96: 17.241 | BJ96: 8.5254 | BK96: 14.092 | BL96: 17.241 | BM96: 9.866 | BN96: 14.092 | BO96: 17.241 | BP96: 31.1055 | BQ96: 33.416 | BR96: 17.241 | BS96: 32.3752 | BT96: 33.416 | BU96: 17.241 | BV96: 20.0756 | BW96: 20.3424 | BX96: 16.226 | BY96: 21.088 | BZ96: 20.3424 | CA96: 16.226
A97: Current Value of Investment of Rs. 10,000 | B97: 15825 | C97: 17411 | D97: 16101 | E97: 16156 | F97: 17411 | G97: 16101 | H97: 15180 | I97: 16087 | J97: 16101 | K97: 15145 | L97: 16087 | M97: 16101 | N97: 16503 | O97: 18994 | P97: 16101 | Q97: 17231 | R97: 18994 | S97: 16101 | T97: 15089 | U97: 14466 | V97: 16101 | W97: 15770 | X97: 14466 | Y97: 16101 | Z97: 22850 | AA97: 20744 | AB97: 16101 | AC97: 23663 | AD97: 20744 | AE97: 16101 | AF97: 15852 | AG97: 17411 | AH97: 16101 | AI97: 16392 | AJ97: 17411 | AK97: 16101 | AL97: NA | AM97: NA | AN97: NA | AO97: NA | AP97: NA | AQ97: NA | AR97: 17076 | AS97: 17411 | AT97: 16101 | AU97: 17584 | AV97: 17411 | AW97: 16101 | AX97: 15192 | AY97: 17411 | AZ97: 16101 | BA97: 15610 | BB97: 17411 | BC97: 16101 | BD97: 17794 | BE97: 22263 | BF97: 16101 | BG97: 18264 | BH97: 22263 | BI97: 16101 | BJ97: 12776 | BK97: 14841 | BL97: 16101 | BM97: 13255 | BN97: 14841 | BO97: 16101 | BP97: 22502 | BQ97: 23710 | BR97: 16101 | BS97: 23161 | BT97: 23710 | BU97: 16101 | BV97: 17295 | BW97: 17411 | BX97: 15687 | BY97: 17736 | BZ97: 17411 | CA97: 15687
A98: 5 years (CAGR %) | B98: 14.4704 | C98: 17.4794 | D98: 16.2478 | E98: 15.5548 | F98: 17.4794 | G98: 16.2478 | H98: 14.7775 | I98: 15.8751 | J98: 16.2478 | K98: 15.1433 | L98: 15.8751 | M98: 16.2478 | N98: 15.8747 | O98: 19.4878 | P98: 16.2478 | Q98: 17.5507 | R98: 19.4878 | S98: 16.2478 | T98: 11.7853 | U98: 13.8827 | V98: 16.2478 | W98: 13.5334 | X98: 13.8827 | Y98: 16.2478 | Z98: 20.9263 | AA98: 19.9152 | AB98: 16.2478 | AC98: 22.194 | AD98: 19.9152 | AE98: 16.2478 | AF98: 13.1362 | AG98: 17.4794 | AH98: 16.2478 | AI98: 14.5603 | AJ98: 17.4794 | AK98: 16.2478 | AL98: NA | AM98: NA | AN98: NA | AO98: NA | AP98: NA | AQ98: NA | AR98: 18.0206 | AS98: 17.4794 | AT98: 16.2478 | AU98: 19.4487 | AV98: 17.4794 | AW98: 16.2478 | AX98: 13.8818 | AY98: 17.4794 | AZ98: 16.2478 | BA98: 15.0205 | BB98: 17.4794 | BC98: 16.2478 | BD98: 16.619 | BE98: 22.9912 | BF98: 16.2478 | BG98: 17.7238 | BH98: 22.9912 | BI98: 16.2478 | BJ98: NA | BK98: NA | BL98: NA | BM98: NA | BN98: NA | BO98: NA | BP98: 20.6811 | BQ98: 22.7091 | BR98: 16.2478 | BS98: 21.9689 | BT98: 22.7091 | BU98: 16.2478 | BV98: 14.8552 | BW98: 17.4794 | BX98: 16.2893 | BY98: 15.9479 | BZ98: 17.4794 | CA98: 16.2893
A99: Current Value of Investment of Rs. 10,000 | B99: 19647 | C99: 22367 | D99: 21220 | E99: 20595 | F99: 22367 | G99: 21220 | H99: 19912 | I99: 20882 | J99: 21220 | K99: 20231 | L99: 20882 | M99: 21220 | N99: 20882 | O99: 24345 | P99: 21220 | Q99: 22435 | R99: 24345 | S99: 21220 | T99: 17450 | U99: 19148 | V99: 21220 | W99: 18857 | X99: 19148 | Y99: 21220 | Z99: 25845 | AA99: 24783 | AB99: 21220 | AC99: 27228 | AD99: 24783 | AE99: 21220 | AF99: 18529 | AG99: 22367 | AH99: 21220 | AI99: 19725 | AJ99: 22367 | AK99: 21220 | AL99: NA | AM99: NA | AN99: NA | AO99: NA | AP99: NA | AQ99: NA | AR99: 22887 | AS99: 22367 | AT99: 21220 | AU99: 24305 | AV99: 22367 | AW99: 21220 | AX99: 19148 | AY99: 22367 | AZ99: 21220 | BA99: 20124 | BB99: 22367 | BC99: 21220 | BD99: 21561 | BE99: 28127 | BF99: 21220 | BG99: 22601 | BH99: 28127 | BI99: 21220 | BJ99: NA | BK99: NA | BL99: NA | BM99: NA | BN99: NA | BO99: NA | BP99: 25584 | BQ99: 27806 | BR99: 21220 | BS99: 26978 | BT99: 27806 | BU99: 21220 | BV99: 19980 | BW99: 22367 | BX99: 21258 | BY99: 20948 | BZ99: 22367 | CA99: 21258
A100: Since Inception (CAGR %) | B100: 7.7455 | C100: NA | D100: 13.2123 | E100: 13.5246 | F100: 14.8723 | G100: 13.8747 | H100: 5.6642 | I100: NA | J100: 11.1244 | K100: 13.7124 | L100: 14.0818 | M100: 13.8747 | N100: 13.4123 | O100: 15.143 | P100: 12.187 | Q100: 14.9549 | R100: 15.143 | S100: 12.187 | T100: 7.3579 | U100: 13.7766 | V100: 12.9251 | W100: 8.579 | X100: 13.7766 | Y100: 12.9251 | Z100: 8.1948 | AA100: 5.1652 | AB100: 11.6534 | AC100: 14.8932 | AD100: 11.4047 | AE100: 13.8747 | AF100: 10.3069 | AG100: 15.4053 | AH100: 13.714 | AI100: 16.1184 | AJ100: 14.8723 | AK100: 13.8747 | AL100: 24.8256 | AM100: 28.8902 | AN100: 18.6432 | AO100: 13203 | AP100: 13429 | AQ100: 12197 | AR100: 17.9609 | AS100: 17.6048 | AT100: 16.3913 | AU100: 19.3805 | AV100: 17.6048 | AW100: 16.3913 | AX100: 10.4628 | AY100: 14.3698 | AZ100: 14.3704 | BA100: 11.9073 | BB100: 14.3698 | BC100: 14.3704 | BD100: 12.7161 | BE100: 20.0838 | BF100: 15.7315 | BG100: 14.2849 | BH100: 20.0838 | BI100: 15.7315 | BJ100: 17.0676 | BK100: 19.558 | BL100: 16.9464 | BM100: 18.7367 | BN100: 19.558 | BO100: 16.9464 | BP100: 14.5595 | BQ100: 14.64 | BR100: 14.6663 | BS100: 16.2274 | BT100: 14.64 | BU100: 14.6663 | BV100: 14.1584 | BW100: 14.7418 | BX100: 13.9007 | BY100: 15.3596 | BZ100: 14.7418 | CA100: 13.9007
A101: Current Value of Investment of Rs. 10,000 | B101: 98968 | C101: NA | D101: 452832 | E101: 40350 | F101: 45941 | G101: 41739 | H101: 50370 | I101: NA | J101: 220946 | K101: 41090 | L101: 42582 | M101: 41739 | N101: 30448 | O101: 34813 | P101: 27658 | Q101: 34313 | R101: 34813 | S101: 27658 | T101: 18631 | U101: 30993 | V101: 29019 | W101: 20573 | X101: 30993 | Y101: 29019 | Z101: 34643 | AA101: 22133 | AB101: 56911 | AC101: 46033 | AD101: 32795 | AE101: 41739 | AF101: 138113 | AG101: 462843 | AH101: 311764 | AI101: 51729 | AJ101: 45941 | AK101: 41739 | AL101: 12938 | AM101: 13429 | AN101: 12197 | AO101: 12599 | AP101: 12495 | AQ101: 11300 | AR101: 22933 | AS101: 22587 | AT101: 21440 | AU101: 24354 | AV101: 22587 | AW101: 21440 | AX101: 18382 | AY101: 22737 | AZ101: 22738 | BA101: 19902 | BB101: 22737 | BC101: 22738 | BD101: 22919 | BE101: 35541 | BF101: 27520 | BG101: 25223 | BH101: 35541 | BI101: 27520 | BJ101: 21426 | BK101: 23721 | BL101: 21319 | BM101: 22944 | BN101: 23721 | BO101: 21319 | BP101: 24279 | BQ101: 24391 | BR101: 24428 | BS101: 26681 | BT101: 24391 | BU101: 24428 | BV101: 20339 | BW101: 20903 | BX101: 20094 | BY101: 21513 | BZ101: 20903 | CA101: 20094
A103: First Tier Benchmark Index | C103: Nifty 500 TRI | D103: Nifty 50 TRI | F103: Nifty 500 TRI | G103: Nifty 50 TRI | I103: Nifty 100 TRI | J103: Nifty 50 TRI | L103: Nifty 100 TRI | M103: Nifty 50 TRI | O103: Nifty Large Midcap 250 TRI | P103: Nifty 50 TRI | R103: Nifty Large Midcap 250 TRI | S103: Nifty 50 TRI | U103: Nifty Financial Services TRI | V103: Nifty 50 TRI | X103: Nifty Financial Services TRI | Y103: Nifty 50 TRI | AA103: Nifty Infrastructure TRI | AB103: Nifty 50 TRI | AD103: Nifty Infrastructure TRI | AE103: Nifty 50 TRI | AG103: Nifty 500 TRI | AH103: Nifty 50 TRI | AJ103: Nifty 500 TRI | AK103: Nifty 50 TRI | AM103: NIFTY 500 Multicap 50:25:25 TRI | AN103: Nifty 50 TRI | AP103: NIFTY 500 Multicap 50:25:25 TRI | AQ103: Nifty 50 TRI | AS103: NIFTY 500 TRI | AT103: Nifty 50 TRI | AV103: NIFTY 500 TRI | AW103: Nifty 50 TRI | AY103: NIFTY 500 TRI | AZ103: Nifty 50 TRI | BB103: NIFTY 500 TRI | BC103: Nifty 50 TRI | BE103: NIFTY Midcap 150 TRI | BF103: Nifty 50 TRI | BH103: NIFTY Midcap 150 TRI | BI103: Nifty 50 TRI | BK103: S&P BSE Health Care TRI | BL103: Nifty 50 TRI | BN103: S&P BSE Health Care TRI | BO103: Nifty 50 TRI | BQ103: NIFTY Smallcap 250 TRI | BR103: Nifty 50 TRI | BT103: NIFTY Smallcap 250 TRI | BU103: Nifty 50 TRI | BW103: NIFTY 500 TRI | BX103: S&P BSE Sensex TRI | BZ103: NIFTY 500 TRI | CA103: S&P BSE Sensex TRI
A104: NAV/ Index Value | B104: 84.5588 | C104: 30417.8 | D104: 31933.93 | E104: 91.7758 | F104: =C104 -> 30417.8 | G104: =D104 -> 31933.93 | H104: 47.3648 | I104: 29472.22 | J104: =D104 -> 31933.93 | K104: 52.8766 | L104: =I104 -> 29472.22 | M104: =J104 -> 31933.93 | N104: 30.4477 | O104: 17031.33 | P104: =M104 -> 31933.93 | Q104: 34.3133 | R104: =O104 -> 17031.33 | S104: =P104 -> 31933.93 | T104: 19.0547 | U104: 26726.19 | V104: =P104 -> 31933.93 | W104: 20.9891 | X104: =U104 -> 26726.19 | Y104: =V104 -> 31933.93 | Z104: 34.6432 | AA104: 9420.03 | AB104: =V104 -> 31933.93 | AC104: 38.788 | AD104: =AA104 -> 9420.03 | AE104: =AB104 -> 31933.93 | AF104: 124.6965 | AG104: =F104 -> 30417.8 | AH104: =V104 -> 31933.93 | AI104: 139.6509 | AJ104: =AG104 -> 30417.8 | AK104: =AH104 -> 31933.93 | AL104: 12.9381 | AM104: 17129.57 | AN104: =+Hybrid!S104 -> 31933.93 | AO104: 13.2031 | AP104: =AM104 -> 17129.57 | AQ104: =AN104 -> 31933.93 | AR104: 22.9329 | AS104: =AJ104 -> 30417.8 | AT104: =AQ104 -> 31933.93 | AU104: 24.3536 | AV104: =AS104 -> 30417.8 | AW104: =AT104 -> 31933.93 | AX104: 18.3818 | AY104: =AS104 -> 30417.8 | AZ104: =AT104 -> 31933.93 | BA104: 19.9024 | BB104: =AY104 -> 30417.8 | BC104: =AZ104 -> 31933.93 | BD104: 22.9191 | BE104: 21478.21 | BF104: =BC104 -> 31933.93 | BG104: 25.2227 | BH104: =BE104 -> 21478.21 | BI104: =BF104 -> 31933.93 | BJ104: 21.4256 | BK104: 36196.701 | BL104: =BI104 -> 31933.93 | BM104: 22.9437 | BN104: =BK104 -> 36196.701 | BO104: =BL104 -> 31933.93 | BP104: 24.2795 | BQ104: 17641.14 | BR104: =BO104 -> 31933.93 | BS104: 26.6812 | BT104: =BQ104 -> 17641.14 | BU104: =BR104 -> 31933.93 | BV104: 20.3393 | BW104: =BB104 -> 30417.8 | BX104: 110664.15 | BY104: 21.5134 | BZ104: =BW104 -> 30417.8 | CA104: =BX104 -> 110664.15
A105: Scheme Riskometer | B105: The product is suitable for investors who are seeking*
B106: :) Long term capital appreciation | H106: :) Long Term Capital Appreciation | N106: :) Long Term Capital Appreciation. | T106: :) Capital appreciation over long term | Z106: :) Long Term Capital Growth | AF106: :) Long Term Capital Growth | AL106: :) Long term capital appreciation | AR106: :) Long term capital appreciation | AX106: :) Long term capital appreciation | BD106: :) Long term capital appreciation | BJ106: :) Long term capital appreciation | BP106: :) Long term capital appreciation | BV106: :) Long term capital appreciation
B107: :) Investing across Large, Mid & Small Cap stocks. | H107: :) A Fund that primarily invest in large-cap stock. | N107: :) A fund that primarily invests in Large and Mid-cap stocks | T107: :) Investing predominantly in portfolio of equity and equity related securities of companies engaged in banking and financial services. | Z107: :) Investment in equity and equity related instruments of companies engaged either directly or indirectly in infrastructure sector. | AF107: :) Investment in equity and equity related securities | AL107: :) Investing in equity and equity related intruments across Large, Mid & Small Cap stocks. | AR107: :) Investment predominantly in dividend yielding equity and equity related instruments. | AX107: :) Investment predominantly in large cap focused equity & equity related instruments of up to 30 companies and balance in debt & money market instruments. | BD107: :) Investment predominantly in equity and equity related instruments of Midcap companies. | BJ107: :) Investment predominantly in equity and equity related instruments of companies engaged in Healthcare & Allied Sectors. | BP107: :) Investment predominantly in equity and equity related instruments of Smallcap companies. | BV107: :) Investment in equity and equity related instruments by following value investment strategy.
B108: :) Risk - Very High | H108: :) Risk - Very High | N108: :) Risk - Very High | T108: :) Risk - Very High | Z108: :) Risk - Very High | AF108: :) Risk - Very High | AL108: :) Risk - Very High | AR108: :) Risk - Very High | AX108: :) Risk - Very High | BD108: :) Risk - Very High | BJ108: :) Risk - Very High | BP108: :) Risk - Very High | BV108: :) Risk - Very High
A122: Benchmark Riskometer | B122: First Tier Benchmark - Nifty 500 TRI | H122: First Tier Benchmark - Nifty 100 TRI | N122: First Tier Benchmark - Nifty LargeMidcap 250 TRI | T122: First Tier Benchmark - Nifty Financial Services TRI | Z122: First Tier Benchmark - Nifty Infrastructure TRI | AF122: First Tier Benchmark - Nifty 500 TRI | AL122: First Tier Benchmark - Nifty 500 Multicap 50:25:25 | AR122: First Tier Benchmark - Nifty 500 TRI | AX122: First Tier Benchmark - Nifty 500 TRI | BD122: First Tier Benchmark - Nifty Midcap 150 TRI | BJ122: First Tier Benchmark - S&P BSE Health Care TRI | BP122: First Tier Benchmark - Nifty Smallcap 250 TRI | BV122: First Tier Benchmark - Nifty 500 TRI
B123: :) Risk - Very High | H123: :) Risk - Very High | N123: :) Risk - Very High | T123: :) Risk - Very High | Z123: :) Risk - Very High | AF123: :) Risk - Very High | AL123: :) Risk - Very High | AR123: :) Risk - Very High | AX123: :) Risk - Very High | BD123: :) Risk - Very High | BJ123: :) Risk - Very High | BP123: :) Risk - Very High | BV123: :) Risk - Very High
I138: `
A139: Disclaimer :
A140: Mutual Fund Investments are subject to market risks, read all scheme related documents carefully.
A141: *Investors should consult their financial advisers if in doubt about whether the product is suitable for them.
A143: Notes:
A144: 1) All scheme returns are for growth option
A145: 2) All above data is as on 31/12/2023.
A146: 3)The performance of the scheme is benchmarked to the Total Return variant of the Index
A147: 4)As TRI data is not available since Inception of LIC MF Flexi cap Fund, benchmark performance is calculated using composite CAGR of Nifty 50 PRI values from date 15-Apr-1993 to date 30-Jun-1999 and TRI values since date 30-Jun-1999
A148: 5)As TRI data is not available since Inception of LIC MF Large Cap Fund, benchmark performance is calculated using composite CAGR of Nifty 50 PRI values from date 01-Sep-1994 to date 30-Jun-1999 and TRI values since date 30-Jun-1999
A149: 6)As TRI data is not available since Inception of LIC MF ELSS, benchmark performance is calculated using composite CAGR of Nifty 50 PRI values from date 31-Mar-1997 to date 30-Jun-1999 and TRI values since date 30-Jun-1999
A150: 7) The scheme performance IDBI MF schemes merged with LIC MF schemes herewith is a blended performance on weighted average, as per applicable guidelines of SEBI.
A151: "@ Base TER excludes additional expenses provided in Regulation 52(6A)(b) and 52(6A)(c) of SEBI (Mutual Funds) Regulations, 1996 and Goods and Services Tax (GST) on investment and advisory fees as per applicable RATE.
... A159: With reference to SEBI’s letter no. SEBI/HO/ IMD/ IMD-SEC-3/ P/ OW/ 2023/ 5823/ 1 dated February 24, 2023, and AMFI Circular No. CIR/ ARN-23/ 2022-23 March 07, 2023, the B-30 incentive structure for new inflows has been kept in abeyance with effect from March 01, 2023 till the incentive structure is appropriately re-instated by SEBI with necessary safeguards.

Sheet Debt-Excl.Over,Liq,MM
A1: =Equity!A1 -> Dashboard as on 31/12/2023
A2: Scheme Name | B2: LIC MF Banking & PSU Debt Fund | H2: LIC MF Gilt Fund (ERSTWHILE LIC MF Government Securities Fund) | N2: LIC MF Medium to Long Duration Bond Fund (ERSTWHILE LIC MF Bond Fund) | T2: LIC MF Short Duration Fund (ERSTWHILE LIC MF Short Term Debt Fund) | Z2: LIC MF Low Duration Fund (ERSTWHILE LIC MF Savings Fund) | AF2: LIC MF Ultra Short Duration Fund (ERSTWHILE LIC MF Ultra Short Term Fund)
A4: Date of Allotment - Regular | B4: 31.05.2007 | H4: 10.12.1999 | N4: 23.06.1999 | T4: 01.02.2019 | Z4: 09.06.2003 | AF4: 27.11.2019
A5: Date of Allotment - Direct | B5: 01.01.2013 | H5: 01.01.2013 | N5: 01.01.2013 | T5: 01.02.2019 | Z5: 01.01.2013 | AF5: 27.11.2019
A7: AUM (in Rs. crore) | B7: 1326.75 | H7: 45.61 | N7: 182.44 | T7: 131.21 | Z7: 1125.12 | AF7: 135.51
A9: Investment Objective | B9: The primary investment objective of the Scheme is to seek to generate income and capital appreciation by primarily investing in a portfolio of high quality debt and money market securities that are issued by banks, public sector undertakings, public financial institutions and Municipal Bonds. There is no assurance that the investment objective of the Scheme will be realized. | H9: The primary objective of the scheme is to generate credit risk free and reasonable returns for its investors through investments in sovereign securities issued by the central and /or state Government and/or any security unconditionally guaranteed by the central/ state government for repayment of Principal and interest and/or reverse repos in such securities as and when permitted by RBI. However, there is no assurance that the investment objective of the Schemes will be realized. | N9: LIC MF Medium to Long Duration Bond fund is an open-ended debt scheme which will endeavor to generate an attractive return for its investors by investing in a portfolio is between 4 years and 7 years. However, there is no assurance that the investment objective of the Schemes will be realized. | T9: The primary investment objective of the scheme is to generate returns commensurate with risk from a portfolio constituted of Debt securities and/or Money Market instruments. However there can be no assurance that the investment objective of the scheme will be achieved. | Z9: The investment objective of the Scheme is to generate income by investing in a portfolio of quality short term debt securities. However, there is no assurance that the investment objective of the Schemes will be realized. | AF9: The investment objective of the scheme is to generate returns through investment in Debt & Money Market instruments such that the Macaulay duration of the portfolio is between 3 months - 6 months. However, there is no assurance or guarantee that the investment objective of the Scheme will be achieved. The scheme does not assure or guarantee any returns.
A11: Fund Manager | B11: Mr. Marzban Irani (managing since 10/08/16) / Mr. Pratik Harish Shroff (Co Fund Manager, managing since 26/09/23) | H11: Mr. Marzban Irani (managing since 10/18/16) / Mr. Pratik Harish Shroff (Co Fund Manager, managing since 26/09/23) | N11: Mr. Marzban Irani (managing since 10/08/16) / Mr. Pratik Harish Shroff (Co Fund Manager, from 26/09/23) | T11: Mr. Marzban Irani (managing since 01/02/19) / Mr. Pratik Harish Shroff (Co Fund Manager, managing since 26/09/23) | Z11: Mr. Rahul Singh (managing since 07/09/15) | AF11: Mr. Rahul Singh (managing since 27/11/19)
A13: Total Expense Ratio (Weighted Average for the month) Excluding Goods and Service Tax on Management Fees
B14: Regular | E14: Direct | H14: Regular | K14: Direct | N14: Regular | Q14: Direct | T14: Regular | W14: Direct | Z14: Regular | AC14: Direct | AF14: Regular | AI14: Direct
A15: Base TER (%)@ | B15: 0.75 | E15: 0.25 | H15: 1.35 | K15: 0.63 | N15: 1.21 | Q15: 0.2 | T15: 1.29 | W15: 0.33 | Z15: 0.93 | AC15: 0.24 | AF15: 1 | AI15: 0.29
A16: Additional expense as per Regulation 52(6A)(b) (%)# | B16: 0 | E16: 0 | H16: 0 | K16: 0 | N16: 0 | Q16: 0 | T16: 0 | W16: 0 | Z16: 0 | AC16: 0 | AF16: 0 | AI16: 0
A17: Additional expense as per Regulation 52(6A)(c) (%)$ | B17: 0 | E17: 0 | H17: 0.05 | K17: 0.05 | N17: 0 | Q17: 0 | T17: 0 | W17: 0 | Z17: 0 | AC17: 0 | AF17: 0 | AI17: 0
A18: GST (%)^ | B18: 0.03 | E18: 0.03 | H18: 0.08 | K18: 0.08 | N18: 0.01 | Q18: 0.01 | T18: 0.04 | W18: 0.04 | Z18: 0.03 | AC18: 0.03 | AF18: 0.03 | AI18: 0.03
A19: Total TER (%) | B19: =SUM(B15:D18) -> 0.78 | E19: =SUM(E15:G18) -> 0.28 | H19: =SUM(H15:J18) -> 1.48 | K19: =SUM(K15:M18) -> 0.76 | N19: =SUM(N15:P18) -> 1.22 | Q19: =SUM(Q15:S18) -> 0.21 | T19: =SUM(T15:V18) -> 1.33 | W19: =SUM(W15:Y18) -> 0.37 | Z19: =SUM(Z15:AB18) -> 0.96 | AC19: =SUM(AC15:AE18) -> 0.27 | AF19: =SUM(AF15:AH18) -> 1.03 | AI19: =SUM(AI15:AK18) -> 0.32
A21: Portfolio (Top 10 Holdings) | B21: Name of the issuer | E21: % of Scheme | H21: Name of the issuer | K21: % of Scheme | N21: Name of the issuer | Q21: % of Scheme | T21: Name of the issuer | W21: % of Scheme | Z21: Name of the issuer | AC21: % of Scheme | AF21: Name of the issuer | AI21: % of Scheme
B22: Small Industries Development Bk of India | C22: Government Bond | D22: Government Bond | E22: 8.8207 | H22: Government Bond | K22: 55.374 | N22: State Government Bond | Q22: 68.3672 | T22: Government Bond | W22: 22.1872 | Z22: HDFC Bank Ltd. | AA22: HDFC Bank Ltd. | AB22: HDFC Bank Ltd. | AC22: 10.7343 | AF22: Government Treasury Bill | AI22: 25.2262
B23: Government Bond | C23: National Bk for Agriculture & Rural Dev. | D23: National Bk for Agriculture & Rural Dev. | E23: 8.8071 | H23: State Government Bond | K23: 41.4551 | N23: Government Bond | Q23: 23.3863 | T23: Indian Railway Finance Corporation Ltd. | U23: REC Ltd. | V23: REC Ltd. | W23: 7.8918 | Z23: Shriram Finance Ltd. | AA23: National Bk for Agriculture & Rural Dev. | AB23: National Bk for Agriculture & Rural Dev. | AC23: 9.0855 | AF23: Power Finance Corporation Ltd. | AI23: 7.844
B24: National Bk for Agriculture & Rural Dev. | C24: Small Industries Development Bk of India | D24: Small Industries Development Bk of India | E24: 8.2123 | N24: HDFC Bank Ltd. | Q24: 5.7096 | T24: Power Finance Corporation Ltd. | W24: 7.811 | Z24: Axis Bank Ltd. | AA24: Shriram Finance Ltd. | AB24: Shriram Finance Ltd. | AC24: 8.4362 | AF24: Reliance Industries Ltd. | AI24: 7.7869
B25: REC Ltd. | C25: Power Finance Corporation Ltd. | D25: Power Finance Corporation Ltd. | E25: 7.829 | N25: SBI Funds Management Ltd. | Q25: 0.1972 | T25: National Bk for Agriculture & Rural Dev. | W25: 7.7072 | Z25: Power Finance Corporation Ltd. | AA25: Punjab National Bank | AB25: Punjab National Bank | AC25: 8.1825 | AF25: HDFC Bank Ltd. | AI25: 7.3635
B26: Power Finance Corporation Ltd. | C26: REC Ltd. | D26: REC Ltd. | E26: 7.7825 | T26: Bajaj Finance Ltd. | W26: 7.6685 | Z26: REC Ltd. | AA26: Small Industries Development Bk of India | AB26: Small Industries Development Bk of India | AC26: 6.7357 | AF26: Birla Group Holdings Pvt Ltd. | AI26: 6.5697
B27: Indian Railway Finance Corporation Ltd. | C27: NTPC Ltd. | D27: NTPC Ltd. | E27: 7.7566 | T27: Small Industries Development Bk of India | W27: 7.6565 | Z27: National Bk for Agriculture & Rural Dev. | AA27: Axis Bank Ltd. | AB27: Axis Bank Ltd. | AC27: 6.5542 | AF27: National Bk for Agriculture & Rural Dev. | AI27: 1.4743
B28: HDFC Bank Ltd. | C28: Indian Railway Finance Corporation Ltd. | D28: Indian Railway Finance Corporation Ltd. | E28: 7.4185 | T28: State Government Bond | W28: 7.6546 | Z28: Kotak Mahindra Bank Ltd. | AA28: Power Finance Corporation Ltd. | AB28: Power Finance Corporation Ltd. | AC28: 6.4261 | AF28: SBI Funds Management Ltd. | AI28: 0.4513
B29: NTPC Ltd. | C29: Power Grid Corporation of India Ltd. | D29: Power Grid Corporation of India Ltd. | E29: 6.1492 | T29: REC Ltd. | W29: 7.3749 | Z29: Government Treasury Bill | AA29: State Government Bond | AB29: State Government Bond | AC29: 6.2069
B30: State Government Bond | C30: Bajaj Finance Ltd. | D30: Bajaj Finance Ltd. | E30: 4.6362 | T30: Axis Bank Ltd. | W30: 7.3556 | Z30: Tata Capital Housing Finance Ltd. | AA30: REC Ltd. | AB30: REC Ltd. | AC30: 5.5404
B31: Power Grid Corporation of India Ltd. | C31: State Bank of India | D31: State Bank of India | E31: 4.0343 | T31: Tata Capital Financial Services Ltd. | W31: 5.7029 | Z31: Canara Bank | AA31: Kotak Mahindra Bank Ltd. | AB31: Kotak Mahindra Bank Ltd. | AC31: 4.3968
B34: Grand Total | E34: =SUM(E22:G33) -> 71.4464 | H34: Grand Total | K34: =SUM(K22:M33) -> 96.8291 | N34: Grand Total | Q34: =SUM(Q22:S33) -> 97.6603 | T34: Grand Total | W34: =SUM(W22:Y33) -> 89.0102 | Z34: Total | AC34: =SUM(AC22:AE33) -> 72.2986 | AF34: Total | AI34: =SUM(AI22:AK33) -> 56.7159
A36: Asset Allocation | B36: Asset Allocation | E36: % of Scheme | H36: Asset Allocation | K36: % of Scheme | N36: Asset Allocation | Q36: % of Scheme | T36: Asset Allocation | W36: % of Scheme | Z36: Asset Allocation | AC36: % of Scheme | AF36: Asset Allocation | AI36: % of Scheme
B37: CORPORATE DEBT | E37: 67.239067 | H37: GOVERNMENT BOND AND TREASURY BILL | K37: 96.829735 | N37: GOVERNMENT BOND AND TREASURY BILL | Q37: 91.753944 | T37: CORPORATE DEBT | W37: 59.654168 | Z37: Money Market Instruments | AC37: 57.951639 | AF37: Cash & Other Receivables | AI37: 43.283636
B38: Money Market Instruments | E38: 16.114738 | H38: Cash & Other Receivables | K38: 3.1702649 | N38: CORPORATE DEBT | Q38: 5.7096829 | T38: GOVERNMENT BOND AND TREASURY BILL | W38: 29.842098 | Z38: CORPORATE DEBT | AC38: 28.601139 | AF38: GOVERNMENT BOND AND TREASURY BILL | AI38: 25.226344
B39: GOVERNMENT BOND AND TREASURY BILL | E39: 13.443739 | N39: Cash & Other Receivables | Q39: 2.3390738 | T39: Money Market Instruments | W39: 7.3556995 | Z39: GOVERNMENT BOND AND TREASURY BILL | AC39: 11.185675 | AF39: CORPORATE DEBT | AI39: 17.105401
B40: Cash & Other Receivables | E40: 2.9670736 | N40: Mutual Fund Units | Q40: 0.2 | T40: Cash & Other Receivables | W40: 2.8711652 | Z40: Cash & Other Receivables | AC40: 2.1021393 | AF40: Money Market Instruments | AI40: 13.933267
B41: Mutual Fund Units | E41: 0.23538304 | T41: Mutual Fund Units | W41: 0.27686884 | Z41: Mutual Fund Units | AC41: 0.15940783 | AF41: Mutual Fund Units | AI41: 0.45135244
B42: Grand Total | E42: =SUM(E37:G41) -> 100 | H42: Grand Total | K42: =SUM(K37:M41) -> 100 | N42: Grand Total | Q42: =SUM(Q37:S41) -> 100.0027 | T42: Grand Total | W42: =SUM(W37:Y41) -> 100 | Z42: Grand Total | AC42: =SUM(AC37:AE41) -> 100 | AF42: Grand Total | AI42: =SUM(AI37:AK41) -> 100
A44: Scheme Past Performance | B44: Regular (Growth) | E44: Direct (Growth) | H44: Regular (Growth) | K44: Direct (Growth) | N44: Regular (Growth) | Q44: Direct (Growth) | T44: Regular (Growth) | W44: Direct (Growth) | Z44: Regular (Growth) | AC44: Direct (Growth) | AF44: Regular (Growth) | AI44: Direct (Growth)
B45: Scheme (%) | C45: Scheme Benchmark (%) | D45: Additional Benchmark (%) | E45: Scheme (%) | F45: Scheme Benchmark (%) | G45: Additional Benchmark (%) | H45: Scheme (%) | I45: Scheme Benchmark (%) | J45: Additional Benchmark (%) | K45: Scheme (%) | L45: Scheme Benchmark (%) | M45: Additional Benchmark (%) | N45: Scheme (%) | O45: Scheme Benchmark (%) | P45: Additional Benchmark (%) | Q45: Scheme (%) | R45: Scheme Benchmark (%) | S45: Additional Benchmark (%) | T45: Scheme (%) | U45: Scheme Benchmark (%) | V45: Additional Benchmark (%) | W45: Scheme (%) | X45: Scheme Benchmark (%) | Y45: Additional Benchmark (%) | Z45: Scheme (%) | AA45: Scheme Benchmark (%) | AB45: Additional Benchmark (%) | AC45: Scheme (%) | AD45: Scheme Benchmark (%) | AE45: Additional Benchmark (%) | AF45: Scheme (%) | AG45: Scheme Benchmark (%) | AH45: Additional Benchmark (%) | AI45: Scheme (%) | AJ45: Scheme Benchmark (%) | AK45: Additional Benchmark (%)
A46: 1 year (CAGR %) | B46: 6.5274 | C46: 6.7302 | D46: 7.8399 | E46: 7.0882 | F46: 6.7302 | G46: 7.8399 | H46: 6.2576 | I46: 8.065 | J46: 7.8399 | K46: 7.0193 | L46: 8.065 | M46: 7.8399 | N46: 6.5092 | O46: 7.2315 | P46: 7.8399 | Q46: 7.281 | R46: 7.2315 | S46: 7.8399 | T46: 6.2184 | U46: 7.7274 | V46: 7.8399 | W46: 7.1858 | X46: 7.7274 | Y46: 7.8399 | Z46: 6.5498 | AA46: 7.6507 | AB46: 6.9549 | AC46: 7.2102 | AD46: 7.6507 | AE46: 6.9549 | AF46: 6.2949 | AG46: 7.6555 | AH46: 6.9549 | AI46: 6.6574 | AJ46: 7.6555 | AK46: 6.9549
A47: Current Value of Investment of Rs. 10,000 | B47: 10651 | C47: 10671 | D47: 10782 | E47: 10707 | F47: 10671 | G47: 10782 | H47: 10624 | I47: 10804 | J47: 10782 | K47: 10700 | L47: 10804 | M47: 10782 | N47: 10649 | O47: 10721 | P47: 10782 | Q47: 10726 | R47: 10721 | S47: 10782 | T47: 10620 | U47: 10771 | V47: 10782 | W47: 10717 | X47: 10771 | Y47: 10782 | Z47: 10653 | AA47: 10763 | AB47: 10694 | AC47: 10719 | AD47: 10763 | AE47: 10694 | AF47: 10628 | AG47: 10763 | AH47: 10694 | AI47: 10664 | AJ47: 10763 | AK47: 10694
A48: 3 Years (CAGR %) | B48: 4.041 | C48: 4.6591 | D48: 3.1579 | E48: 4.6062 | F48: 4.6591 | G48: 3.1579 | H48: 3.2566 | I48: 4.347 | J48: 3.1579 | K48: 4.0017 | L48: 4.347 | M48: 3.1579 | N48: 3.5206 | O48: 5.6925 | P48: 3.1579 | Q48: 4.0079 | R48: 5.6925 | S48: 3.1579 | T48: 3.6641 | U48: 5.556 | V48: 3.1579 | W48: 4.7005 | X48: 5.556 | Y48: 3.1579 | Z48: 4.7059 | AA48: 5.633 | AB48: 4.8418 | AC48: 5.3007 | AD48: 5.633 | AE48: 4.8418 | AF48: 4.8438 | AG48: 5.7109 | AH48: 4.8418 | AI48: 5.1158 | AJ48: 5.7109 | AK48: 4.8418
A49: Current Value of Investment of Rs. 10,000 | B49: 11260 | C49: 11461 | D49: 10976 | E49: 11444 | F49: 11461 | G49: 10976 | H49: 11007 | I49: 11359 | J49: 10976 | K49: 11247 | L49: 11359 | M49: 10976 | N49: 11092 | O49: 11803 | P49: 10976 | Q49: 11249 | R49: 11803 | S49: 10976 | T49: 11138 | U49: 11758 | V49: 10976 | W49: 11475 | X49: 11758 | Y49: 10976 | Z49: 11476 | AA49: 11783 | AB49: 11521 | AC49: 11673 | AD49: 11783 | AE49: 11521 | AF49: 11522 | AG49: 11809 | AH49: 11521 | AI49: 11611 | AJ49: 11809 | AK49: 11521
A50: 5 years (CAGR %) | B50: 6.0758 | C50: 6.7791 | D50: 5.7876 | E50: 6.6518 | F50: 6.7791 | G50: 5.7876 | H50: 6.33 | I50: 7.0761 | J50: 5.7876 | K50: 7.1117 | L50: 7.0761 | M50: 5.7876 | N50: 5.776 | O50: 8.1301 | P50: 5.7876 | Q50: 6.3903 | R50: 8.1301 | S50: 5.7876 | T50: NA | U50: NA | V50: NA | W50: NA | X50: NA | Y50: NA | Z50: 4.9108 | AA50: 6.3218 | AB50: 5.589 | AC50: 5.4905 | AD50: 6.3218 | AE50: 5.589 | AF50: NA | AG50: NA | AH50: NA | AI50: NA | AJ50: NA | AK50: NA
A51: Current Value of Investment of Rs. 10,000 | B51: 13428 | C51: 13879 | D51: 13247 | E51: 13796 | F51: 13879 | G51: 13247 | H51: 13590 | I51: 14073 | J51: 13247 | K51: 14096 | L51: 14073 | M51: 13247 | N51: 13239 | O51: 14779 | P51: 13247 | Q51: 13628 | R51: 14779 | S51: 13247 | T51: NA | U51: NA | V51: NA | W51: NA | X51: NA | Y51: NA | Z51: 12707 | AA51: 13584 | AB51: 13123 | AC51: 13062 | AD51: 13584 | AE51: 13123 | AF51: NA | AG51: NA | AH51: NA | AI51: NA | AJ51: NA | AK51: NA
A52: Since Inception (CAGR %) | B52: 7.0271 | C52: 7.8992 | D52: 6.4631 | E52: 7.334 | F52: 7.4326 | G52: 6.2969 | H52: 7.1823 | I52: NA | J52: NA | K52: 7.4885 | L52: 7.2396 | M52: 6.2979 | N52: 7.8216 | O52: 9.6062 | P52: NA | Q52: 6.9239 | R52: 8.4821 | S52: 6.2979 | T52: 5.1832 | U52: 7.1451 | V52: 6.0909 | W52: 6.515 | X52: 7.1451 | Y52: 6.0909 | Z52: 6.3608 | AA52: 7.0474 | AB52: 5.885 | AC52: 7.1313 | AD52: 7.5193 | AE52: 6.4081 | AF52: 4.8991 | AG52: 5.7999 | AH52: 5.0762 | AI52: 5.1336 | AJ52: 5.7999 | AK52: 5.0762
A53: Current Value of Investment of Rs. 10,000 | B53: 30857 | C53: 35305 | D53: 28267 | E53: 21774 | F53: 21995 | G53: 19570 | H53: 53091 | I53: NA | J53: NA | K53: 22126 | L53: 21569 | M53: 19575 | N53: 63447 | O53: 94913 | P53: NA | Q53: 20881 | R53: 24482 | S53: 19575 | T53: 12816 | U53: 14033 | V53: 13368 | W53: 13633 | X53: 14033 | Y53: 13368 | Z53: 35554 | AA53: 40586 | AB53: 32422 | AC53: 21330 | AD53: 22195 | AE53: 19799 | AF53: 12161 | AG53: 12594 | AH53: 12245 | AI53: 12272 | AJ53: 12594 | AK53: 12245
A55: First Tier Benchmark Index | C55: NIFTY Banking & PSU Debt Index | D55: CRISIL 10 Year Gilt Index | F55: NIFTY Banking & PSU Debt Index | G55: CRISIL 10 Year Gilt Index | I55: NIFTY All Duration G-Sec Index | J55: Crisil 10 Year Gilt Index | L55: NIFTY All Duration G-Sec Index | M55: Crisil 10 Year Gilt Index | O55: CRISIL Medium to Long Duration Debt BIII Index | P55: Crisil 10 Year Gilt Index | R55: CRISIL Medium to Long Duration Debt BIII Index | S55: Crisil 10 Year Gilt Index | U55: CRISIL Short Duration Fund BII Index | V55: Crisil 10 Year Gilt Index | X55: CRISIL Short Duration Fund BII Index | Y55: Crisil 10 Year Gilt Index | AA55: CRISIL Low Duration Fund BI Index | AB55: Crisil 1 Year T-Bill Index | AD55: CRISIL Low Duration Fund BI Index | AE55: Crisil 1 Year T-Bill Index | AG55: CRISIL Ultra Short Duration Fund BI Index | AH55: CRISIL 1 Year T-Bill Index | AJ55: CRISIL Ultra Short Duration Fund BI Index | AK55: CRISIL 1 Year T-Bill Index
A56: NAV/ Index Value | B56: 30.8568 | C56: 5108.69 | D56: 4441.754 | E56: 33.0288 | F56: =C56 -> 5108.69 | G56: =D56 -> 4441.754 | H56: 53.0902 | I56: 4677.8 | J56: =D56 -> 4441.754 | K56: 57.8565 | L56: =I56 -> 4677.8 | M56: =D56 -> 4441.754 | N56: 63.447 | O56: 14619.233 | P56: =D56 -> 4441.754 | Q56: 67.3405 | R56: =O56 -> 14619.233 | S56: =P56 -> 4441.754 | T56: 12.9976 | U56: 4549.2125 | V56: =S56 -> 4441.754 | W56: 13.6831 | X56: =U56 -> 4549.2125 | Y56: =V56 -> 4441.754 | Z56: 35.5547 | AA56: 7197.6163 | AB56: ='Debt-Over,Liq,MM'!S62 -> 6973.4874 | AC56: 38.1496 | AD56: =AA56 -> 7197.6163 | AE56: =AB56 -> 6973.4874 | AF56: 1194.0779 | AG56: 7336.1593 | AH56: =AE56 -> 6973.4874 | AI56: 1207.1128 | AJ56: =AG56 -> 7336.1593 | AK56: =AH56 -> 6973.4874
A57: Scheme Riskometer | B57: The product is suitable for investors who are seeking*
B58: :) Income for medium term capital appreciation with current income. | H58: :) Long term Capital Appreciation and current income | N58: :) Income Over Medium to long term | T58: :) Generation of reasonable returns over short to medium term. | Z58: :) Income for short term | AF58: :) Income over short term.
B59: :) An income fund that invests predominantly in debt and money market instruments issued by Banks, Public Sector Undertakings, Public Financial Institutions and Municipal Bonds. | H59: :) Investment in sovereign securities issued by Central / State Government | N59: :) To generate income/capital appreciation through investments in Debt / Money Market Instruments | T59: :) Investment in Debt securities and money market instruments. | Z59: :) A fund that focuses on low duration securities. | AF59: :) Investment in Debt & Money Market Instruments such that the Macaulay Duration of the portfolio is between 3 months- 6 months.
B60: :) Risk - Moderate | H60: :) Risk - Moderate | N60: :) Risk - Moderate | T60: :) Risk - Moderate | Z60: :) Risk - Low to Moderate | AF60: :) Risk - Low to Moderate
B76: First Tier Benchmark - NIFTY Banking & PSU Debt Index | H76: First Tier Benchmark - NIFTY All Duration G-Sec Index | N76: First Tier Benchmark - CRISIL Medium to Long Duration Fund BIII Index | T76: First Tier Benchmark - CRISIL Short Duration Fund BII Index | Z76: First Tier Benchmark - CRISIL Low Duration Fund BI Index | AF76: First Tier Benchmark - CRISIL Ultra Short Duration Fund BI Index
A77: Benchmark Riskometer | B77: :) Risk - Moderate | H77: :) Risk - Moderate | N77: :) Risk - Moderately High | T77: :) Risk - Low to Moderate | Z77: :) Risk - Moderate | AF77: :) Risk - Moderate
A93: Potential Risk Class (PRC) Matrix | B93: Potential Risk Class | H93: Potential Risk Class | N93: Potential Risk Class | T93: Potential Risk Class | Z93: Potential Risk Class | AF93: Potential Risk Class
B94: Credit Risk | D94: Relatively Low (Class A) | E94: Moderate (Class B) | F94: Relatively High (Class C) | H94: Credit Risk | J94: Relatively Low (Class A) | K94: Moderate (Class B) | L94: Relatively High (Class C) | N94: Credit Risk | P94: Relatively Low (Class A) | Q94: Moderate (Class B) | R94: Relatively High (Class C) | T94: Credit Risk | V94: Relatively Low (Class A) | W94: Moderate (Class B) | X94: Relatively High (Class C) | Z94: Credit Risk | AB94: Relatively Low (Class A) | AC94: Moderate (Class B) | AD94: Relatively High (Class C) | AF94: Credit Risk | AH94: Relatively Low (Class A) | AI94: Moderate (Class B) | AJ94: Relatively High (Class C)
B95: Interest Rate Risk | H95: Interest Rate Risk | N95: Interest Rate Risk | T95: Interest Rate Risk | Z95: Interest Rate Risk | AF95: Interest Rate Risk
B96: Relatively Low (Class I) | H96: Relatively Low (Class I) | N96: Relatively Low (Class I) | T96: Relatively Low (Class I) | Z96: Relatively Low (Class I) | AC96: B-I | AF96: Relatively Low (Class I) | AI96: B-I
B97: Scheme (%) | H97: Moderate (Class II) | N97: Moderate (Class II) | T97: Moderate (Class II) | W97: B-II | Z97: Moderate (Class II) | AF97: Moderate (Class II)
B98: Relatively High (Class III) | D98: A-III | H98: Relatively High (Class III) | J98: A-III | N98: Relatively High (Class III) | Q98: B-III | T98: Relatively High (Class III) | Z98: Relatively High (Class III) | AF98: Relatively High (Class III)
A102: Disclaimer :
A103: Mutual Fund Investments are subject to market risks, read all scheme related documents carefully.
A104: *Investors should consult their financial advisers if in doubt about whether the product is suitable for them.
A106: Notes:
A107: 1) All scheme returns are for growth option
A108: =Equity!A145 -> 2) All above data is as on 31/12/2023.
A109: 3)The performance of the scheme is benchmarked to the Total Return variant of the Index
A110: 4) Pursuant to paragraph 17.5 of SEBI Master Circular for Mutual Funds dated May 19, 2023, regarding Potential Risk Class (PRC) Matrix for debt schemes the PRC Matrix for debt schemes of LIC Mutual Fund has been given above.
A111: 5) The scheme performance IDBI MF schemes merged with LIC MF schemes herewith is a blended performance on weighted average, as per applicable guidelines of SEBI.
A112: "@ Base TER excludes additional expenses provided in Regulation 52(6A)(b) and 52(6A)(c) of SEBI (Mutual Funds) Regulations, 1996 and Goods and Services Tax (GST) on investment and advisory fees as per applicable RATE.
A113: "# Additional Expenses not exceeding 0.30% in terms of Regulation 52(6A)(b) of SEBI (Mutual Funds) Regulations, 1996
A114: "$ Additional Expenses not exceeding 0.05% in terms of Regulation 52(6A)(c) of SEBI (Mutual Funds) Regulations, 1996.
A115: " ^ Present GST rate is 18 %.
A116: Percentages mentioned above for TER are annualized
A117: Base TER of direct plan shall have a lower expense ratio excluding distribution expenses, commission, etc., and no commission shall be paid from such plans
A118: Please note that IDBI Credit Risk Fund has been merged in to LIC MF Medium to Long Duration Bond Fund with effect from July 29, 2023. In line with paragraph 13.4.2 of SEBI Master Circular for Mutual Funds dated May 19, 2023, the details of past performance of IDBI Credit Risk Fund prior to merger is available on request of the Investor.
A121: With reference to SEBI’s letter no. SEBI/HO/ IMD/ IMD-SEC-3/ P/ OW/ 2023/ 5823/ 1 dated February 24, 2023, and AMFI Circular No. CIR/ ARN-23/ 2022-23 March 07, 2023, the B-30 incentive structure for new inflows has been kept in abeyance with effect from March 01, 2023 till the incentive structure is appropriately re-instated by SEBI with necessary safeguards.

Sheet Debt-Over,Liq,MM
A1: =Equity!A1 -> Dashboard as on 31/12/2023
A2: Scheme Name | B2: LIC MF Liquid Fund | H2: LIC MF Overnight Fund | N2: LIC MF Money Market Fund
A4: Date of Allotment - Regular | B4: 18.03.2002 | H4: 18.07.2019 | N4: 01.08.2022
A5: Date of Allotment - Direct | B5: 01.01.2013 | H5: 18.07.2019 | N5: 01.08.2022
A7: AUM (in Rs. crore) | B7: 10213.41** | H7: 297.85 | N7: 27.23
A9: Investment Objective | B9: An open ended scheme which seeks to generate reasonable returns with low risk and high liquidity through judicious mix of investment in money market instruments and quality debt instruments. However, there is no assurance that the investment objective of the Schemes will be realized. | H9: The Investment Objective of the Scheme is to provide reasonable returns commensurate with low risk and providing a high level of liquidity, through investments made primarily in overnight securities having maturity/residual maturity of 1 business day. However, there can be no assurance that the investment objective of the scheme will be achieved. The Scheme(s) does not assure or guarantee any returns. | N9: The investment objective of the Scheme is to generate income through investment in a portfolio comprising of money market instruments. However, there is no assurance that the Investment Objective of the Scheme will be achieved.
A11: Fund Manager | B11: Mr. Rahul Singh (managing since 05/10/2015) | H11: Mr. Rahul Singh (managing since 18/07/19) | N11: Mr. Rahul Singh (managing since 01/08/22)
A13: Total Expense Ratio (Weighted Average for the month) Excluding Goods and Service Tax on Management Fees
B14: Regular | E14: Direct | H14: Regular | K14: Direct | N14: Regular | Q14: Direct
A15: Base TER (%)@ | B15: 0.2 | E15: 0.15 | H15: 0.2 | K15: 0.07 | N15: 0.6 | Q15: 0.17
A16: Additional expense as per Regulation 52(6A)(b) (%)# | B16: 0 | E16: 0 | H16: 0 | K16: 0 | N16: 0 | Q16: 0
A17: Additional expense as per Regulation 52(6A)(c) (%)$ | B17: 0 | E17: 0 | H17: 0 | K17: 0 | N17: 0 | Q17: 0
A18: GST (%)^ | B18: 0.01 | E18: 0.01 | H18: 0 | K18: 0 | N18: 0.01 | Q18: 0.01
A19: Total TER (%) | B19: =SUM(B15:D18) -> 0.21 | E19: =SUM(E15:G18) -> 0.16 | H19: =SUM(H15:J18) -> 0.2 | K19: =SUM(K15:M18) -> 0.07 | N19: =SUM(N15:P18) -> 0.61 | Q19: =SUM(Q15:S18) -> 0.18
A21: Portfolio (Top 10 Holdings) | B21: Name of the issuer | E21: % of Scheme | H21: Name of the issuer | K21: % of Scheme | N21: Name of the issuer | Q21: % of Scheme
B22: Government Treasury Bill | E22: 20.5045 | H22: Government Treasury Bill | K22: 11.7199 | N22: Government Treasury Bill | Q22: 53.737
B23: National Bk for Agriculture & Rural Dev. | E23: 10.6782 | N23: SBI Funds Management Ltd. | Q23: 0.7226
B24: Punjab National Bank | E24: 8.712 | N24: Others | Q24: 0
B25: Reliance Retail Ventures Ltd. | E25: 5.3286
B26: Bank of Baroda | E26: 5.0921
B27: Small Industries Development Bk of India | E27: 4.8694
B28: Indian Bank | E28: 4.8558
B29: HDFC Securities Ltd. | E29: 4.8202
B30: Canara Bank | E30: 3.8756
B31: Birla Group Holdings Pvt Ltd. | E31: 3.6798
B34: Total | E34: =SUM(E22:G33) -> 72.4162 | H34: Total | K34: =SUM(K22:M33) -> 11.7199 | N34: Total | Q34: =SUM(Q22:S33) -> 54.4596
A36: Asset Allocation | B36: Asset Allocation | E36: % of Scheme | H36: Asset Allocation | K36: % of Scheme | N36: Asset Allocation | Q36: % of Scheme
B37: Money Market Instruments | E37: 78.295428 | H37: Cash & Other Receivables | K37: 88.279942 | N37: GOVERNMENT BOND AND TREASURY BILL | Q37: 53.737019
B38: GOVERNMENT BOND AND TREASURY BILL | E38: 20.505002 | H38: GOVERNMENT BOND AND TREASURY BILL | K38: 11.720058 | N38: Cash & Other Receivables | Q38: 45.540297
B39: Mutual Fund Units | E39: 1.053613 | N39: Mutual Fund Units | Q39: 0.7226843
B40: Cash & Other Receivables | E40: 0.1459571
B42: Grand Total | E42: =SUM(E37:G41) -> 100 | H42: Grand Total | K42: =SUM(K37:M41) -> 100 | N42: Grand Total | Q42: =SUM(Q37:S41) -> 100
A44: Scheme Past Performance | B44: Regular (Growth) | E44: Direct (Growth) | H44: Regular (Growth) | K44: Direct (Growth) | N44: Regular (Growth) | Q44: Direct (Growth)
B45: Scheme (%) | C45: Scheme Benchmark (%) | D45: Additional Benchmark (%) | E45: Scheme (%) | F45: Scheme Benchmark (%) | G45: Additional Benchmark (%) | H45: Scheme (%) | I45: Scheme Benchmark (%) | J45: Additional Benchmark (%) | K45: Scheme (%) | L45: Scheme Benchmark (%) | M45: Additional Benchmark (%) | N45: Scheme (%) | O45: Scheme Benchmark (%) | P45: Additional Benchmark (%) | Q45: Scheme (%) | R45: Scheme Benchmark (%) | S45: Additional Benchmark (%)
A46: 7 Days (CAGR %) | B46: 8.0896 | C46: 7.6629 | D46: 7.0082 | E46: 8.1396 | F46: 7.6629 | G46: 7.0082 | H46: 6.7106 | I46: 6.7792 | J46: 7.0082 | K46: 6.8405 | L46: 6.7792 | M46: 7.0082 | N46: 6.7378 | O46: 8.1425 | P46: 7.0139 | Q46: 7.1671 | R46: 8.1425 | S46: 7.0139
A47: Current Value of Investment of Rs. 10,000 | B47: 10016 | C47: 10015 | D47: 10013 | E47: 10016 | F47: 10015 | G47: 10013 | H47: 10013 | I47: 10013 | J47: 10013 | K47: 10013 | L47: 10013 | M47: 10013 | N47: 10013 | O47: 10016 | P47: 10013 | Q47: 10014 | R47: 10016 | S47: 10013
A48: 15 Days (CAGR %) | B48: 7.5806 | C48: 7.4409 | D48: 6.4904 | E48: 7.6309 | F48: 7.4409 | G48: 6.4904 | H48: 6.6442 | I48: 6.7721 | J48: 6.4904 | K48: 6.774 | L48: 6.7721 | M48: 6.4904 | N48: 6.2437 | O48: 7.6801 | P48: 6.4785 | Q48: 6.6728 | R48: 7.6801 | S48: 6.4785
A49: Current Value of Investment of Rs. 10,000 | B49: 10031 | C49: 10031 | D49: 10027 | E49: 10031 | F49: 10031 | G49: 10027 | H49: 10027 | I49: 10028 | J49: 10027 | K49: 10028 | L49: 10028 | M49: 10027 | N49: 10026 | O49: 10032 | P49: 10027 | Q49: 10027 | R49: 10032 | S49: 10027
A50: 30 Days (CAGR %) | B50: 7.1778 | C50: 7.2344 | D50: 7.186 | E50: 7.2281 | F50: 7.2344 | G50: 7.186 | H50: 6.6127 | I50: 6.7701 | J50: 7.186 | K50: 6.743 | L50: 6.7701 | M50: 7.186 | N50: 6.3099 | O50: 7.2916 | P50: 7.2222 | Q50: 6.7397 | R50: 7.2916 | S50: 7.2222
A51: Current Value of Investment of Rs. 10,000 | B51: 10058 | C51: 10058 | D51: 10058 | E51: 10058 | F51: 10058 | G51: 10058 | H51: 10054 | I51: 10055 | J51: 10058 | K51: 10055 | L51: 10055 | M51: 10058 | N51: 10051 | O51: 10059 | P51: 10058 | Q51: 10055 | R51: 10059 | S51: 10058
A52: 1 year (CAGR %) | B52: 6.9478 | C52: 7.1683 | D52: 6.955 | E52: 7.0799 | F52: 7.1683 | G52: 6.955 | H52: 6.5513 | I52: 6.7569 | J52: 6.955 | K52: 6.6896 | L52: 6.7569 | M52: 6.955 | N52: 6.2588 | O52: 7.4496 | P52: 6.9549 | Q52: 6.7193 | R52: 7.4496 | S52: 6.9549
A53: Current Value of Investment of Rs. 10,000 | B53: 10695 | C53: 10717 | D53: 10696 | E53: 10708 | F53: 10717 | G53: 10696 | H53: 10655 | I53: 10676 | J53: 10696 | K53: 10669 | L53: 10676 | M53: 10696 | N53: 10624 | O53: 10743 | P53: 10694 | Q53: 10670 | R53: 10743 | S53: 10694
A54: 3 Years (CAGR %) | B54: 4.989 | C54: 5.2838 | D54: 4.8454 | E54: 5.1099 | F54: 5.2838 | G54: 4.8454 | H54: 4.7323 | I54: 4.9261 | J54: 4.8454 | K54: 4.8685 | L54: 4.9261 | M54: 4.8454 | N54: NA | O54: NA | P54: NA | Q54: NA | R54: NA | S54: NA
A55: Current Value of Investment of Rs. 10,000 | B55: 11573 | C55: 11670 | D55: 11525 | E55: 11613 | F55: 11670 | G55: 11525 | H55: 11488 | I55: 11552 | J55: 11525 | K55: 11533 | L55: 11552 | M55: 11525 | N55: NA | O55: NA | P55: NA | Q55: NA | R55: NA | S55: NA
A56: 5 years (CAGR %) | B56: 5.1667 | C56: 5.4111 | D56: 5.5903 | E56: 5.2815 | F56: 5.4111 | G56: 5.5903 | H56: NA | I56: NA | J56: NA | K56: NA | L56: NA | M56: NA | N56: NA | O56: NA | P56: NA | Q56: NA | R56: NA | S56: NA
A57: Current Value of Investment of Rs. 10,000 | B57: 12866 | C57: 13017 | D57: 13128 | E57: 12937 | F57: 13017 | G57: 13128 | H57: NA | I57: NA | J57: NA | K57: NA | L57: NA | M57: NA | N57: NA | O57: NA | P57: NA | Q57: NA | R57: NA | S57: NA
A58: Since Inception (CAGR %) | B58: 6.8933 | C58: NA | D58: 5.9163 | E58: 6.8116 | F58: 6.7852 | G58: 6.4083 | H58: 4.4424 | I58: 4.6115 | J58: 5.2874 | K58: 4.5783 | L58: 4.6115 | M58: 5.2874 | N58: 5.8397 | O58: 7.0636 | P58: 6.4986 | Q58: 6.2996 | R58: 7.0636 | S58: 6.4986
A59: Current Value of Investment of Rs. 10,000 | B59: 42776 | C59: NA | D59: 35015 | E59: 20648 | F59: 20592 | G59: 19806 | H59: 12138 | I59: 12226 | J59: 12582 | K59: 12208 | L59: 12226 | M59: 12582 | N59: 10834 | O59: 11011 | P59: 10929 | Q59: 10900 | R59: 11011 | S59: 10929
A61: First Tier Benchmark Index | C61: CRISIL Liquid Fund BI Index | D61: Crisil 1 Year T-Bill Index | F61: CRISIL Liquid Fund BI Index | G61: Crisil 1 Year T-Bill Index | I61: NIFTY 1D Rate Index | J61: CRISIL 1 Year T-Bill Index | L61: NIFTY 1D Rate Index | M61: CRISIL 1 Year T-Bill Index | O61: NIFTY Money Market Index B-I | P61: CRISIL 1 Year T-Bill Index | R61: NIFTY Money Market Index B-I | S61: CRISIL 1 Year T-Bill Index
A62: NAV/ Index Value | B62: 4248.0043 | C62: 3929.0712 | D62: 6973.4874 | E62: 4302.8347 | F62: =C62 -> 3929.0712 | G62: =D62 -> 6973.4874 | H62: 1213.3471 | I62: 2223.17 | J62: =+D62 -> 6973.4874 | K62: 1220.3922 | L62: =I62 -> 2223.17 | M62: =J62 -> 6973.4874 | N62: 1083.3728 | O62: 4639.1 | P62: =M62 -> 6973.4874 | Q62: 1090.0213 | R62: =O62 -> 4639.1 | S62: =P62 -> 6973.4874
A63: Scheme Riskometer | B63: The product is suitable for investors who are seeking*
B64: :) Income for short term | H64: :) Income with high levels of safety and liquidity over short term. | N64: :) Income over short term.
B65: :) Investment in Debt/Money Market Instruments with maturity of upto 91 days. | H65: :) Investment in debt and money market instruments with overnight maturity. | N65: :) Investment in money market instruments with maturity upto one year.
B66: :) Risk - Low to Moderate | H66: :) Risk - Low | N66: :) Risk - Low
A82: Benchmark Riskometer | B82: First Tier Benchmark - CRISIL Liquid Fund BI Index | H82: First Tier Benchmark - NIFTY 1D Rate Index | N82: First Tier Benchmark - NIFTY Money Market Index B-I
B83: :) Risk - Low to Moderate | H83: :) Risk - Low | N83: :) Risk - Moderate
A99: Potential Risk Class (PRC) Matrix | B99: Potential Risk Class | H99: Potential Risk Class | N99: Potential Risk Class
B100: Credit Risk | D100: Relatively Low (Class A) | E100: Moderate (Class B) | F100: Relatively High (Class C) | H100: Credit Risk | J100: Relatively Low (Class A) | K100: Moderate (Class B) | L100: Relatively High (Class C) | N100: Credit Risk | P100: Relatively Low (Class A) | Q100: Moderate (Class B) | R100: Relatively High (Class C)
B101: Interest Rate Risk | H101: Interest Rate Risk | N101: Interest Rate Risk
B102: Relatively Low (Class I) | E102: B-I | H102: Relatively Low (Class I) | J102: A-I | N102: Relatively Low (Class I) | Q102: B-I
B103: Moderate (Class II) | H103: Moderate (Class II) | N103: Moderate (Class II)
B104: Relatively High (Class III) | H104: Relatively High (Class III) | N104: Relatively High (Class III)
A107: Disclaimer :
A108: Mutual Fund Investments are subject to market risks, read all scheme related documents carefully.
A109: *Investors should consult their financial advisers if in doubt about whether the product is suitable for them.
A111: Notes:
A112: 1) All scheme returns are for growth option
A113: ='Debt-Excl.Over,Liq,MM'!A108 -> 2) All above data is as on 31/12/2023.
A114: 3)The performance of the scheme is benchmarked to the Total Return variant of the Index
A115: 4) Pursuant to paragraph 17.5 of SEBI Master Circular for Mutual Funds dated May 19, 2023, pertaining to Potential Risk Class (PRC) Matrix, the PRC Matrix for debt schemes of LIC Mutual Fund has been given above.
A116: 5)The scheme performance IDBI MF schemes merged with LIC MF schemes herewith is a blended performance on weighted average, as per applicable guidelines of SEBI.
A117: "@ Base TER excludes additional expenses provided in Regulation 52(6A)(b) and 52(6A)(c) of SEBI (Mutual Funds) Regulations, 1996 and Goods and Services Tax (GST) on investment and advisory fees as per applicable RATE.
A118: "# Additional Expenses not exceeding 0.30% in terms of Regulation 52(6A)(b) of SEBI (Mutual Funds) Regulations, 1996
A119: "$ Additional Expenses not exceeding 0.05% in terms of Regulation 52(6A)(c) of SEBI (Mutual Funds) Regulations, 1996.
A120: " ^ Present GST rate is 18 %.
A121: LIC MF LIQUID FUND: ** The AUM of the scheme include investments made by other Schemes of LIC Mutual Fund aggregating to Rs. 8.31 Crore.
A122: Percentages mentioned above for TER are annualized
A123: Base TER of direct plan shall have a lower expense ratio excluding distribution expenses, commission, etc., and no commission shall be paid from such plans
A125: With reference to SEBI’s letter no. SEBI/HO/ IMD/ IMD-SEC-3/ P/ OW/ 2023/ 5823/ 1 dated February 24, 2023, and AMFI Circular No. CIR/ ARN-23/ 2022-23 March 07, 2023, the B-30 incentive structure for new inflows has been kept in abeyance with effect from March 01, 2023 till the incentive structure is appropriately re-instated by SEBI with necessary safeguards.

Sheet Hybrid
A1: Dashboard as on 31/12/2023
A2: Scheme Name | B2: LIC MF Aggressive Hybrid Fund (ERSTWHILE LIC MF Equity Hybrid Fund) | H2: LIC MF Arbitrage Fund | N2: LIC MF Balanced Advantage Fund | T2: LIC MF Conservative Hybrid Fund (ERSTWHILE LIC MF Debt Hybrid Fund) | Z2: LIC MF Equity Savings Fund (ERSTWHILE IDBI EQUITY SAVINGS FUND) | AF2: LIC MF Unit Linked Insurance Scheme
A4: Date of Allotment - Regular | B4: 01.01.1991 | H4: 25.01.2019 | N4: 12.11.2021 | T4: 01.06.1998 | Z4: 07.03.2011 | AF4: 19.06.1989
A5: Date of Allotment - Direct | B5: 01.01.2013 | H5: 25.01.2019 | N5: 12.11.2021 | T5: 01.01.2013 | Z5: 01.01.2013 | AF5: 01.01.2013
A7: AUM (in Rs. crore) | B7: 515.23 | H7: 24.22 | N7: 979.61 | T7: 53.14 | Z7: 9.65 | AF7: 480.76
A10: Investment Objective | B10: An open ended balanced scheme which seeks to provide regular returns and capital appreciation according to the selection of plan by investing in equities and debt. However, there is no assurance that the investment objective of the Schemes will be realized. | H10: The investment objective of the scheme is to generate income by taking advantage of arbitrage opportunities that potentially exists between cash and derivative market and within the derivative segment of the equity market along with investments in debt securities & money market instruments. However, there can be no assurance that the investment objective of the scheme will be realized. | N10: The investment objective of the scheme is to provide capital appreciation/ income to the investors from a dynamic mix of equity, debt and money market instruments. The Scheme seeks to reduce the volatility by diversifying the assets across equity, debt and money market instruments. However, there is no assurance or guarantee that the investment objective of the Scheme will be realized. | T10: The investment objective of the Scheme is to generate regular income by investing mainly in a portfolio of quality debt securities and money market instruments. It also seeks to generate capital appreciation by investing some percentage in a mix of equity instruments. However, there is no assurance that the investment objective of the Schemes will be realized. | Z10: The investment objective of the Scheme is to generate regular income by investing in Debt and money market instruments and using arbitrage and other derivative strategies. The Scheme also intends to generate long capital appreciation through un hedged exposure to equity and equity related instruments. However, there can be no assurance or guarantee that the investment objective of the scheme will be achieved. | AF10: An open ended scheme which seeks to generate long term capital appreciation and offer Tax benefits u/s 80C of the Income Tax Act as well as additional benefits of a life cover.
A12: Fund Manager | B12: Mr. Karan Doshi (Equity Portfolio- managing since 06/09/21) / Mr. Pratik Harish Shroff (Debt Portfolio- managing since 26/09/23) | H12: Mr. Sumit Bhatnagar (Equity Portfolio, managing since 03/10/2023)/ Mr. Pratik Harish Shroff (Debt Portfolio- managing since 26/09/23) | N12: Mr. Yogesh Patil (Equity Portfolio, managing since 12/11/21), Mr. Jaiprakash Toshniwal (Equity Portfolio Co Fund Manager, managing since 06/06/22) / Mr. Rahul Singh (Debt Portfolio, managing since 12/11/21) | T12: Mr. Pratik Harish Shroff (Debt Portfolio, managing since 26/09/23) / Mr. Karan Doshi (Equity Portfolio, managing since 07/01/21) | Z12: Mr. Sumit Bhatnagar (Equity Portfolio, managing since 3/10/23) / Mr. Pratik Harish Shroff (Debt Portfolio- managing since 26/09/23) | AF12: Mr. Dikshit Mittal (Equity Portfolio, managing since 06/09/21) /Mr. Pratik Harish Shroff (Debt Portfolio, managing since 26/09/23)
A14: Annual Portfolio Turnover Ratio (in times) | B14: 0.79397006 | H14: 7.849811 | N14: 0.47969575 | T14: 0 | Z14: 0.4257199 | AF14: 0.098097301
A16: Total Expense Ratio (Weighted Average for the month) Excluding Goods and Service Tax on Management Fees
B17: Regular | E17: Direct | H17: Regular | K17: Direct | N17: Regular | Q17: Direct | T17: Regular | W17: Direct | Z17: Regular | AC17: Direct | AF17: Regular | AI17: Direct
A18: Base TER (%)@ | B18: 2.21 | E18: 1.16 | H18: 0.97 | K18: 0.31 | N18: 2.05 | Q18: 0.4 | T18: 2 | W18: 1.05 | Z18: 1.81 | AC18: 0.81 | AF18: 2.25 | AI18: 1.4
A19: Additional expense as per Regulation 52(6A)(b) (%)# | B19: 0 | E19: 0 | H19: 0 | K19: 0 | N19: 0 | Q19: 0 | T19: 0 | W19: 0 | Z19: 0 | AC19: 0 | AF19: 0 | AI19: 0
A20: Additional expense as per Regulation 52(6A)(c) (%)$ | B20: 0.05 | E20: 0.05 | H20: 0 | K20: 0 | N20: 0.05 | Q20: 0.05 | T20: 0.05 | W20: 0.05 | Z20: 0.05 | AC20: 0.05 | AF20: 0 | AI20: 0
A21: GST (%)^ | B21: 0.19 | E21: 0.19 | H21: 0 | K21: 0 | N21: 0.05 | Q21: 0.05 | T21: 0.2 | W21: 0.16 | Z21: 0.14 | AC21: 0.13 | AF21: 0.24 | AI21: 0.23
A22: Total TER (%) | B22: =SUM(B18:D21) -> 2.45 | E22: =SUM(E18:G21) -> 1.4 | H22: =SUM(H18:J21) -> 0.97 | K22: =SUM(K18:M21) -> 0.31 | N22: =SUM(N18:P21) -> 2.15 | Q22: =SUM(Q18:S21) -> 0.5 | T22: =SUM(T18:V21) -> 2.25 | W22: =SUM(W18:Y21) -> 1.26 | Z22: =SUM(Z18:AB21) -> 2 | AC22: =SUM(AC18:AE21) -> 0.99 | AF22: =SUM(AF18:AH21) -> 2.49 | AI22: =SUM(AI18:AK21) -> 1.63
A24: Portfolio (Top 10 Holdings) | B24: Name of the issuer | E24: % of Scheme | H24: Name of the issuer | K24: % of Scheme | N24: Name of the issuer | Q24: % of Scheme | T24: Name of the issuer | W24: % of Scheme | Z24: Name of the issuer | AC24: % of Scheme | AF24: Name of the issuer | AI24: % of Scheme
B25: Government Bond | C25: Government Bond | D25: Government Bond | E25: 11.512 | H25: LIC Mutual Fund | I25: LIC Mutual Fund | J25: LIC Mutual Fund | K25: 22.6061 | N25: HDFC Bank Ltd. | O25: Government Bond | P25: Government Bond | Q25: 12.4751 | T25: Government Bond | U25: Government Bond | V25: Government Bond | W25: 57.0928 | Z25: LIC Mutual Fund | AA25: LIC Mutual Fund | AB25: LIC Mutual Fund | AC25: 11.3079 | AF25: Government Bond | AG25: Government Bond | AH25: Government Bond | AI25: 18.9918
B26: HDFC Bank Ltd. | C26: HDFC Bank Ltd. | D26: HDFC Bank Ltd. | E26: 6.7938 | H26: RBL Bank Ltd. | I26: Hindalco Industries Ltd. | J26: Hindalco Industries Ltd. | K26: 7.8084 | N26: Government Bond | O26: HDFC Bank Ltd. | P26: HDFC Bank Ltd. | Q26: 12.0155 | T26: State Government Bond | U26: State Government Bond | V26: State Government Bond | W26: 19.486 | Z26: Tata Steel Ltd. | AA26: Tata Steel Ltd. | AB26: Tata Steel Ltd. | AC26: 6.3511 | AF26: ICICI Bank Ltd. | AG26: ICICI Bank Ltd. | AH26: ICICI Bank Ltd. | AI26: 7.2954
B27: ICICI Bank Ltd. | C27: ICICI Bank Ltd. | D27: ICICI Bank Ltd. | E27: 4.9012 | H27: Reliance Industries Ltd. | I27: Titan Company Ltd. | J27: Titan Company Ltd. | K27: 3.7166 | N27: ICICI Bank Ltd. | O27: ICICI Bank Ltd. | P27: ICICI Bank Ltd. | Q27: 8.4387 | T27: ICICI Bank Ltd. | U27: Government Treasury Bill | V27: Government Treasury Bill | W27: 6.2681 | Z27: ICICI Bank Ltd. | AA27: ICICI Bank Ltd. | AB27: ICICI Bank Ltd. | AC27: 5.3557 | AF27: HDFC Bank Ltd. | AG27: HDFC Bank Ltd. | AH27: HDFC Bank Ltd. | AI27: 5.6221
B28: State Government Bond | C28: Infosys Ltd. | D28: Infosys Ltd. | E28: 4.012 | H28: ITC Ltd. | I28: Pidilite Industries Ltd. | J28: Pidilite Industries Ltd. | K28: 3.5434 | N28: State Government Bond | O28: Reliance Industries Ltd. | P28: Reliance Industries Ltd. | Q28: 7.8409 | T28: Infosys Ltd. | U28: ICICI Bank Ltd. | V28: ICICI Bank Ltd. | W28: 3.9314 | Z28: Tata Consultancy Services Ltd. | AA28: Tata Consultancy Services Ltd. | AB28: Tata Consultancy Services Ltd. | AC28: 4.8811 | AF28: Infosys Ltd. | AG28: Infosys Ltd. | AH28: Infosys Ltd. | AI28: 5.2397
B29: Infosys Ltd. | C29: State Government Bond | D29: State Government Bond | E29: 3.8682 | H29: Chambal Fertilizers & Chemicals Ltd. | I29: Bank of Baroda | J29: Bank of Baroda | K29: 2.9468 | N29: Reliance Industries Ltd. | O29: State Bank of India | P29: State Bank of India | Q29: 5.7522 | T29: HDFC Bank Ltd. | U29: Infosys Ltd. | V29: Infosys Ltd. | W29: 2.672 | Z29: HDFC Bank Ltd. | AA29: HDFC Bank Ltd. | AB29: HDFC Bank Ltd. | AC29: 4.4678 | AF29: Tata Consultancy Services Ltd. | AG29: Tata Consultancy Services Ltd. | AH29: Tata Consultancy Services Ltd. | AI29: 3.3191
B30: Reliance Industries Ltd. | C30: Reliance Industries Ltd. | D30: Reliance Industries Ltd. | E30: 3.2231 | H30: The Indian Hotels Company Ltd. | I30: Punjab National Bank | J30: Punjab National Bank | K30: 2.8011 | N30: State Bank of India | O30: Infosys Ltd. | P30: Infosys Ltd. | Q30: 5.3544 | T30: Hindustan Unilever Ltd. | U30: HDFC Bank Ltd. | V30: HDFC Bank Ltd. | W30: 2.1426 | Z30: State Bank of India | AA30: Siemens Ltd. | AB30: Siemens Ltd. | AC30: 3.5453 | AF30: Trent Ltd. | AG30: Trent Ltd. | AH30: Trent Ltd. | AI30: 3.1544
B31: Larsen & Toubro Ltd. | C31: State Bank of India | D31: State Bank of India | E31: 3.1156 | H31: Trent Ltd. | I31: Aditya Birla Capital Ltd. | J31: Aditya Birla Capital Ltd. | K31: 2.733 | N31: Infosys Ltd. | O31: ITC Ltd. | P31: ITC Ltd. | Q31: 4.2098 | T31: Reliance Industries Ltd. | U31: Hindustan Unilever Ltd. | V31: Hindustan Unilever Ltd. | W31: 1.9307 | Z31: HCL Technologies Ltd. | AA31: State Bank of India | AB31: State Bank of India | AC31: 2.8768 | AF31: Titan Company Ltd. | AG31: Titan Company Ltd. | AH31: Titan Company Ltd. | AI31: 2.8823
B32: Tata Capital Financial Services Ltd. | C32: ITC Ltd. | D32: ITC Ltd. | E32: 2.6972 | H32: Jindal Steel & Power Ltd. | I32: Chambal Fertilizers & Chemicals Ltd. | J32: Chambal Fertilizers & Chemicals Ltd. | K32: 2.689 | N32: ITC Ltd. | O32: Tata Capital Housing Finance Ltd. | P32: Tata Capital Housing Finance Ltd. | Q32: 3.9491 | T32: Nestle India Ltd. | U32: Reliance Industries Ltd. | V32: Reliance Industries Ltd. | W32: 1.9158 | Z32: Kotak Mahindra Bank Ltd. | AA32: HCL Technologies Ltd. | AB32: HCL Technologies Ltd. | AC32: 2.8059 | AF32: KSB Ltd. | AG32: KSB Ltd. | AH32: KSB Ltd. | AI32: 2.603
B33: ITC Ltd. | C33: Tata Capital Financial Services Ltd. | D33: Tata Capital Financial Services Ltd. | E33: 2.6141 | H33: Pidilite Industries Ltd. | I33: Trent Ltd. | J33: Trent Ltd. | K33: 2.6024 | N33: Tata Capital Housing Finance Ltd. | O33: Mahindra & Mahindra Ltd. | P33: Mahindra & Mahindra Ltd. | Q33: 3.4264 | T33: Mahindra & Mahindra Ltd. | U33: Nestle India Ltd. | V33: Nestle India Ltd. | W33: 1.6871 | Z33: Axis Bank Ltd. | AA33: Kotak Mahindra Bank Ltd. | AB33: Kotak Mahindra Bank Ltd. | AC33: 2.5328 | AF33: Axis Bank Ltd. | AG33: Axis Bank Ltd. | AH33: Axis Bank Ltd. | AI33: 2.5281
B34: State Bank of India | C34: Larsen & Toubro Ltd. | D34: Larsen & Toubro Ltd. | E34: 2.4782 | H34: Aditya Birla Capital Ltd. | I34: HDFC Bank Ltd. | J34: HDFC Bank Ltd. | K34: 2.5838 | N34: Tata Consultancy Services Ltd. | O34: Tata Consultancy Services Ltd. | P34: Tata Consultancy Services Ltd. | Q34: 3.1396 | T34: LTIMindtree Ltd. | U34: Mahindra & Mahindra Ltd. | V34: Mahindra & Mahindra Ltd. | W34: 1.5886 | Z34: Sun Pharmaceutical Industries Ltd. | AA34: Axis Bank Ltd. | AB34: Axis Bank Ltd. | AC34: 2.4308 | AF34: Avenue Supermarts Ltd. | AG34: Avenue Supermarts Ltd. | AH34: Avenue Supermarts Ltd. | AI34: 2.5141
B37: Grand Total | E37: =SUM(E25:G36) -> 45.2154 | H37: Grand Total | K37: =SUM(K25:M36) -> 54.0306 | N37: Grand Total | Q37: =SUM(Q25:S36) -> 66.6017 | T37: Grand Total | W37: =SUM(W25:Y36) -> 98.7151 | Z37: Grand Total | AC37: =SUM(AC25:AE36) -> 46.5552 | AF37: Grand Total | AI37: =SUM(AI25:AK36) -> 54.15
A39: Asset Allocation | B39: Asset Allocation | E39: % of Scheme | H39: Asset Allocation | K39: % of Scheme | N39: Asset Allocation | Q39: % of Scheme | T39: Asset Allocation | W39: % of Scheme | Z39: Asset Allocation | AC39: % of Scheme | AF39: Asset Allocation | AI39: % of Scheme
B40: Equity Holdings | E40: 75.939751 | H40: Cash & Other Receivables | I40: 0.73662666 | J40: Cash & Other Receivables | K40: 77.944309 | N40: Equity Holdings | Q40: 69.129263 | T40: GOVERNMENT BOND AND TREASURY BILL | W40: 76.579232 | Z40: Equity Holdings | AC40: 67.683451 | AF40: Equity Holdings | AG40: 0.78733932 | AH40: Equity Holdings | AI40: 77.839621
B41: GOVERNMENT BOND AND TREASURY BILL | E41: 15.524214 | H41: Equity Holdings | I41: 0.67773942 | J41: Equity Holdings | K41: 67.553127 | N41: Cash & Other Receivables | Q41: 24.202379 | T41: Equity Holdings | W41: 22.136809 | Z41: Cash & Other Receivables | AC41: 46.417388 | AF41: GOVERNMENT BOND AND TREASURY BILL | AG41: 0.11435791 | AH41: GOVERNMENT BOND AND TREASURY BILL | AI41: 18.992176
B42: CORPORATE DEBT | E42: 5.7965112 | H42: Mutual Fund Units | I42: 0.26648179 | J42: Mutual Fund Units | K42: 22.60613 | N42: GOVERNMENT BOND AND TREASURY BILL | Q42: 19.856735 | T42: Cash & Other Receivables | W42: 0.88914462 | Z42: Mutual Fund Units | AC42: 11.307958 | AF42: Cash & Other Receivables | AG42: 0.010469666 | AH42: Cash & Other Receivables | AI42: 3.1682034
B43: Cash & Other Receivables | E43: 2.7395237 | H43: FUTURES AND OPTIONS | I43: -0.68084787 | J43: FUTURES AND OPTIONS | K43: -68.103567 | N43: Money Market Instruments | Q43: 3.4264676 | T43: Mutual Fund Units | W43: 0.29828546 | Z43: CORPORATE DEBT | AC43: 0.66349957
N44: CORPORATE DEBT | Q44: 2.6583954 | T44: CORPORATE DEBT | W44: 0.096528719 | Z44: FUTURES AND OPTIONS | AC44: -26.072297
N45: FUTURES AND OPTIONS | Q45: -19.27324 | T45: Grand Total | W45: =SUM(W40:Y44) -> 100
B46: Grand Total | E46: =SUM(E40:G44) -> 100 | H46: Grand Total | K46: =SUM(K40:M44) -> 100 | N46: Grand Total | Q46: =SUM(Q40:S45) -> 100 | Z46: Grand Total | AC46: =SUM(AC40:AE44) -> 100 | AF46: Grand Total | AI46: =SUM(AI40:AK44) -> 100
A48: Sectoral Allocation | B48: Sector/Industry | E48: % of Scheme | H48: Sector/Industry | K48: % of Scheme | N48: Sector/Industry | Q48: % of Scheme | T48: Sector/Industry | W48: % of Scheme | Z48: Sector/Industry | AC48: % of Scheme | AF48: Sector/Industry | AI48: % of Scheme
B49: Banks | C49: Banks | D49: Banks | E49: 19.9164 | H49: Mutual Fund Units | I49: Mutual Fund Units | J49: Mutual Fund Units | K49: 22.6061 | N49: Banks | Q49: 31.1907 | T49: Government of India | U49: Government of India | V49: Government of India | W49: 76.5788 | Z49: Banks | AA49: Banks | AB49: Banks | AC49: 25.1421 | AF49: Government of India | AG49: Government of India | AH49: Government of India | AI49: 18.9918
B50: Government of India | C50: Government of India | D50: Government of India | E50: 15.524 | H50: Banks | I50: Banks | J50: Banks | K50: 13.113 | N50: Government of India | Q50: 19.8564 | T50: Banks | U50: Banks | V50: Banks | W50: 8.9401 | Z50: Mutual Fund Units | AA50: Mutual Fund Units | AB50: Mutual Fund Units | AC50: 11.3079 | AF50: Banks | AG50: Banks | AH50: Banks | AI50: 18.1686
B51: Finance | C51: Finance | D51: Finance | E51: 9.41 | H51: Pharmaceuticals & Biotechnology | I51: Pharmaceuticals & Biotechnology | J51: Pharmaceuticals & Biotechnology | K51: 5.7831 | N51: IT - Software | Q51: 8.9957 | T51: IT - Software | U51: IT - Software | V51: IT - Software | W51: 5.52 | Z51: IT - Software | AA51: IT - Software | AB51: IT - Software | AC51: 9.9496 | AF51: IT - Software | AG51: IT - Software | AH51: IT - Software | AI51: 9.5288
B52: IT - Software | C52: IT - Software | D52: IT - Software | E52: 7.6632 | H52: Ferrous Metals | I52: Ferrous Metals | J52: Ferrous Metals | K52: 5.2443 | N52: Finance | Q52: 6.91 | T52: Diversified FMCG | U52: Diversified FMCG | V52: Diversified FMCG | W52: 2.1426 | Z52: Cement & Cement Products | AA52: Cement & Cement Products | AB52: Cement & Cement Products | AC52: 6.7962 | AF52: Finance | AG52: Finance | AH52: Finance | AI52: 7.6558
B53: Diversified FMCG | C53: Diversified FMCG | D53: Diversified FMCG | E53: 3.9756 | H53: Petroleum Products | I53: Petroleum Products | J53: Petroleum Products | K53: 4.579 | N53: Diversified FMCG | Q53: 6.8719 | T53: Petroleum Products | U53: Petroleum Products | V53: Petroleum Products | W53: 1.9307 | Z53: Ferrous Metals | AA53: Ferrous Metals | AB53: Ferrous Metals | AC53: 6.3511 | AF53: Retailing | AG53: Retailing | AH53: Retailing | AI53: 6.6188
B54: Retailing | C54: Retailing | D54: Retailing | E54: 3.7312 | H54: Diversified FMCG | I54: Diversified FMCG | J54: Diversified FMCG | K54: 4.3094 | N54: Automobiles | Q54: 6.2978 | T54: Food Products | U54: Food Products | V54: Food Products | W54: 1.9158 | Z54: Leisure Services | AA54: Leisure Services | AB54: Leisure Services | AC54: 3.0131 | AF54: Industrial Products | AG54: Industrial Products | AH54: Industrial Products | AI54: 6.5506
B55: Automobiles | C55: Automobiles | D55: Automobiles | E55: 3.6344 | H55: Finance | I55: Finance | J55: Finance | K55: 3.3227 | N55: Petroleum Products | Q55: 5.7522 | T55: Automobiles | U55: Automobiles | V55: Automobiles | W55: 1.6871 | Z55: Pharmaceuticals & Biotechnology | AA55: Pharmaceuticals & Biotechnology | AB55: Pharmaceuticals & Biotechnology | AC55: 2.4308 | AF55: Chemicals & Petrochemicals | AG55: Chemicals & Petrochemicals | AH55: Chemicals & Petrochemicals | AI55: 5.6823
B56: Pharmaceuticals & Biotechnology | C56: Pharmaceuticals & Biotechnology | D56: Pharmaceuticals & Biotechnology | E56: 3.6008 | H56: Chemicals & Petrochemicals | I56: Chemicals & Petrochemicals | J56: Chemicals & Petrochemicals | K56: 3.225 | N56: Pharmaceuticals & Biotechnology | Q56: 3.0764 | T56: Mutual Fund Units | U56: Mutual Fund Units | V56: Mutual Fund Units | W56: 0.2982 | Z56: Petroleum Products | AA56: Petroleum Products | AB56: Petroleum Products | AC56: 2.0455 | AF56: Consumer Durables | AG56: Consumer Durables | AH56: Consumer Durables | AI56: 5.5627
B57: Petroleum Products | C57: Petroleum Products | D57: Petroleum Products | E57: 3.2231 | H57: Fertilizers & Agrochemicals | I57: Fertilizers & Agrochemicals | J57: Fertilizers & Agrochemicals | K57: 2.9468 | N57: Power | Q57: 1.2025 | T57: Power | U57: Power | V57: Power | W57: 0.0965 | Z57: Diversified FMCG | AA57: Diversified FMCG | AB57: Diversified FMCG | AC57: 1.9957 | AF57: Pharmaceuticals & Biotechnology | AG57: Pharmaceuticals & Biotechnology | AH57: Pharmaceuticals & Biotechnology | AI57: 3.3403
B58: Construction | C58: Construction | D58: Construction | E58: 3.1156 | H58: Leisure Services | I58: Leisure Services | J58: Leisure Services | K58: 2.8011 | N58: Healthcare Services | Q58: 0.9007 | Z58: Aerospace & Defense | AA58: Aerospace & Defense | AB58: Aerospace & Defense | AC58: 1.69 | AF58: Industrial Manufacturing | AG58: Industrial Manufacturing | AH58: Industrial Manufacturing | AI58: 2.4176
B59: Industrial Products | C59: Industrial Products | D59: Industrial Products | E59: 3.0805 | H59: Retailing | I59: Retailing | J59: Retailing | K59: 2.733 | N59: Auto Components | Q59: 0.8016 | Z59: Healthcare Services | AA59: Healthcare Services | AB59: Healthcare Services | AC59: 1.5303 | AF59: Textiles & Apparels | AG59: Textiles & Apparels | AH59: Textiles & Apparels | AI59: 1.7274
B60: Auto Components | C60: Auto Components | D60: Auto Components | E60: 2.9922 | H60: Automobiles | I60: Automobiles | J60: Automobiles | K60: 2.4857 | N60: Consumer Durables | Q60: 0.6038 | Z60: Finance | AA60: Finance | AB60: Finance | AC60: 1.4352 | AF60: Petroleum Products | AG60: Petroleum Products | AH60: Petroleum Products | AI60: 1.6748
B61: Electrical Equipment | C61: Electrical Equipment | D61: Electrical Equipment | E61: 2.7825 | H61: Consumer Durables | I61: Consumer Durables | J61: Consumer Durables | K61: 2.4016 | N61: Cement & Cement Products | Q61: 0.4196 | Z61: Consumer Durables | AA61: Consumer Durables | AB61: Consumer Durables | AC61: 1.2866 | AF61: Agricultural Food & other Products | AG61: Agricultural Food & other Products | AH61: Agricultural Food & other Products | AI61: 1.5767
B62: Consumer Durables | C62: Consumer Durables | D62: Consumer Durables | E62: 2.36 | H62: Diversified Metals | I62: Diversified Metals | J62: Diversified Metals | K62: 2.28 | N62: Chemicals & Petrochemicals | Q62: 0.4148 | Z62: Automobiles | AA62: Automobiles | AB62: Automobiles | AC62: 1.1126 | AF62: Aerospace & Defense | AG62: Aerospace & Defense | AH62: Aerospace & Defense | AI62: 1.5277
B63: Leisure Services | C63: Leisure Services | D63: Leisure Services | E63: 2.1121 | H63: Electrical Equipment | I63: Electrical Equipment | J63: Electrical Equipment | K63: 1.9288 | N63: Aerospace & Defense | Q63: 0.3091 | Z63: Food Products | AA63: Food Products | AB63: Food Products | AC63: 1.0831 | AF63: Diversified FMCG | AG63: Diversified FMCG | AH63: Diversified FMCG | AI63: 1.4975
B64: Power | C64: Power | D64: Power | E64: 1.7074 | H64: Personal Products | I64: Personal Products | J64: Personal Products | K64: 1.8071 | N64: Industrial Manufacturing | Q64: 0.2951 | Z64: Personal Products | AA64: Personal Products | AB64: Personal Products | AC64: 0.9207 | AF64: Telecom - Services | AG64: Telecom - Services | AH64: Telecom - Services | AI64: 1.4498
B65: Cement & Cement Products | C65: Cement & Cement Products | D65: Cement & Cement Products | E65: 1.5929 | H65: Agricultural Food & other Products | I65: Agricultural Food & other Products | J65: Agricultural Food & other Products | K65: 1.5684 | N65: Insurance | Q65: 0.2627 | Z65: Retailing | AA65: Retailing | AB65: Retailing | AC65: 0.8993 | AF65: Automobiles | AG65: Automobiles | AH65: Automobiles | AI65: 1.3436
B66: Telecom - Services | C66: Telecom - Services | D66: Telecom - Services | E66: 1.5521 | H66: IT - Software | I66: IT - Software | J66: IT - Software | K66: 1.5653 | N66: Personal Products | Q66: 0.2563 | Z66: Power | AA66: Power | AB66: Power | AC66: 0.6634 | AF66: Insurance | AG66: Insurance | AH66: Insurance | AI66: 0.7747
B67: Food Products | C67: Food Products | D67: Food Products | E67: 1.1808 | H67: Power | I67: Power | J67: Power | K67: 1.4326 | N67: Industrial Products | Q67: 0.2466 | AF67: Transport Services | AG67: Transport Services | AH67: Transport Services | AI67: 0.5666
B68: Chemicals & Petrochemicals | C68: Chemicals & Petrochemicals | D68: Chemicals & Petrochemicals | E68: 1.1058 | H68: Gas | I68: Gas | J68: Gas | K68: 1.2804 | N68: IT - Services | Q68: 0.2029 | AF68: Power | AG68: Power | AH68: Power | AI68: 0.173
B69: Healthcare Services | C69: Healthcare Services | D69: Healthcare Services | E69: 1.029 | H69: Capital Markets | I69: Capital Markets | J69: Capital Markets | K69: 1.2077 | N69: Retailing | Q69: 0.2018
B70: Transport Services | C70: Transport Services | D70: Transport Services | E70: 0.9824 | H70: Cement & Cement Products | I70: Cement & Cement Products | J70: Cement & Cement Products | K70: 0.6479
B71: Capital Markets | C71: Capital Markets | D71: Capital Markets | E71: 0.6915 | H71: Healthcare Services | I71: Healthcare Services | J71: Healthcare Services | K71: 0.4556
B72: IT - Services | C72: IT - Services | D72: IT - Services | E72: 0.294 | H72: Telecom - Services | I72: Telecom - Services | J72: Telecom - Services | K72: 0.4324
B90: Grand Total | E90: =SUM(E49:G89) -> 97.2575 | H90: Grand Total | K90: =SUM(K49:M89) -> 90.157 | N90: Grand Total | Q90: =SUM(Q49:S89) -> 95.0686 | T90: Grand Total | W90: =SUM(W49:Y89) -> 99.1098 | Z90: Grand Total | AC90: =SUM(AC49:AE89) -> 79.6532 | AF90: Grand Total | AI90: =SUM(AI49:AK89) -> 96.8291
A92: Scheme Past Performance | B92: Regular (Growth) | E92: Direct (Growth) | H92: Regular (Growth) | K92: Direct (Growth) | N92: Regular (Growth) | Q92: Direct (Growth) | T92: Regular (Growth) | W92: Direct (Growth) | Z92: Regular (Growth) | AC92: Direct (Growth) | AF92: Regular (IDCW Option) | AI92: Direct (IDCW Option)
B93: Scheme (%) | C93: Scheme Benchmark (%) | D93: Additional Benchmark (%) | E93: Scheme (%) | F93: Scheme Benchmark (%) | G93: Additional Benchmark (%) | H93: Scheme | I93: Scheme Benchmark | J93: Additional Benchmark | K93: Scheme | L93: Scheme Benchmark | M93: Additional Benchmark | N93: Scheme | O93: Scheme Benchmark | P93: Additional Benchmark | Q93: Scheme | R93: Scheme Benchmark | S93: Additional Benchmark | T93: Scheme (%) | U93: Scheme Benchmark (%) | V93: Additional Benchmark (%) | W93: Scheme (%) | X93: Scheme Benchmark (%) | Y93: Additional Benchmark (%) | Z93: Scheme (%) | AA93: Scheme Benchmark (%) | AB93: Additional Benchmark (%) | AC93: Scheme (%) | AD93: Scheme Benchmark (%) | AE93: Additional Benchmark (%) | AF93: Scheme (%) | AG93: Scheme Benchmark (%) | AH93: Additional Benchmark (%) | AI93: Scheme (%) | AJ93: Scheme Benchmark (%) | AK93: Additional Benchmark (%)
A94: 1 year (CAGR %) | B94: 18.5243 | C94: 18.4635 | D94: 21.3645 | E94: 20.493 | F94: 18.4635 | G94: 21.3645 | H94: 6.7177 | I94: 7.9775 | J94: 6.9549 | K94: 7.4265 | L94: 7.9775 | M94: 6.9549 | N94: 13.2934 | O94: 14.2975 | P94: 21.3645 | Q94: 15.2509 | R94: 14.2975 | S94: 21.3645 | T94: 7.3158 | U94: 9.8908 | V94: 7.8399 | W94: 8.2807 | X94: 9.8908 | Y94: 7.8399 | Z94: 11.9669 | AA94: 12.4266 | AB94: 7.8399 | AC94: 13.0647 | AD94: 12.4266 | AE94: 7.8399 | AF94: 16.6968 | AG94: 18.4635 | AH94: 21.3645 | AI94: 17.7398 | AJ94: 18.4635 | AK94: 21.3645
A95: Current Value of Investment of Rs. 10,000 | B95: 11847 | C95: 11841 | D95: 12130 | E95: 12043 | F95: 11841 | G95: 12130 | H95: 10670 | I95: 10795 | J95: 10694 | K95: 10741 | L95: 10795 | M95: 10694 | N95: 11325 | O95: 11426 | P95: 12130 | Q95: 11521 | R95: 11426 | S95: 12130 | T95: 10730 | U95: 10986 | V95: 10782 | W95: 10826 | X95: 10986 | Y95: 10782 | Z95: 11193 | AA95: 11239 | AB95: 10782 | AC95: 11303 | AD95: 11239 | AE95: 10782 | AF95: 11665 | AG95: 11841 | AH95: 12130 | AI95: 11769 | AJ95: 11841 | AK95: 12130
A96: 3 Years (CAGR %) | B96: 11.2 | C96: 14.135 | D96: 17.241 | E96: 11.8417 | F96: 14.135 | G96: 17.241 | H96: 4.6479 | I96: 5.4306 | J96: 4.8418 | K96: 5.4324 | L96: 5.4306 | M96: 4.8418 | N96: NA | O96: NA | P96: NA | Q96: NA | R96: NA | S96: NA | T96: 5.1792 | U96: 6.6525 | V96: 3.1579 | W96: 6.1046 | X96: 6.6525 | Y96: 3.1579 | Z96: 8.2593 | AA96: 9.5581 | AB96: 3.1579 | AC96: 9.3097 | AD96: 9.5581 | AE96: 3.1579 | AF96: 13.7416 | AG96: 14.135 | AH96: 17.241 | AI96: 14.7274 | AJ96: 14.135 | AK96: 17.241
A97: Current Value of Investment of Rs. 10,000 | B97: 13742 | C97: 14857 | D97: 16101 | E97: 13981 | F97: 14857 | G97: 16101 | H97: 11457 | I97: 11716 | J97: 11521 | K97: 11716 | L97: 11716 | M97: 11521 | N97: NA | O97: NA | P97: NA | Q97: NA | R97: NA | S97: NA | T97: 11632 | U97: 12127 | V97: 10976 | W97: 11942 | X97: 12127 | Y97: 10976 | Z97: 12683 | AA97: 13144 | AB97: 10976 | AC97: 13055 | AD97: 13144 | AE97: 10976 | AF97: 14705 | AG97: 14857 | AH97: 16101 | AI97: 15089 | AJ97: 14857 | AK97: 16101
A98: 5 years (CAGR %) | B98: 10.2984 | C98: 14.1787 | D98: 16.2478 | E98: 11.907 | F98: 14.1787 | G98: 16.2478 | H98: NA | I98: NA | J98: NA | K98: NA | L98: NA | M98: NA | N98: NA | O98: NA | P98: NA | Q98: NA | R98: NA | S98: NA | T98: 6.8892 | U98: 8.9363 | V98: 5.7876 | W98: 7.8359 | X98: 8.9363 | Y98: 5.7876 | Z98: 8.3246 | AA98: 9.9977 | AB98: 5.7876 | AC98: 9.4392 | AD98: 9.9977 | AE98: 5.7876 | AF98: 11.8807 | AG98: 14.1787 | AH98: 16.2478 | AI98: 12.8644 | AJ98: 14.1787 | AK98: 16.2478
A99: Current Value of Investment of Rs. 10,000 | B99: 16320 | C99: 19398 | D99: 21220 | E99: 17545 | F99: 19398 | G99: 21220 | H99: NA | I99: NA | J99: NA | K99: NA | L99: NA | M99: NA | N99: NA | O99: NA | P99: NA | Q99: NA | R99: NA | S99: NA | T99: 13951 | U99: 15338 | V99: 13247 | W99: 14579 | X99: 15338 | Y99: 13247 | Z99: 14912 | AA99: 16099 | AB99: 13247 | AC99: 15695 | AD99: 16099 | AE99: 13247 | AF99: 17524 | AG99: 19398 | AH99: 21220 | AI99: 18308 | AJ99: 19398 | AK99: 21220
A100: Since Inception (CAGR %) | B100: 8.8618 | C100: NA | D100: 14.6399 | E100: 10.9039 | F100: 12.6356 | G100: 13.7805 | H100: 4.6107 | I100: 5.0187 | J100: 5.5407 | K100: 5.3446 | L100: 5.0187 | M100: 5.5407 | N100: 8.2835 | O100: 7.7337 | P100: 10.2022 | Q100: 10.2106 | R100: 7.7337 | S100: 10.2022 | T100: 8.1052 | U100: NA | V100: NA | W100: 7.7437 | X100: 8.9863 | Y100: 6.2326 | Z100: 7.0813 | AA100: 9.339 | AB100: 6.3129 | AC100: 7.9047 | AD100: 9.5742 | AE100: 6.2979 | AF100: 9.8537 | AG100: NA | AH100: NA | AI100: 12.1756 | AJ100: 13.2194 | AK100: 14.5065
A101: Current Value of Investment of Rs. 10,000 | B101: 164967 | C101: NA | D101: 912420 | E101: 31192 | F101: 36983 | G101: 41332 | H101: 12488 | I101: 12730 | J101: 13045 | K101: 12926 | L101: 12730 | M101: 13045 | N101: 11846 | O101: 11718 | P101: 12297 | Q101: 12299 | R101: 11718 | S101: 12297 | T101: 73500 | U101: NA | V101: NA | W101: 22673 | X101: 25714 | Y101: 19417 | Z101: 24043 | AA101: 31417 | AB101: 21922 | AC101: 23086 | AD101: 27333 | AE101: 19575 | AF101: 257143 | AG101: NA | AH101: NA | AI101: 34728 | AJ101: 38394 | AK101: 43397
A103: First Tier Benchmark Index | C103: CRISIL Hybrid 35+65 - Aggressive Index | D103: Nifty 50 TRI | F103: CRISIL Hybrid 35+65 - Aggressive Index | G103: Nifty 50 TRI | I103: Nifty 50 Arbitrage Index | J103: CRISIL 1 Year T-Bill Index | L103: Nifty 50 Arbitrage Index | M103: CRISIL 1 Year T-Bill Index | O103: NIFTY 50 Hybrid Composite Debt 50:50 Index | P103: Nifty 50 TRI | R103: NIFTY 50 Hybrid Composite Debt 50:50 Index | S103: Nifty 50 TRI | U103: Crisil Hybrid 85+15 - Conservative Index | V103: Crisil 10 Year Gilt Index | X103: Crisil Hybrid 85+15 - Conservative Index | Y103: Crisil 10 Year Gilt Index | AA103: NIFTY Equity Savings Index TRI | AB103: CRISIL 10 Year Gilt Index | AD103: NIFTY Equity Savings Index TRI | AE103: CRISIL 10 Year Gilt Index | AG103: CRISIL Hybrid 35+65 - Aggressive Index | AH103: Nifty 50 TRI | AJ103: CRISIL Hybrid 35+65 - Aggressive Index | AK103: Nifty 50 TRI
A104: NAV/ Index Value | B104: 162.8411 | C104: 17527.552 | D104: =Equity!D104 -> 31933.93 | E104: 181.7927 | F104: =C104 -> 17527.552 | G104: =D104 -> 31933.93 | H104: 12.4878 | I104: 2254.41 | J104: =+'Debt-Over,Liq,MM'!D62 -> 6973.4874 | K104: 12.9256 | L104: =I104 -> 2254.41 | M104: =J104 -> 6973.4874 | N104: 11.8461 | O104: 13988.55 | P104: =Equity!D104 -> 31933.93 | Q104: 12.2994 | R104: =O104 -> 13988.55 | S104: =P104 -> 31933.93 | T104: 73.4998 | U104: 6273.998 | V104: ='Debt-Excl.Over,Liq,MM'!D56 -> 4441.754 | W104: 80.243 | X104: =U104 -> 6273.998 | Y104: =V104 -> 4441.754 | Z104: 24.0427 | AA104: 5476.98 | AB104: ='Debt-Excl.Over,Liq,MM'!D56 -> 4441.754 | AC104: 26.7056 | AD104: =AA104 -> 5476.98 | AE104: =AB104 -> 4441.754 | AF104: 31.7736 | AG104: =F104 -> 17527.552 | AH104: =G104 -> 31933.93 | AI104: 34.7503 | AJ104: =AG104 -> 17527.552 | AK104: =AH104 -> 31933.93
A105: Scheme Riskometer | B105: :) Long term capital appreciation with current income | H105: :) Income over a short term investment horizon | N105: :) Capital appreciation over a long period of time. | T105: :) Medium term capital appreciation with current income | Z105: :) Regular Income & Capital appreciation over Medium to Long term. | AF105: :) Long term capital appreciation and current income
B106: :) A fund that invests both in stocks and fixed income instruments. | H106: :) Income through arbitrage opportunities between cash and derivative market and arbitrage opportunities within the derivative segment of the equity market. | N106: :) Investments in a dynamically managed portfolio of equity and equity related instruments, debt and money market instruments | T106: :) A fund that invests predominantly in debt instruments with marginal equity exposure. | Z106: :) Investment in equity and equity related instruments including equity derivatives, arbitrage and debt and money market instruments. | AF106: :) Investment in Equity and equity related securities, fixed income securities (debt and money market securities).
B107: :) Risk - Very High | H107: :) Risk - Low | N107: :) Risk - Moderately High | T107: :) Risk - Moderately High | Z107: :) Risk - Moderately High | AF107: :) Risk - Very High
A121: Benchmark Riskometer | B121: First Tier Benchmark - CRISIL Hybrid 35+65 - Aggressive Index | H121: First Tier Benchmark - Nifty 50 Arbitrage Index | N121: First Tier Benchmark - NIFTY 50 Hybrid Composite Debt 50:50 Index | T121: First Tier Benchmark - Crisil Hybrid 85+15 - Conservative Index | Z121: First Tier Benchmark - Nifty Equity Savings Index | AF121: First Tier Benchmark - CRISIL Hybrid 35+65 - Aggressive Index
B122: :) Risk - Very High | H122: :) Risk - Low | N122: :) Risk - High | T122: :) Risk - Moderately High | Z122: :) Risk - Moderate | AF122: :) Risk - Very High
A138: Disclaimer :
A139: Mutual Fund Investments are subject to market risks, read all scheme related documents carefully.
A140: *Investors should consult their financial advisers if in doubt about whether the product is suitable for them.
A142: Notes:
A143: 1) All scheme returns are for growth option except for LIC MF ULIS where the scheme has only Reinvestment of Income Distribution cum capital withdrawal
A144: 2) All above data is as on 31/12/2023.
A145: 3)The performance of the scheme is benchmarked to the Total Return variant of the Index
A146: 4)As TRI data is not available since Inception of LIC MF Aggressive Hybrid Fund, benchmark performance is calculated using composite CAGR of Nifty 50 PRI values from date 01-Jan-1991 to date 30-Jun-1999 and TRI values since date 30-Jun-1999
A147: 5) The scheme performance IDBI MF schemes merged with LIC MF schemes herewith is a blended performance on weighted average, as per applicable guidelines of SEBI.
A148: "@ Base TER excludes additional expenses provided in Regulation 52(6A)(b) and 52(6A)(c) of SEBI (Mutual Funds) Regulations, 1996 and Goods and Services Tax (GST) on investment and advisory fees as per applicable RATE.
A149: "# Additional Expenses not exceeding 0.30% in terms of Regulation 52(6A)(b) of SEBI (Mutual Funds) Regulations, 1996
A150: "$ Additional Expenses not exceeding 0.05% in terms of Regulation 52(6A)(c) of SEBI (Mutual Funds) Regulations, 1996.
... A155: With reference to SEBI’s letter no. SEBI/HO/ IMD/ IMD-SEC-3/ P/ OW/ 2023/ 5823/ 1 dated February 24, 2023, and AMFI Circular No. CIR/ ARN-23/ 2022-23 March 07, 2023, the B-30 incentive structure for new inflows has been kept in abeyance with effect from March 01, 2023 till the incentive structure is appropriately re-instated by SEBI with necessary safeguards.

Sheet Solution Oriented
A1: Dashboard as on 31/12/2023
A2: Scheme Name | B2: LIC MF Children’s Gift Fund
A4: Date of Allotment - Regular | B4: 12.11.2001
A5: Date of Allotment - Direct | B5: 01.01.2013
A7: AUM (in Rs. crore) | B7: 15.21
A10: Investment Objective | B10: The primary investment objective of the scheme is to seek to generate capital appreciation & provide long-term growth opportunities by investing in a portfolio constituted of equity securities & equity related securities and the secondary objective is to generate consistent returns by investing in debt and money market securities. However there can be no assurance that the investment objective of the scheme will be achieved.
A12: Fund Manager | B12: Mr. Karan Doshi (Equity Portfolio, managing since 07/01/21) / Mr. Pratik Harish Shroff (Debt Portfolio, managing since 26/09/23)
A14: Annual Portfolio Turnover Ratio (in times) | B14: 0.24669851
A16: Total Expense Ratio (Weighted Average for the month) Excluding Goods and Service Tax on Management Fees
B17: Regular | E17: Direct
A18: Base TER (%)@ | B18: 2.25 | E18: 1.64
A19: Additional expense as per Regulation 52(6A)(b) (%)# | B19: 0 | E19: 0
A20: Additional expense as per Regulation 52(6A)(c) (%)$ | B20: 0 | E20: 0
A21: GST (%)^ | B21: 0.23 | E21: 0.21
A22: Total TER (%) | B22: =SUM(B18:D21) -> 2.48 | E22: =SUM(E18:G21) -> 1.85
A24: Portfolio (Top 10 Holdings) | B24: Name of the issuer | E24: % of Scheme
B25: Government Bond | C25: Government Bond | D25: Government Bond | E25: 9.9701
B26: HDFC Bank Ltd. | C26: HDFC Bank Ltd. | D26: HDFC Bank Ltd. | E26: 7.6303
B27: ICICI Bank Ltd. | C27: ICICI Bank Ltd. | D27: ICICI Bank Ltd. | E27: 6.7832
B28: Infosys Ltd. | C28: Infosys Ltd. | D28: Infosys Ltd. | E28: 4.3967
B29: Reliance Industries Ltd. | C29: Reliance Industries Ltd. | D29: Reliance Industries Ltd. | E29: 3.5038
B30: Larsen & Toubro Ltd. | C30: Axis Bank Ltd. | D30: Axis Bank Ltd. | E30: 3.0178
B31: Axis Bank Ltd. | C31: State Bank of India | D31: State Bank of India | E31: 3.01
B32: State Bank of India | C32: Larsen & Toubro Ltd. | D32: Larsen & Toubro Ltd. | E32: 2.9945
B33: Pitti Engineering Ltd. | C33: Gokaldas Exports Ltd. | D33: Gokaldas Exports Ltd. | E33: 2.5
B34: Tata Consultancy Services Ltd. | C34: Pitti Engineering Ltd. | D34: Pitti Engineering Ltd. | E34: 2.4238
B37: Grand Total | E37: =SUM(E25:G36) -> 46.2302
A39: Asset Allocation | B39: Asset Allocation | E39: % of Scheme
B40: Equity Holdings | C40: 0.86359581 | D40: Equity Holdings | E40: 86.524084
B41: GOVERNMENT BOND AND TREASURY BILL | C41: 0.11435791 | D41: GOVERNMENT BOND AND TREASURY BILL | E41: 9.9701279
B42: Cash & Other Receivables | C42: 0.022046278 | D42: Cash & Other Receivables | E42: 3.5057882
B46: Grand Total | E46: =SUM(E40:G44) -> 100
A48: Sectoral Allocation | B48: Sector/Industry | E48: % of Scheme
B49: Banks | C49: Banks | D49: Banks | E49: 23.0102
B50: Government of India | C50: Government of India | D50: Government of India | E50: 9.9701
B51: IT - Software | C51: IT - Software | D51: IT - Software | E51: 9.227
B52: Industrial Manufacturing | C52: Industrial Manufacturing | D52: Industrial Manufacturing | E52: 7.5591
B53: Retailing | C53: Retailing | D53: Retailing | E53: 4.7843
B54: Food Products | C54: Food Products | D54: Food Products | E54: 4.7534
B55: Pharmaceuticals & Biotechnology | C55: Pharmaceuticals & Biotechnology | D55: Pharmaceuticals & Biotechnology | E55: 4.6039
B56: Consumer Durables | C56: Consumer Durables | D56: Consumer Durables | E56: 3.5816
B57: Petroleum Products | C57: Petroleum Products | D57: Petroleum Products | E57: 3.5038
B58: Construction | C58: Construction | D58: Construction | E58: 3.0178
B59: Auto Components | C59: Auto Components | D59: Auto Components | E59: 2.8588
B60: Automobiles | C60: Automobiles | D60: Automobiles | E60: 2.6672
... B71: Healthcare Services | C71: Healthcare Services | D71: Healthcare Services | E71: 1.0386
B90: Grand Total | E90: =SUM(E49:G89) -> 96.492
A92: Scheme Past Performance | B92: Regular (Growth) | E92: Direct (Growth)
B93: Scheme (%) | C93: Scheme Benchmark (%) | D93: Additional Benchmark (%) | E93: Scheme (%) | F93: Scheme Benchmark (%) | G93: Additional Benchmark (%)
A94: 1 year (CAGR %) | B94: 22.714 | C94: 18.4635 | D94: 21.3645 | E94: 22.2075 | F94: 18.4635 | G94: 21.3645
A95: Current Value of Investment of Rs. 10,000 | B95: 12214 | C95: 11841 | D95: 12130 | E95: 12265 | F95: 11841 | G95: 12130
A96: 3 Years (CAGR %) | B96: 12.6313 | C96: 14.135 | D96: 17.241 | E96: 11.8199 | F96: 14.135 | G96: 17.241
A97: Current Value of Investment of Rs. 10,000 | B97: 13973 | C97: 14857 | D97: 16101 | E97: 14279 | F97: 14857 | G97: 16101
A98: 5 years (CAGR %) | B98: 13.0466 | C98: 14.1787 | D98: 16.2478 | E98: 12.1941 | F98: 14.1787 | G98: 16.2478
A99: Current Value of Investment of Rs. 10,000 | B99: 17771 | C99: 19398 | D99: 21220 | E99: 18456 | F99: 19398 | G99: 21220
A100: Since Inception (CAGR %) | B100: 10.7519 | C100: 12.6888 | D100: 13.8413 | E100: 4.9393 | F100: NA | G100: 16.44
A101: Current Value of Investment of Rs. 10,000 | B101: 29082 | C101: NA | D101: 290848 | E101: 18456 | F101: 19398 | G101: 21220
A103: First Tier Benchmark Index | C103: CRISIL Hybrid 35+65 - Aggressive Index | D103: Nifty 50 TRI | F103: CRISIL Hybrid 35+65 - Aggressive Index | G103: Nifty 50 TRI
A104: NAV/ Index Value | B104: 29.0821 | C104: =Hybrid!C104 -> 17527.552 | D104: =Hybrid!D104 -> 31933.93 | E104: 31.9914 | F104: =C104 -> 17527.552 | G104: =D104 -> 31933.93
A105: Scheme Riskometer | B105: :) Long term capital appreciation and current income
B106: :) A fund that invests both in stocks and fixed income instruments.
B107: :) Risk - Very High
A121: Benchmark Riskometer | B121: First Tier Benchmark - CRISIL Hybrid 35+65 - Aggressive Index
B122: :) Risk - Very High
A138: Disclaimer :
A139: Mutual Fund Investments are subject to market risks, read all scheme related documents carefully.
A140: *Investors should consult their financial advisers if in doubt about whether the product is suitable for them.
A142: Notes:
A143: 1) All scheme returns are for growth option
A144: 2) All above data is as on 31/12/2023.
A145: 3)The performance of the scheme is benchmarked to the Total Return variant of the Index
A146: "@ Base TER excludes additional expenses provided in Regulation 52(6A)(b) and 52(6A)(c) of SEBI (Mutual Funds) Regulations, 1996 and Goods and Services Tax (GST) on investment and advisory fees as per applicable RATE.
A147: "# Additional Expenses not exceeding 0.30% in terms of Regulation 52(6A)(b) of SEBI (Mutual Funds) Regulations, 1996
A148: "$ Additional Expenses not exceeding 0.05% in terms of Regulation 52(6A)(c) of SEBI (Mutual Funds) Regulations, 1996.
A149: " ^ Present GST rate is 18 %.
A150: Percentages mentioned above for TER are annualized
... A153: With reference to SEBI’s letter no. SEBI/HO/ IMD/ IMD-SEC-3/ P/ OW/ 2023/ 5823/ 1 dated February 24, 2023, and AMFI Circular No. CIR/ ARN-23/ 2022-23 March 07, 2023, the B-30 incentive structure for new inflows has been kept in abeyance with effect from March 01, 2023 till the incentive structure is appropriately re-instated by SEBI with necessary safeguards.

Sheet Others
A1: Dashboard as on 31/12/2023
A2: Scheme Name | B2: LIC MF Nifty 50 Exchange Traded Fund | H2: LIC MF S & P BSE Sensex Exchange Traded Fund | N2: LIC MF Nifty 100 Exchange Traded Fund | T2: LIC MF Nifty 50 Index Fund | Z2: LIC MF S & P BSE Sensex Index Fund | AF2: LIC MF Nifty Next 50 Index Fund (ERSTWHILE IDBI Nifty Next 50 Index Fund) | AL2: LIC MF Nifty 8-13 yr G-Sec Exchange Traded Fund
A4: Date of Allotment - Regular | B4: 20.11.2015 | H4: 30.11.2015 | N4: 17.03.2016 | T4: 05.12.2002 | Z4: 05.12.2002 | AF4: 20.09.2010 | AL4: 24.12.2014
A5: Date of Allotment - Direct | B5: NA | H5: NA | N5: NA | T5: 01.01.2013 | Z5: 01.01.2013 | AF5: 01.01.2013 | AL5: NA
A7: AUM (in Rs. crore) | B7: 803.12 | H7: 761.59 | N7: 682.16 | T7: 277.46 | Z7: 82.67 | AF7: 64.21 | AL7: 1147.7
A9: Investment Objective | B9: The investment objective of the scheme is to provide returns that closely correspond to the total returns of securities as represented by NIFTY 50 Index, subject to tracking errors. However there is no assurance that the objective of the scheme will be achieved. | H9: The investment objective of the scheme is to provide returns that, closely correspond to the total returns of the securities as represented by the S&P BSE SENSEX by holding S&P BSE SENSEX stocks in same proportion, subject to tracking errors. However there is no assurance that the objective of the scheme will be achieved. | N9: The investment objective of the scheme is to provide returns that closely correspond to the total returns of securities as represented by NIFTY 100 INDEX, subject to tracking errors. However there is no assurance that the objective of the scheme will be achieved. | T9: The main investment objective of the fund is to generate returns commensurate with the performance of the index Nifty based on the plans by investing in the respective index stocks subject to tracking errors. However, there is no assurance that the investment objective of the Schemes will be realized. | Z9: The main investment objective of the fund is to generate returns commensurate with the performance of the index S&P BSE Sensex based on the plans by investing in the respective index stocks subject to tracking errors. However, there is no assurance that the investment objective of the Schemes will be realized. | AF9: The investment objective of the Scheme is to invest only in and all the stocks comprising the NIFTY Next 50 Index in the same weights of these stocks as in the Index with the objective to replicate the performance of the Total Returns Index of NIFTY Next 50 Index. The Scheme may also invest in derivatives instruments such as Futures and Options linked to stocks comprising the Index or linked to the NIFTY Next 50 Index. The Scheme will adopt a passive investment strategy and will seek to achieve the investment objective by minimizing the tracking error between the NIFTY Next 50 Index (Total Returns Index) and the Scheme. | AL9: The investment objective of the scheme is to provide returns that closely correspond to the total returns of securities as represented by Nifty 8-13 yr G-Sec Index, subject to tracking errors. However there is no assurance that the objective of the scheme will be achieved.
A11: Fund Manager | B11: Mr. Sumit Bhatnagar (managing since 03/10/23) | H11: Mr. Sumit Bhatnagar (managing since 03/10/23) | N11: Mr. Sumit Bhatnagar (managing since 03/10/23) | T11: Mr. Sumit Bhatnagar (managing since 03/10/23) | Z11: Mr. Sumit Bhatnagar (managing since 03/10/23) | AF11: Mr. Sumit Bhatnagar (managing since 03/10/23) | AL11: Mr. Marzban Irani (managing since 24/12/14)/ Mr. Pratik Harish Shroff (Co Fund Manager, managing since 26/09/23)
A13: Annual Portfolio Turnover Ratio (in times) | B13: 0.12725042 | H13: 0.093290391 | N13: 0.13102956 | T13: 0.21751703 | Z13: 0.22621019 | AF13: 0.3518006
A15: Total Expense Ratio (Weighted Average for the month) Excluding Goods and Service Tax on Management Fees
B16: Regular | E16: Direct | H16: Regular | K16: Direct | N16: Regular | Q16: Direct | T16: Regular | W16: Direct | Z16: Regular | AC16: Direct | AF16: Regular | AI16: Direct | AL16: Regular | AO16: Direct
A17: Base TER (%)@ | B17: 0.1 | E17: 0 | H17: 0.1 | K17: 0 | N17: 0.25 | Q17: 0 | T17: 1 | W17: 0.19 | Z17: 1 | AC17: 0.3 | AF17: 0.88 | AI17: 0.3 | AL17: 0.15 | AO17: 0
A18: Additional expense as per Regulation 52(6A)(b) (%)# | B18: 0 | E18: 0 | H18: 0 | K18: 0 | N18: 0 | Q18: 0 | T18: 0 | W18: 0 | Z18: 0 | AC18: 0 | AF18: 0 | AI18: 0 | AL18: 0 | AO18: 0
A19: Additional expense as per Regulation 52(6A)(c) (%)$ | B19: 0 | E19: 0 | H19: 0 | K19: 0 | N19: 0 | Q19: 0 | T19: 0 | W19: 0 | Z19: 0.05 | AC19: 0.05 | AF19: 0 | AI19: 0 | AL19: 0 | AO19: 0
A20: GST (%)^ | B20: 0 | E20: 0 | H20: 0 | K20: 0 | N20: 0.03 | Q20: 0 | T20: 0.01 | W20: 0.01 | Z20: 0.03 | AC20: 0.03 | AF20: 0.02 | AI20: 0.02 | AL20: 0.01 | AO20: 0
A21: Total TER (%) | B21: =SUM(B17:D20) -> 0.1 | E21: =SUM(E17:G20) -> 0 | H21: =SUM(H17:J20) -> 0.1 | K21: =SUM(K17:M20) -> 0 | N21: =SUM(N17:P20) -> 0.28 | Q21: =SUM(Q17:S20) -> 0 | T21: =SUM(T17:V20) -> 1.01 | W21: =SUM(W17:Y20) -> 0.2 | Z21: =SUM(Z17:AB20) -> 1.08 | AC21: =SUM(AC17:AE20) -> 0.38 | AF21: =SUM(AF17:AH20) -> 0.9 | AI21: =SUM(AI17:AK20) -> 0.32 | AL21: =SUM(AL17:AN20) -> 0.16 | AO21: =SUM(AO17:AQ20) -> 0
A23: Portfolio (Top 10 Holdings) | B23: Name of the issuer | E23: % of Scheme | H23: Name of the issuer | K23: % of Scheme | N23: Name of the issuer | Q23: % of Scheme | T23: Name of the issuer | W23: % of Scheme | Z23: Name of the issuer | AC23: % of Scheme | AF23: Name of the issuer | AI23: % of Scheme | AL23: Name of the issuer | AO23: % of Scheme
B24: HDFC Bank Ltd. | C24: HDFC Bank Ltd. | D24: HDFC Bank Ltd. | E24: 13.4892 | H24: HDFC Bank Ltd. | I24: HDFC Bank Ltd. | J24: HDFC Bank Ltd. | K24: 15.7137 | N24: HDFC Bank Ltd. | O24: HDFC Bank Ltd. | P24: HDFC Bank Ltd. | Q24: 11.3501 | T24: HDFC Bank Ltd. | U24: HDFC Bank Ltd. | V24: HDFC Bank Ltd. | W24: 13.4859 | Z24: HDFC Bank Ltd. | AA24: HDFC Bank Ltd. | AB24: HDFC Bank Ltd. | AC24: 15.6968 | AF24: Trent Ltd. | AG24: Trent Ltd. | AH24: Trent Ltd. | AI24: 4.1909 | AL24: Government Bond | AO24: 99.7375
B25: Reliance Industries Ltd. | C25: Reliance Industries Ltd. | D25: Reliance Industries Ltd. | E25: 9.2166 | H25: Reliance Industries Ltd. | I25: Reliance Industries Ltd. | J25: Reliance Industries Ltd. | K25: 10.8323 | N25: Reliance Industries Ltd. | O25: Reliance Industries Ltd. | P25: Reliance Industries Ltd. | Q25: 7.6987 | T25: Reliance Industries Ltd. | U25: Reliance Industries Ltd. | V25: Reliance Industries Ltd. | W25: 9.1717 | Z25: Reliance Industries Ltd. | AA25: Reliance Industries Ltd. | AB25: Reliance Industries Ltd. | AC25: 10.7908 | AF25: Bharat Electronics Ltd. | AG25: Shriram Finance Ltd. | AH25: Shriram Finance Ltd. | AI25: 4.0801
B26: ICICI Bank Ltd. | C26: ICICI Bank Ltd. | D26: ICICI Bank Ltd. | E26: 7.3577 | H26: ICICI Bank Ltd. | I26: ICICI Bank Ltd. | J26: ICICI Bank Ltd. | K26: 8.4791 | N26: ICICI Bank Ltd. | O26: ICICI Bank Ltd. | P26: ICICI Bank Ltd. | Q26: 6.1563 | T26: ICICI Bank Ltd. | U26: ICICI Bank Ltd. | V26: ICICI Bank Ltd. | W26: 7.3274 | Z26: ICICI Bank Ltd. | AA26: ICICI Bank Ltd. | AB26: ICICI Bank Ltd. | AC26: 8.4367 | AF26: Shriram Finance Ltd. | AG26: Bharat Electronics Ltd. | AH26: Bharat Electronics Ltd. | AI26: 3.5539
B27: Infosys Ltd. | C27: Infosys Ltd. | D27: Infosys Ltd. | E27: 5.7938 | H27: Infosys Ltd. | I27: Infosys Ltd. | J27: Infosys Ltd. | K27: 6.6777 | N27: Infosys Ltd. | O27: Infosys Ltd. | P27: Infosys Ltd. | Q27: 4.8655 | T27: Infosys Ltd. | U27: Infosys Ltd. | V27: Infosys Ltd. | W27: 5.7824 | Z27: Infosys Ltd. | AA27: Infosys Ltd. | AB27: Infosys Ltd. | AC27: 6.6614 | AF27: Tata Power Company Ltd. | AG27: Hindustan Aeronautics Ltd. | AH27: Hindustan Aeronautics Ltd. | AI27: 3.4931
B28: Larsen & Toubro Ltd. | C28: ITC Ltd. | D28: ITC Ltd. | E28: 4.391 | H28: Larsen & Toubro Ltd. | I28: ITC Ltd. | J28: ITC Ltd. | K28: 5.1741 | N28: Larsen & Toubro Ltd. | O28: ITC Ltd. | P28: ITC Ltd. | Q28: 3.6663 | T28: Larsen & Toubro Ltd. | U28: ITC Ltd. | V28: ITC Ltd. | W28: 4.3743 | Z28: Larsen & Toubro Ltd. | AA28: ITC Ltd. | AB28: ITC Ltd. | AC28: 5.1639 | AF28: Hindustan Aeronautics Ltd. | AG28: Cholamandalam Investment & Fin Co Ltd. | AH28: Cholamandalam Investment & Fin Co Ltd. | AI28: 3.254
B29: ITC Ltd. | C29: Larsen & Toubro Ltd. | D29: Larsen & Toubro Ltd. | E29: 4.3242 | H29: ITC Ltd. | I29: Larsen & Toubro Ltd. | J29: Larsen & Toubro Ltd. | K29: 4.9865 | N29: ITC Ltd. | O29: Larsen & Toubro Ltd. | P29: Larsen & Toubro Ltd. | Q29: 3.6185 | T29: ITC Ltd. | U29: Larsen & Toubro Ltd. | V29: Larsen & Toubro Ltd. | W29: 4.3016 | Z29: ITC Ltd. | AA29: Larsen & Toubro Ltd. | AB29: Larsen & Toubro Ltd. | AC29: 4.9675 | AF29: Cholamandalam Investment & Fin Co Ltd. | AG29: TVS Motor Company Ltd. | AH29: TVS Motor Company Ltd. | AI29: 3.1486
B30: Tata Consultancy Services Ltd. | C30: Tata Consultancy Services Ltd. | D30: Tata Consultancy Services Ltd. | E30: 4.058 | H30: Tata Consultancy Services Ltd. | I30: Tata Consultancy Services Ltd. | J30: Tata Consultancy Services Ltd. | K30: 4.7278 | N30: Tata Consultancy Services Ltd. | O30: Tata Consultancy Services Ltd. | P30: Tata Consultancy Services Ltd. | Q30: 3.3873 | T30: Tata Consultancy Services Ltd. | U30: Axis Bank Ltd. | V30: Axis Bank Ltd. | W30: 4.0393 | Z30: Tata Consultancy Services Ltd. | AA30: Tata Consultancy Services Ltd. | AB30: Tata Consultancy Services Ltd. | AC30: 4.7142 | AF30: Indian Oil Corporation Ltd. | AG30: Indian Oil Corporation Ltd. | AH30: Indian Oil Corporation Ltd. | AI30: 2.9614
B31: Axis Bank Ltd. | C31: Axis Bank Ltd. | D31: Axis Bank Ltd. | E31: 3.2027 | H31: Axis Bank Ltd. | I31: Axis Bank Ltd. | J31: Axis Bank Ltd. | K31: 3.7701 | N31: Axis Bank Ltd. | O31: Axis Bank Ltd. | P31: Axis Bank Ltd. | Q31: 2.6899 | T31: Axis Bank Ltd. | U31: Kotak Mahindra Bank Ltd. | V31: Kotak Mahindra Bank Ltd. | W31: 3.1977 | Z31: Axis Bank Ltd. | AA31: Axis Bank Ltd. | AB31: Axis Bank Ltd. | AC31: 3.7654 | AF31: TVS Motor Company Ltd. | AG31: DLF Ltd. | AH31: DLF Ltd. | AI31: 2.9213
B32: Kotak Mahindra Bank Ltd. | C32: Kotak Mahindra Bank Ltd. | D32: Kotak Mahindra Bank Ltd. | E32: 2.9357 | H32: Kotak Mahindra Bank Ltd. | I32: Bharti Airtel Ltd. | J32: Bharti Airtel Ltd. | K32: 3.2914 | N32: Kotak Mahindra Bank Ltd. | O32: Kotak Mahindra Bank Ltd. | P32: Kotak Mahindra Bank Ltd. | Q32: 2.4749 | T32: Kotak Mahindra Bank Ltd. | U32: Bharti Airtel Ltd. | V32: Bharti Airtel Ltd. | W32: 2.9254 | Z32: Kotak Mahindra Bank Ltd. | AA32: Bharti Airtel Ltd. | AB32: Bharti Airtel Ltd. | AC32: 3.2839 | AF32: DLF Ltd. | AG32: Pidilite Industries Ltd. | AH32: Pidilite Industries Ltd. | AI32: 2.8992
B33: Bharti Airtel Ltd. | C33: Bharti Airtel Ltd. | D33: Bharti Airtel Ltd. | E33: 2.7483 | H33: Bharti Airtel Ltd. | I33: Kotak Mahindra Bank Ltd. | J33: Kotak Mahindra Bank Ltd. | K33: 3.1713 | N33: Bharti Airtel Ltd. | O33: Bharti Airtel Ltd. | P33: Bharti Airtel Ltd. | Q33: 2.3057 | T33: Bharti Airtel Ltd. | W33: 2.7386 | Z33: Bharti Airtel Ltd. | AA33: Kotak Mahindra Bank Ltd. | AB33: Kotak Mahindra Bank Ltd. | AC33: 3.1574 | AF33: GAIL (India) Ltd. | AG33: Tata Power Company Ltd. | AH33: Tata Power Company Ltd. | AI33: 2.7237
B36: Grand Total | E36: =SUM(E24:G35) -> 57.5172 | H36: Grand Total | K36: =SUM(K24:M35) -> 66.824 | N36: Grand Total | Q36: =SUM(Q24:S35) -> 48.2132 | T36: Grand Total | W36: =SUM(W24:Y35) -> 57.3443 | Z36: Grand Total | AC36: =SUM(AC24:AE35) -> 66.638 | AF36: Grand Total | AI36: =SUM(AI24:AK35) -> 33.2262 | AL36: Grand Total | AO36: =SUM(AO24:AQ35) -> 99.7375
A38: Asset Allocation | B38: Asset Allocation | E38: % of Scheme | H38: Asset Allocation | K38: % of Scheme | N38: Asset Allocation | Q38: % of Scheme | T38: Asset Allocation | W38: % of Scheme | Z38: Asset Allocation | AC38: % of Scheme | AF38: Asset Allocation | AI38: % of Scheme | AL38: Asset Allocation | AO38: % of Scheme
B39: Equity Holdings | C39: 0.99271561 | D39: Equity Holdings | E39: 99.890778 | H39: Equity Holdings | I39: 0.99442429 | J39: Equity Holdings | K39: 99.986084 | N39: Equity Holdings | O39: 0.99289916 | P39: Equity Holdings | Q39: 99.95494 | T39: Equity Holdings | U39: 0.99271561 | V39: Equity Holdings | W39: 99.609319 | Z39: Equity Holdings | AA39: 1.0451347 | AB39: Equity Holdings | AC39: 99.737805 | AF39: Equity Holdings | AI39: 99.621239 | AL39: GOVERNMENT BOND AND TREASURY BILL | AO39: 99.737683
B40: Cash & Other Receivables | C40: 0.0072843895 | D40: Cash & Other Receivables | E40: 0.10922235 | H40: Cash & Other Receivables | I40: 0.0055757063 | J40: Cash & Other Receivables | K40: 0.013915913 | N40: Cash & Other Receivables | O40: 0.0071008401 | P40: Cash & Other Receivables | Q40: 0.04506004 | T40: Cash & Other Receivables | U40: 0.0072843895 | V40: Cash & Other Receivables | W40: 0.39068106 | Z40: Cash & Other Receivables | AA40: -0.045134662 | AB40: Cash & Other Receivables | AC40: 0.26219468 | AF40: Cash & Other Receivables | AI40: 0.37876095 | AL40: Cash & Other Receivables | AO40: 0.2623166
B45: Grand Total | E45: =SUM(E39:G43) -> 100 | H45: Grand Total | K45: =SUM(K39:M43) -> 100 | N45: Grand Total | Q45: =SUM(Q39:S43) -> 100 | T45: Grand Total | W45: =SUM(W39:Y43) -> 100 | Z45: Grand Total | AC45: =SUM(AC39:AE43) -> 100 | AF45: Grand Total | AI45: =SUM(AI39:AK43) -> 100 | AL45: Grand Total | AO45: =SUM(AO39:AQ43) -> 100
A47: Sectoral Allocation | B47: Sector/Industry | E47: % of Scheme | H47: Sector/Industry | K47: % of Scheme | N47: Sector/Industry | Q47: % of Scheme | T47: Sector/Industry | W47: % of Scheme | Z47: Sector/Industry | AC47: % of Scheme | AF47: Sector/Industry | AI47: % of Scheme | AL47: Sector/Industry | AO47: % of Scheme
B48: Banks | C48: Banks | D48: Banks | E48: 30.6737 | H48: Banks | I48: Banks | J48: Banks | K48: 35.4909 | N48: Banks | O48: Banks | P48: Banks | Q48: 26.6477 | T48: Banks | U48: Banks | V48: Banks | W48: 30.6235 | Z48: Banks | AA48: Banks | AB48: Banks | AC48: 35.4152 | AF48: Finance | AG48: Finance | AH48: Finance | AI48: 9.9664 | AL48: Government of India | AM48: Government of India | AN48: Government of India | AO48: 99.7375
B49: IT - Software | C49: IT - Software | D49: IT - Software | E49: 13.6218 | H49: IT - Software | I49: IT - Software | J49: IT - Software | K49: 15.0506 | N49: IT - Software | O49: IT - Software | P49: IT - Software | Q49: 11.4149 | T49: IT - Software | W49: 13.5853 | Z49: IT - Software | AA49: IT - Software | AB49: IT - Software | AC49: 15.0153 | AF49: Retailing | AG49: Retailing | AH49: Retailing | AI49: 9.9395
B50: Petroleum Products | C50: Petroleum Products | D50: Petroleum Products | E50: 9.6691 | H50: Petroleum Products | I50: Petroleum Products | J50: Petroleum Products | K50: 10.8323 | N50: Petroleum Products | O50: Petroleum Products | P50: Petroleum Products | Q50: 8.4976 | T50: Petroleum Products | W50: 9.6226 | Z50: Petroleum Products | AA50: Petroleum Products | AB50: Petroleum Products | AC50: 10.7908 | AF50: Aerospace & Defense | AG50: Aerospace & Defense | AH50: Aerospace & Defense | AI50: 7.3341
B51: Diversified FMCG | C51: Diversified FMCG | D51: Diversified FMCG | E51: 6.8272 | H51: Diversified FMCG | I51: Diversified FMCG | J51: Diversified FMCG | K51: 7.8661 | N51: Automobiles | O51: Automobiles | P51: Automobiles | Q51: 6.045 | T51: Diversified FMCG | W51: 6.8004 | Z51: Diversified FMCG | AA51: Diversified FMCG | AB51: Diversified FMCG | AC51: 7.8452 | AF51: Personal Products | AG51: Personal Products | AH51: Personal Products | AI51: 7.1608
B52: Automobiles | C52: Automobiles | D52: Automobiles | E52: 6.4644 | H52: Automobiles | I52: Automobiles | J52: Automobiles | K52: 5.3577 | N52: Diversified FMCG | O52: Diversified FMCG | P52: Diversified FMCG | Q52: 5.7104 | T52: Automobiles | W52: 6.449 | Z52: Automobiles | AA52: Automobiles | AB52: Automobiles | AC52: 5.3429 | AF52: Banks | AG52: Banks | AH52: Banks | AI52: 6.2404
B53: Construction | C53: Construction | D53: Construction | E53: 4.391 | H53: Construction | I53: Construction | J53: Construction | K53: 5.1741 | N53: Finance | O53: Finance | P53: Finance | Q53: 4.1737 | T53: Construction | W53: 4.3743 | Z53: Construction | AA53: Construction | AB53: Construction | AC53: 5.1639 | AF53: Power | AG53: Power | AH53: Power | AI53: 5.8137
B54: Pharmaceuticals & Biotechnology | C54: Pharmaceuticals & Biotechnology | D54: Pharmaceuticals & Biotechnology | E54: 3.3839 | H54: Consumer Durables | I54: Consumer Durables | J54: Consumer Durables | K54: 3.7185 | N54: Construction | O54: Construction | P54: Construction | Q54: 3.6663 | T54: Pharmaceuticals & Biotechnology | W54: 3.3743 | Z54: Consumer Durables | AA54: Consumer Durables | AB54: Consumer Durables | AC54: 3.7094 | AF54: Chemicals & Petrochemicals | AG54: Chemicals & Petrochemicals | AH54: Chemicals & Petrochemicals | AI54: 4.8119
B55: Consumer Durables | C55: Consumer Durables | D55: Consumer Durables | E55: 3.2268 | H55: Finance | I55: Finance | J55: Finance | K55: 3.5729 | N55: Power | O55: Power | P55: Power | Q55: 3.5285 | T55: Consumer Durables | W55: 3.2187 | Z55: Finance | AA55: Finance | AB55: Finance | AC55: 3.5669 | AF55: Cement & Cement Products | AG55: Cement & Cement Products | AH55: Cement & Cement Products | AI55: 4.7319
B56: Finance | C56: Finance | D56: Finance | E56: 3.1041 | H56: Telecom - Services | I56: Telecom - Services | J56: Telecom - Services | K56: 3.1713 | N56: Pharmaceuticals & Biotechnology | O56: Pharmaceuticals & Biotechnology | P56: Pharmaceuticals & Biotechnology | Q56: 3.1698 | T56: Finance | W56: 3.0918 | Z56: Telecom - Services | AA56: Telecom - Services | AB56: Telecom - Services | AC56: 3.1574 | AF56: Insurance | AG56: Insurance | AH56: Insurance | AI56: 4.0966
B57: Telecom - Services | C57: Telecom - Services | D57: Telecom - Services | E57: 2.7483 | H57: Power | I57: Power | J57: Power | K57: 3.1132 | N57: Consumer Durables | O57: Consumer Durables | P57: Consumer Durables | Q57: 3.1457 | T57: Telecom - Services | W57: 2.7386 | Z57: Power | AA57: Power | AB57: Power | AC57: 3.1002 | AF57: Electrical Equipment | AG57: Electrical Equipment | AH57: Electrical Equipment | AI57: 3.7557
B58: Power | C58: Power | D58: Power | E58: 2.7029 | H58: Ferrous Metals | I58: Ferrous Metals | J58: Ferrous Metals | K58: 2.3818 | N58: Cement & Cement Products | O58: Cement & Cement Products | P58: Cement & Cement Products | Q58: 2.4243 | T58: Power | W58: 2.6883 | Z58: Ferrous Metals | AA58: Ferrous Metals | AB58: Ferrous Metals | AC58: 2.3767 | AF58: Beverages | AG58: Beverages | AH58: Beverages | AI58: 3.5203
B59: Cement & Cement Products | C59: Cement & Cement Products | D59: Cement & Cement Products | E59: 2.09 | H59: Pharmaceuticals & Biotechnology | I59: Pharmaceuticals & Biotechnology | J59: Pharmaceuticals & Biotechnology | K59: 1.6489 | N59: Telecom - Services | O59: Telecom - Services | P59: Telecom - Services | Q59: 2.3057 | T59: Cement & Cement Products | W59: 2.084 | Z59: Pharmaceuticals & Biotechnology | AA59: Pharmaceuticals & Biotechnology | AB59: Pharmaceuticals & Biotechnology | AC59: 1.6455 | AF59: Gas | AG59: Gas | AH59: Gas | AI59: 3.4248
B60: Ferrous Metals | C60: Ferrous Metals | D60: Ferrous Metals | E60: 2.0716 | H60: Cement & Cement Products | I60: Cement & Cement Products | J60: Cement & Cement Products | K60: 1.46 | N60: Retailing | O60: Retailing | P60: Retailing | Q60: 2.0496 | T60: Ferrous Metals | W60: 2.068 | Z60: Cement & Cement Products | AA60: Cement & Cement Products | AB60: Cement & Cement Products | AC60: 1.4586 | AF60: Consumer Durables | AG60: Consumer Durables | AH60: Consumer Durables | AI60: 3.1811
B61: Food Products | C61: Food Products | D61: Food Products | E61: 1.655 | H61: Food Products | I61: Food Products | J61: Food Products | K61: 1.1464 | N61: Ferrous Metals | O61: Ferrous Metals | P61: Ferrous Metals | Q61: 1.9744 | T61: Food Products | W61: 1.6525 | Z61: Food Products | AA61: Food Products | AB61: Food Products | AC61: 1.1485 | AF61: Petroleum Products | AG61: Petroleum Products | AH61: Petroleum Products | AI61: 2.9614
B62: Insurance | C62: Insurance | D62: Insurance | E62: 1.3932 | N62: Insurance | O62: Insurance | P62: Insurance | Q62: 1.8582 | T62: Insurance | W62: 1.3888 | AF62: Automobiles | AG62: Automobiles | AH62: Automobiles | AI62: 2.9213
B63: Non - Ferrous Metals | C63: Non - Ferrous Metals | D63: Non - Ferrous Metals | E63: 0.9401 | N63: Food Products | O63: Food Products | P63: Food Products | Q63: 1.3872 | T63: Non - Ferrous Metals | W63: 0.9388 | AF63: Realty | AG63: Realty | AH63: Realty | AI63: 2.7961
B64: Consumable Fuels | C64: Consumable Fuels | D64: Consumable Fuels | E64: 0.905 | N64: Personal Products | O64: Personal Products | P64: Personal Products | Q64: 1.1041 | T64: Consumable Fuels | W64: 0.9004 | AF64: Auto Components | AG64: Auto Components | AH64: Auto Components | AI64: 2.6764
B65: Oil | C65: Oil | D65: Oil | E65: 0.8417 | N65: Aerospace & Defense | O65: Aerospace & Defense | P65: Aerospace & Defense | Q65: 1.0414 | T65: Oil | W65: 0.8375 | AF65: Transport Services | AG65: Transport Services | AH65: Transport Services | AI65: 2.6281
B66: Transport Infrastructure | C66: Transport Infrastructure | D66: Transport Infrastructure | E66: 0.7913 | N66: Agricultural Food & other Products | O66: Agricultural Food & other Products | P66: Agricultural Food & other Products | Q66: 0.8761 | T66: Transport Infrastructure | W66: 0.7879 | AF66: Pharmaceuticals & Biotechnology | AG66: Pharmaceuticals & Biotechnology | AH66: Pharmaceuticals & Biotechnology | AI66: 2.3877
B67: Metals & Minerals Trading | C67: Metals & Minerals Trading | D67: Metals & Minerals Trading | E67: 0.7839 | N67: Beverages | O67: Beverages | P67: Beverages | Q67: 0.8065 | T67: Metals & Minerals Trading | W67: 0.7824 | AF67: Diversified Metals | AG67: Diversified Metals | AH67: Diversified Metals | AI67: 2.145
B68: Agricultural Food & other Products | C68: Agricultural Food & other Products | D68: Agricultural Food & other Products | E68: 0.6893 | N68: Non - Ferrous Metals | O68: Non - Ferrous Metals | P68: Non - Ferrous Metals | Q68: 0.7925 | T68: Agricultural Food & other Products | W68: 0.6889 | AF68: Agricultural Food & other Products | AG68: Agricultural Food & other Products | AH68: Agricultural Food & other Products | AI68: 1.9023
B69: Healthcare Services | C69: Healthcare Services | D69: Healthcare Services | E69: 0.6037 | N69: Consumable Fuels | O69: Consumable Fuels | P69: Consumable Fuels | Q69: 0.7588 | T69: Healthcare Services | W69: 0.6013 | AF69: Fertilizers & Agrochemicals | AG69: Fertilizers & Agrochemicals | AH69: Fertilizers & Agrochemicals | AI69: 1.7534
B70: Fertilizers & Agrochemicals | C70: Fertilizers & Agrochemicals | D70: Fertilizers & Agrochemicals | E70: 0.3105 | N70: Oil | O70: Oil | P70: Oil | Q70: 0.7051 | T70: Fertilizers & Agrochemicals | W70: 0.3095 | AF70: Ferrous Metals | AG70: Ferrous Metals | AH70: Ferrous Metals | AI70: 1.6926
N71: Chemicals & Petrochemicals | O71: Chemicals & Petrochemicals | P71: Chemicals & Petrochemicals | Q71: 0.6805 | AF71: Leisure Services | AG71: Leisure Services | AH71: Leisure Services | AI71: 1.6743
N72: Transport Infrastructure | O72: Transport Infrastructure | P72: Transport Infrastructure | Q72: 0.6624
N73: Metals & Minerals Trading | O73: Metals & Minerals Trading | P73: Metals & Minerals Trading | Q73: 0.6503
N74: Gas | O74: Gas | P74: Gas | Q74: 0.6245
N75: Electrical Equipment | O75: Electrical Equipment | P75: Electrical Equipment | Q75: 0.5325
N76: Fertilizers & Agrochemicals | O76: Fertilizers & Agrochemicals | P76: Fertilizers & Agrochemicals | Q76: 0.5088
N77: Healthcare Services | O77: Healthcare Services | P77: Healthcare Services | Q77: 0.5053
N78: Realty | O78: Realty | P78: Realty | Q78: 0.4177
N79: Auto Components | O79: Auto Components | P79: Auto Components | Q79: 0.3798
N80: Transport Services | O80: Transport Services | P80: Transport Services | Q80: 0.3659
N81: Diversified Metals | O81: Diversified Metals | P81: Diversified Metals | Q81: 0.3014
N82: Leisure Services | O82: Leisure Services | P82: Leisure Services | Q82: 0.2372
B89: Grand Total | E89: =SUM(E48:G88) -> 99.8885 | H89: Grand Total | K89: =SUM(K48:M88) -> 99.9847 | N89: Grand Total | Q89: =SUM(Q48:S88) -> 99.9498 | T89: Grand Total | W89: =SUM(W48:Y88) -> 99.6068 | Z89: Grand Total | AC89: =SUM(AC48:AE88) -> 99.7365 | AF89: Grand Total | AI89: =SUM(AI48:AK88) -> 99.5158 | AL89: Grand Total | AO89: =SUM(AO48:AQ88) -> 99.7375
A91: Scheme Past Performance | B91: Regular (Growth) | E91: Direct (Growth) | H91: Regular (Growth) | K91: Direct (Growth) | N91: Regular (Growth) | Q91: Direct (Growth) | T91: Regular (Growth) | W91: Direct (Growth) | Z91: Regular (Growth) | AC91: Direct (Growth) | AF91: Regular (Growth) | AI91: Direct (Growth) | AL91: Regular (Growth) | AO91: Direct (Growth)
B92: Scheme (%) | C92: Scheme Benchmark (%) | D92: Additional Benchmark (%) | E92: Scheme (%) | F92: Scheme Benchmark (%) | G92: Additional Benchmark (%) | H92: Scheme (%) | I92: Scheme Benchmark (%) | J92: Additional Benchmark (%) | K92: Scheme (%) | L92: Scheme Benchmark (%) | M92: Additional Benchmark (%) | N92: Scheme (%) | O92: Scheme Benchmark (%) | P92: Additional Benchmark (%) | Q92: Scheme (%) | R92: Scheme Benchmark (%) | S92: Additional Benchmark (%) | T92: Scheme (%) | U92: Scheme Benchmark (%) | V92: Additional Benchmark (%) | W92: Scheme (%) | X92: Scheme Benchmark (%) | Y92: Additional Benchmark (%) | Z92: Scheme (%) | AA92: Scheme Benchmark (%) | AB92: Additional Benchmark (%) | AC92: Scheme (%) | AD92: Scheme Benchmark (%) | AE92: Additional Benchmark (%) | AF92: Scheme (%) | AG92: Scheme Benchmark (%) | AH92: Additional Benchmark (%) | AI92: Scheme (%) | AJ92: Scheme Benchmark (%) | AK92: Additional Benchmark (%) | AL92: Scheme (%) | AM92: Scheme Benchmark (%) | AN92: Additional Benchmark (%) | AO92: Scheme (%) | AP92: Scheme Benchmark (%) | AQ92: Additional Benchmark (%)
A93: 1 year (CAGR %) | B93: 21.1212 | C93: 21.3645 | D93: 20.3885 | E93: - | F93: - | G93: - | H93: 20.2394 | I93: 20.3885 | J93: 21.3645 | K93: - | L93: - | M93: - | N93: 20.8263 | O93: 21.3019 | P93: 23.2968 | Q93: - | R93: - | S93: - | T93: 20.1248 | U93: 21.3645 | V93: 20.3885 | W93: 20.9348 | X93: 21.3645 | Y93: 20.3885 | Z93: 19.0876 | AA93: 20.3885 | AB93: 21.3645 | AC93: 19.9104 | AD93: 20.3885 | AE93: 21.3645 | AF93: 25.812 | AG93: 27.321 | AH93: 21.3645 | AI93: 26.5424 | AJ93: 27.321 | AK93: 21.3645 | AL93: 7.96 | AM93: 8.1292 | AN93: 7.8399 | AO93: - | AP93: - | AQ93: -
A94: Current Value of Investment of Rs. 10,000 | B94: 12106 | C94: 12130 | D94: 12033 | H94: 12018 | I94: 12033 | J94: 12130 | N94: 12076 | O94: 12124 | P94: 12323 | T94: 12006 | U94: 12130 | V94: 12033 | W94: 12087 | X94: 12130 | Y94: 12033 | Z94: 11903 | AA94: 12033 | AB94: 12130 | AC94: 11985 | AD94: 12033 | AE94: 12130 | AF94: 12573 | AG94: 12724 | AH94: 12130 | AI94: 12646 | AJ94: 12724 | AK94: 12130 | AL94: 10794 | AM94: 10811 | AN94: 10782
A95: 3 Years (CAGR %) | B95: 17.0753 | C95: 17.241 | D95: 16.226 | E95: - | F95: - | G95: - | H95: 16.0758 | I95: 16.226 | J95: 17.241 | K95: - | L95: - | M95: - | N95: 16.8422 | O95: 17.2059 | P95: 18.2803 | Q95: - | R95: - | S95: - | T95: 15.8522 | U95: 17.241 | V95: 16.226 | W95: 16.6232 | X95: 17.241 | Y95: 16.226 | Z95: 14.964 | AA95: 16.226 | AB95: 17.241 | AC95: 15.7294 | AD95: 16.226 | AE95: 17.241 | AF95: 17.8462 | AG95: 18.9447 | AH95: 17.241 | AI95: 18.5466 | AJ95: 18.9447 | AK95: 17.241 | AL95: 3.4314 | AM95: 3.784 | AN95: 3.1579 | AO95: - | AP95: - | AQ95: -
A96: Current Value of Investment of Rs. 10,000 | B96: 16033 | C96: 16101 | D96: 15687 | H96: 15627 | I96: 15687 | J96: 16101 | N96: 15938 | O96: 16087 | P96: 16532 | T96: 15537 | U96: 16101 | V96: 15687 | W96: 15849 | X96: 16101 | Y96: 15687 | Z96: 15183 | AA96: 15687 | AB96: 16101 | AC96: 15488 | AD96: 15687 | AE96: 16101 | AF96: 16351 | AG96: 16812 | AH96: 16101 | AI96: 16644 | AJ96: 16812 | AK96: 16101 | AL96: 11063 | AM96: 11176 | AN96: 10976
A97: 5 years (CAGR %) | B97: 16.1039 | C97: 16.2478 | D97: 16.2893 | E97: - | F97: - | G97: - | H97: 16.1595 | I97: 16.2893 | J97: 16.2478 | K97: - | L97: - | M97: - | N97: 15.4912 | O97: 15.8751 | P97: 16.4726 | Q97: - | R97: - | S97: - | T97: 14.8911 | U97: 16.2478 | V97: 16.2893 | W97: 15.7084 | X97: 16.2478 | Y97: 16.2893 | Z97: 15.0764 | AA97: 16.2893 | AB97: 16.2478 | AC97: 15.7253 | AD97: 16.2893 | AE97: 16.2478 | AF97: 13.3245 | AG97: 14.6502 | AH97: 16.2478 | AI97: 14.0065 | AJ97: 14.6502 | AK97: 16.2478 | AL97: 6.2886 | AM97: 6.6505 | AN97: 5.7876 | AO97: - | AP97: - | AQ97: -
A98: Current Value of Investment of Rs. 10,000 | B98: 21089 | C98: 21220 | D98: 21258 | H98: 21140 | I98: 21258 | J98: 21220 | N98: 20539 | O98: 20882 | P98: 21426 | T98: 20011 | U98: 21220 | V98: 21258 | W98: 20732 | X98: 21220 | Y98: 21258 | Z98: 20173 | AA98: 21258 | AB98: 21220 | AC98: 20748 | AD98: 21258 | AE98: 21220 | AF98: 18684 | AG98: 19802 | AH98: 21220 | AI98: 19253 | AJ98: 19802 | AK98: 21220 | AL98: 13563 | AM98: 13796 | AN98: 13247
A99: Since Inception (CAGR %) | B99: 14.5599 | C99: 14.7548 | D99: 14.8978 | E99: - | F99: - | G99: - | H99: 14.7128 | I99: 14.8005 | J99: 14.6669 | K99: - | L99: - | M99: - | N99: 15.5843 | O99: 15.9756 | P99: 16.4182 | Q99: - | R99: - | S99: - | T99: 12.8574 | U99: 17.04 | V99: 17.5721 | W99: 13.101 | X99: 13.8747 | Y99: 14.093 | Z99: 13.6578 | AA99: 17.5721 | AB99: 17.04 | AC99: 13.128 | AD99: 14.093 | AE99: 13.8747 | AF99: 10.9352 | AG99: 12.6647 | AH99: 11.5326 | AI99: 14.467 | AJ99: 15.4175 | AK99: 13.8747 | AL99: 6.8926 | AM99: 7.247 | AN99: 6.3819 | AO99: - | AP99: - | AQ99: -
A100: Current Value of Investment of Rs. 10,000 | B100: 30123 | C100: 30541 | D100: 30851 | H100: 30336 | I100: 30524 | J100: 30238 | N100: 30897 | O100: 31722 | P100: 32677 | T100: 128028 | U100: 275708 | V100: 303372 | W100: 38724 | X100: 41739 | Y100: 42628 | Z100: 148594 | AA100: 303372 | AB100: 275708 | AC100: 38826 | AD100: 42628 | AE100: 41739 | AF100: 39684 | AG100: 48737 | AH100: 42619 | AI100: 44190 | AJ100: 48397 | AK100: 41739 | AL100: 18242 | AM100: 18795 | AN100: 17471
A102: First Tier Benchmark Index | C102: Nifty 50 TRI | D102: S&P BSE Sensex TRI | I102: S&P BSE Sensex TRI | J102: Nifty 50 TRI | O102: Nifty 100 TRI | P102: S&P BSE 100 TRI | U102: Nifty 50 TRI | V102: S&P BSE Sensex TRI | X102: Nifty 50 TRI | Y102: S&P BSE Sensex TRI | AA102: S&P BSE Sensex TRI | AB102: Nifty 50 TRI | AD102: S&P BSE Sensex TRI | AE102: Nifty 50 TRI | AG102: NIFTY Next 50 TRI | AH102: Nifty 50 TRI | AJ102: NIFTY Next 50 TRI | AK102: Nifty 50 TRI | AM102: Nifty 8-13 yr G-Sec | AN102: Crisil 10 Year Gilt Index
A103: NAV/ Index Value | B103: 236.66 | C103: =+Equity!Y104 -> 31933.93 | D103: 110664.15 | H103: 793.1528 | I103: =D103 -> 110664.15 | J103: =Equity!AE104 -> 31933.93 | N103: 234.8742 | O103: =+Equity!L104 -> 29472.22 | P103: 28317.094 | T103: 119.6915 | U103: =J103 -> 31933.93 | V103: =I103 -> 110664.15 | W103: 127.4243 | X103: =U103 -> 31933.93 | Y103: =V103 -> 110664.15 | Z103: 134.7987 | AA103: =Y103 -> 110664.15 | AB103: =X103 -> 31933.93 | AC103: 143.0785 | AD103: =AA103 -> 110664.15 | AE103: =AB103 -> 31933.93 | AF103: 39.6843 | AG103: 75459.98 | AH103: =Equity!BU104 -> 31933.93 | AI103: 43.145 | AJ103: =AG103 -> 75459.98 | AK103: =AH103 -> 31933.93 | AL103: 24.4627 | AM103: 2522.05 | AN103: ='Debt-Excl.Over,Liq,MM'!D56 -> 4441.754
A104: Scheme Riskometer | B104: :) Long term investment. | H104: :) Long term investment. | N104: :) Long term investment. | T104: :) Long Term Capital Growth | Z104: :) Long Term Capital Growth | AF104: :) Long Term growth in a passively managed scheme tracking NIFTY Next 50 Index(TRI) | AL104: :) Medium to long term regular Income.
B105: :) Investment in securities covered by NIFTY 50 Index, subject to tracking errors. | H105: :) Investment in securities covered by S&P BSE SENSEX, subject to tracking errors. | N105: :) Investment in equity and equity related securities and portfolios replicating the composition of Nifty 100 Index, subject to tracking errors. | T105: :) Investment in equity instrument of respective index stocks subject to tracking error. | Z105: :) Investment in equity instrument of S & P BSE Sensex index stocks subject to tracking error. | AF105: :) Investments only in and all stocks comprising Nifty Next 50 Index in the same weight of these stocks as in Index with objective to replicate performance of NIFTYNext 50 Index(TRI) | AL105: :) Investment in securities in line with Nifty 8- 13 Yr G-Sec Index to generate comparable returns subject to tracking error.
B106: :) Risk - Very High | H106: :) Risk - Very High | N106: :) Risk - Very High | T106: :) Risk - Very High | Z106: :) Risk - Very High | AF106: :) Risk - Very High | AL106: :) Risk - Moderate
A120: Benchmark Riskometer | B120: First Tier Benchmark - Nifty 50 TRI | H120: First Tier Benchmark - S&P BSE Sensex TRI | N120: First Tier Benchmark - Nifty 100 TRI | T120: First Tier Benchmark - Nifty 50 TRI | Z120: First Tier Benchmark - S&P BSE Sensex TRI | AF120: First Tier Benchmark - Nifty Next 50 TRI | AL120: First Tier Benchmark - Nifty 8-13 yr G-Sec
B121: :) Risk - Very High | H121: :) Risk - Very High | N121: :) Risk - Very High | T121: :) Risk - Very High | Z121: :) Risk - Very High | AF121: :) Risk - Very High | AL121: :) Risk - Moderate
A137: Disclaimer : | AL137: Potential Risk Class
A138: Mutual Fund Investments are subject to market risks, read all scheme related documents carefully. | AL138: Credit Risk | AN138: Relatively Low (Class A) | AO138: Moderate (Class B) | AP138: Relatively High (Class C)
A139: *Investors should consult their financial advisers if in doubt about whether the product is suitable for them. | AL139: Interest Rate Risk
K140: ` | AL140: Relatively Low (Class I)
A141: Notes: | AL141: Moderate (Class II)
A142: 1) All scheme returns are for growth option | AL142: Relatively High (Class III) | AN142: A-III
A143: 2) All above data is as on 31/12/2023.
A144: 3)The performance of the scheme is benchmarked to the Total Return variant of the Index
A145: 4) The scheme performance IDBI MF schemes merged with LIC MF schemes herewith is a blended performance on weighted average, as per applicable guidelines of SEBI.
A146: "@ Base TER excludes additional expenses provided in Regulation 52(6A)(b) and 52(6A)(c) of SEBI (Mutual Funds) Regulations, 1996 and Goods and Services Tax (GST) on investment and advisory fees as per applicable RATE.
A147: "# Additional Expenses not exceeding 0.30% in terms of Regulation 52(6A)(b) of SEBI (Mutual Funds) Regulations, 1996
A148: "$ Additional Expenses not exceeding 0.05% in terms of Regulation 52(6A)(c) of SEBI (Mutual Funds) Regulations, 1996.
A149: " ^ Present GST rate is 18 %.
A150: Percentages mentioned above for TER are annualized
A151: Base TER of direct plan shall have a lower expense ratio excluding distribution expenses, commission, etc., and no commission shall be paid from such plans
...

Sheet Gold
A1: =Equity!A1 -> Dashboard as on 31/12/2023
A2: Scheme Name | B2: LIC MF Gold Exchange Traded Fund (ERSTWHILE IDBI GOLD EXCHANGE TRADED FUND) | H2: LIC MF Gold ETF Fund of Fund (ERSTWHILE IDBI GOLD FUND)
A4: Date of Allotment - Regular | B4: 09.11.2011 | H4: 14.08.2012
A5: Date of Allotment - Direct | B5: 01.01.2013 | H5: 01.01.2013
A7: AUM (in Rs. crore) | B7: 112.97 | H7: 46.65
A10: Investment Objective | B10: To invest in physical Gold and Gold related Instruments with the objective to replicate the performance of Gold in domestic prices. The ETF will adopt a passive investment strategy and will seek to achieve the investment objective by minimizing the tracking error between the Fund and the underlying asset. | H10: The investment objective of the Scheme will be to generate returns that correspond closely to the returns generated by LIC MF Gold Exchange Traded Fund (LIC MF Gold ETF)
A12: Fund Manager | B12: Mr. Yash Dhoot (managing since 31/07/23) | H12: Mr. Yash Dhoot (managing since 31/07/23)
A14: Total Expense Ratio (Weighted Average for the month) Excluding Goods and Service Tax on Management Fees
B15: Regular | E15: Direct | H15: Regular | K15: Direct
A16: Base TER (%)@ | B16: 0.4 | E16: 0 | H16: 0.6 | K16: 0.19
A17: Additional expense as per Regulation 52(6A)(b) (%)# | B17: 0 | E17: 0 | H17: 0 | K17: 0
A18: Additional expense as per Regulation 52(6A)(c) (%)$ | B18: 0 | E18: 0 | H18: 0.05 | K18: 0.05
A19: GST (%)^ | B19: 0.01 | E19: 0 | H19: 0.02 | K19: 0.02
A20: Total TER (%) | B20: =SUM(B16:D19) -> 0.41 | E20: 0 | H20: =SUM(H16:J19) -> 0.67 | K20: =SUM(K16:M19) -> 0.26
A22: Portfolio (Top 10 Holdings) | B22: Name of the issuer | E22: % of Scheme | H22: Name of the issuer | K22: % of Scheme
B23: GOLD | E23: 99.43 | H23: LIC MF Gold Exchange Traded Fund | K23: 99.643
B35: Grand Total | E35: =SUM(E23:G34) -> 99.43 | H35: Grand Total | K35: =SUM(K23:M34) -> 99.643
A37: Asset Allocation | B37: Asset Allocation | E37: % of Scheme | H37: Asset Allocation | K37: % of Scheme
B38: Physical Gold & Gold Related Instruments | E38: 99.53 | H38: Mutual Fund Units | K38: 99.643018
B39: Cash & Other Receivables | E39: 0.47 | H39: Cash & Other Receivables | K39: 0.35698244
B44: Grand Total | E44: =SUM(E38:G42) -> 100 | H44: Grand Total | K44: =SUM(K38:M42) -> 100
A46: Scheme Past Performance | B46: Regular (Growth) | E46: Direct (Growth) | H46: Regular (Growth) | K46: Direct (Growth)
B47: Scheme (%) | C47: Scheme Benchmark (%) | D47: Additional Benchmark (%) | E47: Scheme (%) | F47: Scheme Benchmark (%) | G47: Additional Benchmark (%) | H47: Scheme (%) | I47: Scheme Benchmark (%) | J47: Additional Benchmark (%) | K47: Scheme (%) | L47: Scheme Benchmark (%) | M47: Additional Benchmark (%)
A48: 1 year (CAGR %) | B48: 13.8609 | C48: 14.1909 | D48: NA | E48: - | F48: - | G48: - | H48: 14.7996 | I48: 14.1909 | J48: NA | K48: 15.2692 | L48: 14.1909 | M48: NA
A49: Current Value of Investment of Rs. 10,000 | B49: 11382 | C49: 11415 | D49: NA | H49: 11476 | I49: 11415 | J49: NA | K49: 11522 | L49: 11415 | M49: NA
A50: 3 Years (CAGR %) | B50: 7.8163 | C50: 8.1687 | D50: NA | E50: - | F50: - | G50: - | H50: 7.2738 | I50: 8.1687 | J50: NA | K50: 7.7074 | L50: 8.1687 | M50: NA
A51: Current Value of Investment of Rs. 10,000 | B51: 12528 | C51: 12651 | D51: NA | H51: 12340 | I51: 12651 | J51: NA | K51: 12490 | L51: 12651 | M51: NA
A52: 5 years (CAGR %) | B52: 14.1269 | C52: 14.7812 | D52: NA | E52: - | F52: - | G52: - | H52: 13.2537 | I52: 14.7812 | J52: NA | K52: 13.7272 | L52: 14.7812 | M52: NA
A53: Current Value of Investment of Rs. 10,000 | B53: 19355 | C53: 19915 | D53: NA | H53: 18626 | I53: 19915 | J53: NA | K53: 19018 | L53: 19915 | M53: NA
A54: Since Inception (CAGR %) | B54: 5.8597 | C54: 6.615 | D54: NA | E54: - | F54: - | G54: - | H54: 4.7273 | I54: 6.6554 | J54: NA | K54: 5.3404 | L54: 6.7454 | M54: NA
A55: Current Value of Investment of Rs. 10,000 | B55: 19969 | C55: 21770 | D55: NA | H55: 16916 | I55: 20819 | J55: NA | K55: 17721 | L55: 20500 | M55: NA
A57: First Tier Benchmark Index | C57: Domestic Price of Gold | I57: Domestic Price of Gold | L57: Domestic Price of Gold
A58: NAV/ Index Value | B58: 5794.154 | C58: 6316.7183 | H58: 16.9161 | I58: =C58 -> 6316.7183 | K58: 17.7162 | L58: =I58 -> 6316.7183
A59: Scheme Riskometer | B59: :) To replicate the performance of gold in domestic prices with at least medium term horizon. | H59: :) To replicate returns of LICMF Gold Exchange Traded Fund with at least medium term horizon
B60: :) Investments in physical gold and gold related instruments / debt & money market instruments | H60: :) Investments in units of LICMF Gold Exchange Traded Fund/ Money Market Instruments/ LICMF Liquid Fund Scheme.
B61: :) Risk - High | H61: :) Risk - High
A75: Benchmark Riskometer | B75: First Tier Benchmark - Domestic Price of Gold | H75: First Tier Benchmark - Domestic Price of Gold
B76: :) Risk - High | H76: :) Risk - High
A92: Disclaimer :
A93: Mutual Fund Investments are subject to market risks, read all scheme related documents carefully.
A94: *Investors should consult their financial advisers if in doubt about whether the product is suitable for them.
A96: Notes:
A97: 1) All scheme returns are for growth option
A98: =Equity!A145 -> 2) All above data is as on 31/12/2023.
A99: 3)The performance of the scheme is benchmarked to the Total Return variant of the Index
A100: 4) For computation of since inception returns the allotment NAV for LIC MF Gold ETF is taken as Rs.2901.5624
A101: 5)The scheme performance IDBI MF schemes merged with LIC MF schemes herewith is a blended performance on weighted average, as per applicable guidelines of SEBI.
A102: "@ Base TER excludes additional expenses provided in Regulation 52(6A)(b) and 52(6A)(c) of SEBI (Mutual Funds) Regulations, 1996 and Goods and Services Tax (GST) on investment and advisory fees as per applicable RATE.
A103: "# Additional Expenses not exceeding 0.30% in terms of Regulation 52(6A)(b) of SEBI (Mutual Funds) Regulations, 1996
A104: "$ Additional Expenses not exceeding 0.05% in terms of Regulation 52(6A)(c) of SEBI (Mutual Funds) Regulations, 1996.
A105: " ^ Present GST rate is 18 %.
A106: Percentages mentioned above for TER are annualized
A107: Base TER of direct plan shall have a lower expense ratio excluding distribution expenses, commission, etc., and no commission shall be paid from such plans
A109: With reference to SEBI’s letter no. SEBI/HO/ IMD/ IMD-SEC-3/ P/ OW/ 2023/ 5823/ 1 dated February 24, 2023, and AMFI Circular No. CIR/ ARN-23/ 2022-23 March 07, 2023, the B-30 incentive structure for new inflows has been kept in abeyance with effect from March 01, 2023 till the incentive structure is appropriately re-instated by SEBI with necessary safeguards.
